Workbook
Name _hed3: #N/A
Name _hed3: #N/A
Name _hed3: #N/A
Name _hed4: #N/A
Name _hed4: #N/A
Name _hed4: #N/A
Name _mc1: #N/A
Name _mc1: #N/A
Name _mc1: #N/A
Name _mc2: #N/A
Name _mc2: #N/A
Name _mc2: #N/A
Name _mc3: #N/A
Name _mc3: #N/A
Name _mc3: #N/A
Name _YR0110: [12]Imp:Trade!$O$9:$R$464
Name _YR89: [12]Imp:Trade!$C$9:$C$464
Name _YR90: [12]Imp:Trade!$D$9:$D$464
Name _YR91: [12]Imp:Trade!$E$9:$E$464
Name _YR92: [12]Imp:Trade!$F$9:$F$464
Name _YR93: [12]Imp:Trade!$G$9:$G$464
Name _YR94: [12]Imp:Trade!$H$9:$H$464
Name _YR95: [13]Assump:Last!$L$13:$M$225
Name A: #REF!
Name AA: #REF!
Name aaa: #REF!
Name AAAA: #REF!
Name ab: #REF!
Name ADM: #REF!
Name ajgdebt: #REF!,#REF!
Name b: #REF!
Name bbb: #REF!
Name BCEAO: #REF!,#REF!,#REF!,#REF!,#REF!,#REF!
Name BCEAO: #REF!,#REF!,#REF!,#REF!,#REF!,#REF!
Name BCEAO: #REF!,#REF!,#REF!,#REF!,#REF!,#REF!
Name DMX_Units: #REF!
Name DMX_Units: #REF!
Name DMX_Units: #REF!
Name DMXHUB: #REF!
Name endbut: "Button 3"
Name Excel_BuiltIn_Print_Area: #REF!
Name Excel_BuiltIn_Print_Area_1_1: #REF!
Name exp: #REF!,#REF!,#REF!
Name exp: #REF!,#REF!,#REF!
Name exp: #REF!,#REF!,#REF!
Name External_debt_indicators: #REF!:#REF!
Name GENT: #REF!
Name gestion_2016: #REF!
Name hedi: #N/A
Name hedi: #N/A
Name hedi: #N/A
Name hedi1: #N/A
Name hedi1: #N/A
Name hedi1: #N/A
Name hedi5: #N/A
Name hedi5: #N/A
Name hedi5: #N/A
Name immob: #REF!
Name intarrear: #REF!
Name Macro4: #N/A

Sheet TOFE détaillé 2021
A2: TABLEAU DES OPERATIONS FINANCIERES DE L'ETAT (TOFE)
BF3: =BF127-BF145 -> 73.073845
A4: En milliards de FCFA | B4: Budget | E4: Collectif | H4: Mission FMI | I4: Project° liquide | J4: Réal. | M4: Project° liquide | N4: Réal. | Q4: Réal. Cum | T4: Project° liquide | U4: Réal. | X4: Objectif du prog | Y4: Project° liquide | Z4: Réal. Cum | AC4: Taux | AD4: Taux | AE4: Taux | AF4: Project° liquide | AG4: Réal. | AJ4: Réal. Cum | AM4: Taux | AN4: Project° liquide | AO4: Réal. | AR4: Réal. Cum | AU4: Project° liquide | AV4: Réal. | AY4: Objectif du prog | AZ4: Project° liquide | BA4: Réal. | BD4: Objectif du prog | BE4: Project° liquide | BF4: Réal. Cum | BI4: Taux | BJ4: Taux | BK4: Taux d'exécut° | BL4: Project° liquide | BM4: Réal. | BP4: Réal. Cum | BS4: Taux | BT4: Project° liquide | BU4: Réal. | BX4: Réal. Cum | CA4: Taux | CB4: Project° liquide | CC4: Réal. | CF4: Objectif du prog | CG4: Project° liquide | CH4: Réal. | CK4: Objectif du prog | CL4: Project° liquide | CM4: Réal. Cum | CP4: Taux | CQ4: Taux | CR4: Taux d'exécut° | CS4: Project° liquide | CT4: Réal. | CW4: Réal. Cum | CZ4: Project° liquide | DA4: Réal. | DD4: Réal. Cum | DG4: Project° liquide | DH4: Réal. | DK4: Objectif du prog | DL4: Project° liquide | DM4: Réal. | DP4: Objectif du prog | DQ4: Project° liquide | DR4: Réal. Cum | DU4: Taux | DV4: Taux | DW4: Taux
B5: 2021 | E5: =B5 -> 2021 | H5: Liquide | I5: 44197 | J5: =I5 -> 44197 | M5: =I5+31 -> 44228 | N5: =M5 -> 44228 | Q5: =N5 -> 44228 | T5: =M5+31 -> 44259 | U5: =T5 -> 44259 | X5: 1er trim | Y5: 1er trim | Z5: =U5 -> 44259 | AC5: d'exécut° | AD5: d'exécut° | AE5: d'exécut° FMI | AF5: =Z5+30 -> 44289 | AG5: =AF5 -> 44289 | AJ5: =AG5 -> 44289 | AM5: d'exécut° | AN5: =AJ5+30 -> 44319 | AO5: =AN5 -> 44319 | AR5: =AO5 -> 44319 | AU5: =AR5+31 -> 44350 | AV5: =AU5 -> 44350 | AY5: 2ème Trim. | AZ5: 2ème Trim. | BA5: 2ème Trim | BD5: 1er Sem. | BE5: 1er Sem. | BF5: =AV5 -> 44350 | BI5: d'exécut° | BJ5: d'exécut° | BK5: FMI | BL5: =BF5+30 -> 44380 | BM5: =BL5 -> 44380 | BP5: =BM5 -> 44380 | BS5: d'exécut° | BT5: =BP5+31 -> 44411 | BU5: =BT5 -> 44411 | BX5: =BU5 -> 44411 | CA5: d'exécut° | CB5: =BX5+31 -> 44442 | CC5: =CB5 -> 44442 | CF5: 3ème Trim | CG5: 3ème Trim | CH5: 3ème trim. | CK5: Cum fin sept | CL5: fin sept | CM5: =CC5 -> 44442 | CP5: d'exécut° | CQ5: d'exécut° | CR5: FMI | CS5: =CM5+30 -> 44472 | CT5: =CS5 -> 44472 | CW5: =CT5 -> 44472 | CZ5: =CW5+31 -> 44503 | DA5: =CZ5 -> 44503 | DD5: =DA5 -> 44503 | DG5: =DD5+30 -> 44533 | DH5: =DG5 -> 44533 | DK5: 4ème Trim | DL5: 4ème Trim | DM5: 4ème Trim | DP5: cumul. à fin déc. | DQ5: à fin déc. | DR5: =DH5 -> 44533 | DU5: d'exécut° | DV5: d'exécut° | DW5: d'exécut°
B6: Brut | C6: Elts non liquide | D6: Liquide | E6: Brut | F6: Elts non liquide | G6: Liquide | H6: 43816 | I6: Mensuel | J6: Brut | K6: Elts non liquide | L6: Liquide | M6: Mensuel | N6: Brut | O6: Elts non liquide | P6: Liquide | Q6: Brut | R6: Elts non liquide | S6: Liquide | T6: Mensuel | U6: Brut | V6: Elts non liquide | W6: Liquide | X6: =Y6 -> 2021 | Y6: =B5 -> 2021 | Z6: Brut | AA6: Elts non liquide | AB6: Liquide | AC6: du BG | AD6: 1er trimestre | AE6: 1er trim | AF6: Mensuel | AG6: Brut | AH6: Elts non liquide | AI6: Liquide | AJ6: Brut | AK6: Elts non liquide | AL6: Liquide | AM6: du BG | AN6: Mensuel | AO6: Brut | AP6: Elts non liquide | AQ6: Liquide | AR6: Brut | AS6: Elts non liquide | AT6: Liquide | AU6: Mensuel | AV6: Brut | AW6: Elts non liquide | AX6: Liquide | AY6: =B5 -> 2021 | AZ6: =AY6 -> 2021 | BA6: Brut | BB6: Elts non liquide | BC6: Liquide | BD6: =AY6 -> 2021 | BE6: =BD6 -> 2021 | BF6: Brut | BG6: Elts non liquide | BH6: Liquide | BI6: du BG | BJ6: du collectif | BK6: 1er sem | BL6: Mensuel | BM6: Brut | BN6: Elts non liquide | BO6: Liquide | BP6: Brut | BQ6: Elts non liquide | BR6: Liquide | BS6: du BG | BT6: Mensuel | BU6: Brut | BV6: Elts non liquide | BW6: Liquide | BX6: Brut | BY6: Elts non liquide | BZ6: Liquide | CA6: du BG | CB6: Mensuel | CC6: Brut | CD6: Elts non liquide | CE6: Liquide | CF6: =B5 -> 2021 | CG6: =CF6 -> 2021 | CH6: Brut | CI6: Elts non liquide | CJ6: Liquide | CK6: =CF6 -> 2021 | CL6: =CK6 -> 2021 | CM6: Brut | CN6: Elts non liquide | CO6: Liquide | CP6: du BG | CQ6: du Collect | CR6: 3ème trimestre | CS6: Mensuel | CT6: Brut | CU6: Elts non liquide | CV6: Liquide | CW6: Brut | CX6: Elts non liquide | CY6: Liquide | CZ6: Mensuel | DA6: Brut | DB6: Elts non liquide | DC6: Liquide | DD6: Brut | DE6: Elts non liquide | DF6: Liquide | DG6: Mensuel | DH6: Brut | DI6: Elts non liquide | DJ6: Liquide | DK6: =CK6 -> 2021 | DL6: =DK6 -> 2021 | DM6: Brut | DN6: Elts non liquide | DO6: Liquide | DP6: =DK6 -> 2021 | DQ6: =DP6 -> 2021 | DR6: Brut | DS6: Elts non liquide | DT6: Liquide | DU6: du BG | DV6: du Collectif | DW6: Prog FMI
A7: TABLEAU 1: RECETTES DE L'ETAT
A8: RECETTES FISCALES (OTR) | B8: =+B9+B31 -> 644.636 | C8: =+C9+C31 -> 67.300421 | D8: =+D9+D31 -> 577.33558 | E8: =+E9+E31 -> 644.636 | F8: =+F9+F31 -> 67.300421 | G8: =+G9+G31 -> 577.33558 | H8: =+H9+H31 -> 602.59441 | I8: =+I9+I31 -> 54.116355 | ... AB8: =+AB9+AB31 -> 145.97035 | AC8: =AB8/D8 -> 0.2528345 | AD8: =Z8/Y8 -> 1.4350951 | AE8: =AB8/H8 -> 0.24223649 | AF8: =+AF9+AF31 -> 48.034048 | AG8: =+AG9+AG31 -> 61.714024 | AH8: =+AH9+AH31 -> 8.9491708 | AI8: =+AI9+AI31 -> 52.764854 | AJ8: =+AJ9+AJ31 -> 232.29293 | AK8: =+AK9+AK31 -> 33.55772 | AL8: =+AL9+AL31 -> 198.73521 | AM8: =AL8/D8 -> 0.34422823 | AN8: =+AN9+AN31 -> 40.675814 | AO8: =+AO9+AO31 -> 66.142079 | AP8: =+AP9+AP31 -> 8.6483877 | AQ8: =+AQ9+AQ31 -> 57.493691 | AR8: =+AR9+AR31 -> 298.43501 | AS8: =+AS9+AS31 -> 42.206107 | AT8: =+AT9+AT31 -> 256.2289 | AU8: =+AU9+AU31 -> 25.014236 | ... BH8: =+BH9+BH31 -> 310.08595 | BI8: =BH8/D8 -> 0.53709829 | BJ8: =BF8/E8 -> 0.5667553 | BK8: =BH8/BD8 -> #DIV/0! | BL8: =+BL9+BL31 -> 0 | BM8: =+BM9+BM31 -> 0 | BN8: =+BN9+BN31 -> 0 | BO8: =+BO9+BO31 -> 0 | BP8: =+BP9+BP31 -> 365.35087 | BQ8: =+BQ9+BQ31 -> 55.264916 | BR8: =+BR9+BR31 -> 310.08595 | BS8: =BP8/B8 -> 0.5667553 | BT8: =+BT9+BT31 -> 0 | BU8: =+BU9+BU31 -> 0 | BV8: =+BV9+BV31 -> 0 | BW8: =+BW9+BW31 -> 0 | BX8: =+BX9+BX31 -> 365.35087 | BY8: =+BY9+BY31 -> 55.264916 | BZ8: =+BZ9+BZ31 -> 310.08595 | CA8: =BX8/B8 -> 0.5667553 | CB8: =+CB9+CB31 -> 0 | CC8: =+CC9+CC31 -> 0 | CD8: =+CD9+CD31 -> 0 | CE8: =+CE9+CE31 -> 0 | CF8: =+CF9+CF31 -> 0 | CG8: =+CG9+CG31 -> 0 | CH8: =+CH9+CH31 -> 0 | CI8: =+CI9+CI31 -> 0 | ... CO8: =+CO9+CO31 -> 310.08595 | CP8: =CM8/B8 -> 0.5667553 | CQ8: =CM8/E8 -> 0.5667553 | CR8: =CO8/CK8 -> #DIV/0! | CS8: =+CS9+CS31 -> 0 | CT8: =+CT9+CT31 -> 0 | CU8: =+CU9+CU31 -> 0 | CV8: =+CV9+CV31 -> 0 | CW8: =+CW9+CW31 -> 365.35087 | CX8: =+CX9+CX31 -> 55.264916 | CY8: =+CY9+CY31 -> 310.08595 | CZ8: =+CZ9+CZ31 -> 0 | ... DT8: =+DT9+DT31 -> 310.08595 | DU8: =DR8/B8 -> 0.5667553 | DV8: =DR8/E8 -> 0.5667553 | DW8: =DT8/H8 -> 0.51458484
A9: COMMISSARIAT DES IMPÔTS (CI) | B9: =+B10+B19+B26 -> 331.6226 | C9: =+C10+C19+C26 -> 15.731478 | D9: =+D10+D19+D26 -> 315.89112 | E9: =+E10+E19+E26 -> 331.6226 | F9: =+F10+F19+F26 -> 15.731478 | G9: =+G10+G19+G26 -> 315.89112 | H9: =+H10+H19+H26 -> 344.90221 | I9: =+I10+I19+I26 -> 30.533406 | ... AB9: =+AB10+AB19+AB26 -> 78.39263 | AC9: =AB9/D9 -> 0.24816345 | AD9: =Z9/Y9 -> 1.1118315 | AE9: =AB9/H9 -> 0.22728944 | AF9: =+AF10+AF19+AF26 -> 26.830197 | AG9: =+AG10+AG19+AG26 -> 33.242126 | AH9: =+AH10+AH19+AH26 -> 1.7080216 | AI9: =+AI10+AI19+AI26 -> 31.534105 | AJ9: =+AJ10+AJ19+AJ26 -> 114.1472 | AK9: =+AK10+AK19+AK26 -> 4.2204605 | AL9: =+AL10+AL19+AL26 -> 109.92674 | AM9: =AL9/D9 -> 0.34798931 | AN9: =+AN10+AN19+AN26 -> 15.606034 | AO9: =+AO10+AO19+AO26 -> 36.204314 | AP9: =+AP10+AP19+AP26 -> 0.6926031 | AQ9: =+AQ10+AQ19+AQ26 -> 35.511711 | AR9: =+AR10+AR19+AR26 -> 150.35151 | AS9: =+AS10+AS19+AS26 -> 4.9130636 | AT9: =+AT10+AT19+AT26 -> 145.43845 | AU9: =+AU10+AU19+AU26 -> 25.014236 | ... BH9: =+BH10+BH19+BH26 -> 175.49421 | BI9: =BH9/D9 -> 0.55555285 | BJ9: =BF9/E9 -> 0.54881794 | BK9: =BH9/BD9 -> #DIV/0! | BL9: =+BL10+BL19+BL26 -> 0 | BM9: =+BM10+BM19+BM26 -> 0 | BN9: =+BN10+BN19+BN26 -> 0 | BO9: =+BO10+BO19+BO26 -> 0 | BP9: =+BP10+BP19+BP26 -> 182.00043 | BQ9: =+BQ10+BQ19+BQ26 -> 6.5062212 | BR9: =+BR10+BR19+BR26 -> 175.49421 | BS9: =BP9/B9 -> 0.54881794 | BT9: =+BT10+BT19+BT26 -> 0 | BU9: =+BU10+BU19+BU26 -> 0 | BV9: =+BV10+BV19+BV26 -> 0 | BW9: =+BW10+BW19+BW26 -> 0 | BX9: =+BX10+BX19+BX26 -> 182.00043 | BY9: =+BY10+BY19+BY26 -> 6.5062212 | BZ9: =+BZ10+BZ19+BZ26 -> 175.49421 | CA9: =BX9/B9 -> 0.54881794 | CB9: =+CB10+CB19+CB26 -> 0 | CC9: =+CC10+CC19+CC26 -> 0 | CD9: =+CD10+CD19+CD26 -> 0 | CE9: =+CE10+CE19+CE26 -> 0 | CF9: =+CF10+CF19+CF26 -> 0 | CG9: =+CG10+CG19+CG26 -> 0 | CH9: =+CH10+CH19+CH26 -> 0 | CI9: =+CI10+CI19+CI26 -> 0 | ... CO9: =+CO10+CO19+CO26 -> 175.49421 | CP9: =CM9/B9 -> 0.54881794 | CQ9: =CM9/E9 -> 0.54881794 | CR9: =CO9/CK9 -> #DIV/0! | CS9: =+CS10+CS19+CS26 -> 0 | CT9: =+CT10+CT19+CT26 -> 0 | CU9: =+CU10+CU19+CU26 -> 0 | CV9: =+CV10+CV19+CV26 -> 0 | CW9: =+CW10+CW19+CW26 -> 182.00043 | CX9: =+CX10+CX19+CX26 -> 6.5062212 | CY9: =+CY10+CY19+CY26 -> 175.49421 | CZ9: =+CZ10+CZ19+CZ26 -> 0 | ... DT9: =+DT10+DT19+DT26 -> 175.49421 | DU9: =DR9/B9 -> 0.54881794 | DV9: =DR9/E9 -> 0.54881794 | DW9: =DT9/H9 -> 0.50882311
A10: CONTRIBUTIONS DIRECTES | B10: =SUM(B11:B18) -> 137.26286 | C10: =SUM(C11:C18) -> 5.243826 | D10: =SUM(D11:D18) -> 132.01904 | E10: =SUM(E11:E18) -> 137.26286 | F10: =SUM(F11:F18) -> 5.243826 | G10: =SUM(G11:G18) -> 132.01904 | H10: =SUM(H11:H18) -> 328.83259 | I10: =SUM(I11:I18) -> 14.463788 | ... AB10: =SUM(AB11:AB18) -> 31.637761 | AC10: =AB10/D10 -> 0.23964544 | AD10: =Z10/Y10 -> 1.1593809 | AE10: =AB10/H10 -> 0.096212364 | AF10: =SUM(AF11:AF18) -> 10.220023 | AG10: =SUM(AG11:AG18) -> 13.899977 | AH10: =SUM(AH11:AH18) -> 0.2006749 | AI10: =SUM(AI11:AI18) -> 13.699302 | AJ10: =SUM(AJ11:AJ18) -> 46.173116 | AK10: =SUM(AK11:AK18) -> 0.83605325 | AL10: =SUM(AL11:AL18) -> 45.337063 | AM10: =AL10/D10 -> 0.34341307 | AN10: =SUM(AN11:AN18) -> 0.873241 | AO10: =SUM(AO11:AO18) -> 19.846155 | AP10: =SUM(AP11:AP18) -> 0.24864942 | AQ10: =SUM(AQ11:AQ18) -> 19.597506 | AR10: =SUM(AR11:AR18) -> 66.019271 | AS10: =SUM(AS11:AS18) -> 1.0847027 | AT10: =SUM(AT11:AT18) -> 64.934569 | AU10: =SUM(AU11:AU18) -> 10.743047 | ... BH10: =SUM(BH11:BH18) -> 77.506555 | BI10: =BH10/D10 -> 0.58708621 | BJ10: =BF10/E10 -> 0.57490181 | BK10: =BH10/BD10 -> #DIV/0! | BL10: =SUM(BL11:BL18) -> 0 | BM10: =SUM(BM11:BM18) -> 0 | BN10: =SUM(BN11:BN18) -> 0 | BO10: =SUM(BO11:BO18) -> 0 | BP10: =SUM(BP11:BP18) -> 78.912668 | BQ10: =SUM(BQ11:BQ18) -> 1.4061129 | BR10: =SUM(BR11:BR18) -> 77.506555 | BS10: =BP10/B10 -> 0.57490181 | BT10: =SUM(BT11:BT18) -> 0 | BU10: =SUM(BU11:BU18) -> 0 | BV10: =SUM(BV11:BV18) -> 0 | BW10: =SUM(BW11:BW18) -> 0 | BX10: =SUM(BX11:BX18) -> 78.912668 | BY10: =SUM(BY11:BY18) -> 1.4061129 | BZ10: =SUM(BZ11:BZ18) -> 77.506555 | CA10: =BX10/B10 -> 0.57490181 | CB10: =SUM(CB11:CB18) -> 0 | CC10: =SUM(CC11:CC18) -> 0 | CD10: =SUM(CD11:CD18) -> 0 | CE10: =SUM(CE11:CE18) -> 0 | CF10: =SUM(CF11:CF18) -> 0 | CG10: =SUM(CG11:CG18) -> 0 | CH10: =SUM(CH11:CH18) -> 0 | CI10: =SUM(CI11:CI18) -> 0 | ... CO10: =SUM(CO11:CO18) -> 77.506555 | CP10: =CM10/B10 -> 0.57490181 | CQ10: =CM10/E10 -> 0.57490181 | CR10: =CO10/CK10 -> #DIV/0! | CS10: =SUM(CS11:CS18) -> 0 | CT10: =SUM(CT11:CT18) -> 0 | CU10: =SUM(CU11:CU18) -> 0 | CV10: =SUM(CV11:CV18) -> 0 | CW10: =SUM(CW11:CW18) -> 78.912668 | CX10: =SUM(CX11:CX18) -> 1.4061129 | CY10: =SUM(CY11:CY18) -> 77.506555 | CZ10: =SUM(CZ11:CZ18) -> 0 | ... DT10: =SUM(DT11:DT18) -> 77.506555 | DU10: =DR10/B10 -> 0.57490181 | DV10: =DR10/E10 -> 0.57490181 | DW10: =DT10/H10 -> 0.23570217
A11: Impôts sur les revenus, les bénéfices et gains en capitaux | B11: ='[1]Recettes intérieures'!B9 -> 46.135584 | D11: =B11-C11 -> 46.135584 | E11: ='[1]Recettes intérieures'!C9 -> 46.135584 | G11: =E11-F11 -> 46.135584 | H11: ='[1]Recettes intérieures'!D9 -> 4.0371682 | I11: ='[1]Recettes intérieures'!D9 -> 4.0371682 | J11: ='[1]Recettes intérieures'!G9 -> 5.7323189 | K11: ='[1]Recettes intérieures'!F9 -> 0 | L11: =J11-K11 -> 5.7323189 | M11: ='[1]Recettes intérieures'!H9 -> 3.6503036 | N11: ='[1]Recettes intérieures'!K9 -> 3.5715505 | O11: ='[1]Recettes intérieures'!J9 -> 0 | P11: =N11-O11 -> 3.5715505 | Q11: =J11+N11 -> 9.3038693 | R11: =K11+O11 -> 0 | S11: =Q11-R11 -> 9.3038693 | T11: ='[1]Recettes intérieures'!L9 -> 3.296359 | U11: ='[1]Recettes intérieures'!O9 -> 3.6734045 | V11: ='[1]Recettes intérieures'!N9 -> 0 | W11: =U11-V11 -> 3.6734045 | Y11: =I11+M11+T11 -> 10.983831 | Z11: =Q11+U11 -> 12.977274 | AA11: =R11+V11 -> 0 | AB11: =Z11-AA11 -> 12.977274 | AC11: =AB11/D11 -> 0.28128557 | AD11: =Z11/Y11 -> 1.1814889 | AE11: =AB11/H11 -> 3.2144496 | AF11: ='[1]Recettes intérieures'!P9 -> 3.430056 | AG11: ='[1]Recettes intérieures'!S9 -> 4.2929802 | AH11: ='[1]Recettes intérieures'!R9 -> 0 | AI11: =AG11-AH11 -> 4.2929802 | AJ11: =+Z11+AG11 -> 17.270254 | AK11: =+AA11+AH11 -> 0 | AL11: =AJ11-AK11 -> 17.270254 | AM11: =AL11/D11 -> 0.37433695 | AN11: ='[1]Recettes intérieures'!T9 -> 0.787552 | AO11: ='[1]Recettes intérieures'!W9 -> 4.3196386 | AP11: ='[1]Recettes intérieures'!V9 -> 0 | AQ11: =AO11-AP11 -> 4.3196386 | AR11: =AJ11+AO11 -> 21.589893 | AS11: =AK11+AP11 -> 0 | AT11: =AR11-AS11 -> 21.589893 | AU11: ='[1]Recettes intérieures'!X9 -> 5.178535 | AV11: ='[1]Recettes intérieures'!AA9 -> 6.8735766 | AW11: ='[1]Recettes intérieures'!Z9 -> 0 | AX11: =AV11-AW11 -> 6.8735766 | AZ11: =AF11+AN11+AU11 -> 9.396143 | BA11: =AV11+AO11+AG11 -> 15.486195 | BB11: =AW11+AP11+AH11 -> 0 | BC11: =BA11-BB11 -> 15.486195 | BD11: =AY11+X11 -> 0 | BE11: =AZ11+Y11 -> 20.379974 | BF11: =BA11+Z11 -> 28.463469 | BG11: =BB11+AA11 -> 0 | BH11: =BC11+AB11 -> 28.463469 | BI11: =BH11/D11 -> 0.61695261 | BJ11: =BF11/E11 -> 0.61695261 | BK11: =BH11/BD11 -> #DIV/0! | BL11: ='[1]Recettes intérieures'!AB9 -> 0 | BM11: ='[1]Recettes intérieures'!AE9 -> 0 | BN11: ='[1]Recettes intérieures'!AD9 -> 0 | BO11: =BM11-BN11 -> 0 | BP11: =BF11+BM11 -> 28.463469 | BQ11: =BG11+BN11 -> 0 | BR11: =BP11-BQ11 -> 28.463469 | BS11: =BP11/B11 -> 0.61695261 | BT11: ='[1]Recettes intérieures'!AF9 -> 0 | BU11: ='[1]Recettes intérieures'!AI9 -> 0 | BV11: ='[1]Recettes intérieures'!AH9 -> 0 | BW11: =BU11-BV11 -> 0 | BX11: =BP11+BU11 -> 28.463469 | BY11: =BQ11+BV11 -> 0 | BZ11: =BX11-BY11 -> 28.463469 | CA11: =BX11/B11 -> 0.61695261 | CB11: ='[1]Recettes intérieures'!AJ9 -> 0 | CC11: ='[1]Recettes intérieures'!AM9 -> 0 | CD11: ='[1]Recettes intérieures'!AL9 -> 0 | CE11: =CC11-CD11 -> 0 | CG11: =CB11+BT11+BL11 -> 0 | CH11: =BM11+BU11+CC11 -> 0 | CI11: =BN11+BV11+CD11 -> 0 | CJ11: =CH11-CI11 -> 0 | CL11: =CG11+BE11 -> 20.379974 | CM11: =BX11+CC11 -> 28.463469 | CN11: =BY11+CD11 -> 0 | CO11: =CM11-CN11 -> 28.463469 | CP11: =CM11/B11 -> 0.61695261 | CQ11: =CM11/E11 -> 0.61695261 | CR11: =CO11/CK11 -> #DIV/0! | CS11: ='[1]Recettes intérieures'!AN9 -> 0 | CT11: ='[1]Recettes intérieures'!AQ9 -> 0 | CU11: ='[1]Recettes intérieures'!AP9 -> 0 | CV11: =CT11-CU11 -> 0 | CW11: =CM11+CT11 -> 28.463469 | CX11: =CN11+CU11 -> 0 | CY11: =CW11-CX11 -> 28.463469 | CZ11: ='[1]Recettes intérieures'!AR9 -> 0 | DA11: ='[1]Recettes intérieures'!AU9 -> 0 | DB11: ='[1]Recettes intérieures'!AT9 -> 0 | DC11: =DA11-DB11 -> 0 | DD11: =CW11+DA11 -> 28.463469 | DE11: =CX11+DB11 -> 0 | DF11: =DD11-DE11 -> 28.463469 | DG11: ='[1]Recettes intérieures'!AV9 -> 0 | DH11: ='[1]Recettes intérieures'!AY9 -> 0 | DI11: ='[1]Recettes intérieures'!AX9 -> 0 | DJ11: =DH11-DI11 -> 0 | DL11: =DG11+CZ11+CS11 -> 0 | DM11: =DH11+DA11+CT11 -> 0 | DN11: =DI11+DB11+CU11 -> 0 | DO11: =DM11-DN11 -> 0 | DP11: =DK11+CK11 -> 0 | DQ11: =DL11+CL11 -> 20.379974 | DR11: =DD11+DH11 -> 28.463469 | DS11: =DE11+DI11 -> 0 | DT11: =DR11-DS11 -> 28.463469 | DU11: =DR11/B11 -> 0.61695261 | DV11: =DR11/E11 -> 0.61695261 | DW11: =DT11/H11 -> 7.050355
A12: Impôts sur les Sociétés | B12: ='[1]Recettes intérieures'!B10 -> 85.747525 | C12: =1/3*'[1]CI (Ex-DGI)'!B56 -> 5.243826 | D12: =B12-C12 -> 80.503699 | E12: ='[1]Recettes intérieures'!C10 -> 85.747525 | F12: =1/3*'[1]CI (Ex-DGI)'!C56 -> 5.243826 | G12: =E12-F12 -> 80.503699 | H12: ='[1]Recettes intérieures'!D10 -> 9.9419077 | I12: ='[1]Recettes intérieures'!D10 -> 9.9419077 | J12: ='[1]Recettes intérieures'!G10 -> 10.710982 | K12: ='[1]Recettes intérieures'!F10 -> 0.22365996 | L12: =J12-K12 -> 10.487322 | M12: ='[1]Recettes intérieures'!H10 -> 4.4812644 | N12: ='[1]Recettes intérieures'!K10 -> 4.9589395 | O12: ='[1]Recettes intérieures'!J10 -> 0.22026291 | P12: =N12-O12 -> 4.7386766 | Q12: =J12+N12 -> 15.669921 | R12: =K12+O12 -> 0.44392286 | S12: =Q12-R12 -> 15.225999 | T12: ='[1]Recettes intérieures'!L10 -> 1.342044 | U12: ='[1]Recettes intérieures'!O10 -> 1.4433782 | V12: ='[1]Recettes intérieures'!N10 -> 0.19145548 | W12: =U12-V12 -> 1.2519227 | Y12: =I12+M12+T12 -> 15.765216 | Z12: =Q12+U12 -> 17.1133 | AA12: =R12+V12 -> 0.63537835 | AB12: =Z12-AA12 -> 16.477921 | AC12: =AB12/D12 -> 0.20468527 | AD12: =Z12/Y12 -> 1.08551 | AE12: =AB12/H12 -> 1.6574205 | AF12: ='[1]Recettes intérieures'!P10 -> 6.432903 | AG12: ='[1]Recettes intérieures'!S10 -> 9.1937121 | AH12: ='[1]Recettes intérieures'!R10 -> 0.2006749 | AI12: =AG12-AH12 -> 8.9930372 | AJ12: =+Z12+AG12 -> 26.307012 | AK12: =+AA12+AH12 -> 0.83605325 | AL12: =AJ12-AK12 -> 25.470958 | AM12: =AL12/D12 -> 0.31639488 | AN12: ='[1]Recettes intérieures'!T10 -> 0 | AO12: ='[1]Recettes intérieures'!W10 -> 14.190475 | AP12: ='[1]Recettes intérieures'!V10 -> 0.24864942 | AQ12: =AO12-AP12 -> 13.941826 | AR12: =AJ12+AO12 -> 40.497487 | AS12: =AK12+AP12 -> 1.0847027 | AT12: =AR12-AS12 -> 39.412784 | AU12: ='[1]Recettes intérieures'!X10 -> 5.135513 | AV12: ='[1]Recettes intérieures'!AA10 -> 5.3988398 | AW12: ='[1]Recettes intérieures'!Z10 -> 0.32141028 | AX12: =AV12-AW12 -> 5.0774295 | AZ12: =AF12+AN12+AU12 -> 11.568416 | BA12: =AV12+AO12+AG12 -> 28.783027 | BB12: =AW12+AP12+AH12 -> 0.7707346 | BC12: =BA12-BB12 -> 28.012292 | BD12: =AY12+X12 -> 0 | BE12: =AZ12+Y12 -> 27.333632 | BF12: =BA12+Z12 -> 45.896326 | BG12: =BB12+AA12 -> 1.4061129 | BH12: =BC12+AB12 -> 44.490214 | BI12: =BH12/D12 -> 0.55264807 | BJ12: =BF12/E12 -> 0.53524958 | BK12: =BH12/BD12 -> #DIV/0! | BL12: ='[1]Recettes intérieures'!AB10 -> 0 | BM12: ='[1]Recettes intérieures'!AE10 -> 0 | BN12: ='[1]Recettes intérieures'!AD10 -> 0 | BO12: =BM12-BN12 -> 0 | BP12: =BF12+BM12 -> 45.896326 | BQ12: =BG12+BN12 -> 1.4061129 | BR12: =BP12-BQ12 -> 44.490214 | BS12: =BP12/B12 -> 0.53524958 | BT12: ='[1]Recettes intérieures'!AF10 -> 0 | BU12: ='[1]Recettes intérieures'!AI10 -> 0 | BV12: ='[1]Recettes intérieures'!AH10 -> 0 | BW12: =BU12-BV12 -> 0 | BX12: =BP12+BU12 -> 45.896326 | BY12: =BQ12+BV12 -> 1.4061129 | BZ12: =BX12-BY12 -> 44.490214 | CA12: =BX12/B12 -> 0.53524958 | CB12: ='[1]Recettes intérieures'!AJ10 -> 0 | CC12: ='[1]Recettes intérieures'!AM10 -> 0 | CD12: ='[1]Recettes intérieures'!AL10 -> 0 | CE12: =CC12-CD12 -> 0 | CG12: =CB12+BT12+BL12 -> 0 | CH12: =BM12+BU12+CC12 -> 0 | CI12: =BN12+BV12+CD12 -> 0 | CJ12: =CH12-CI12 -> 0 | CL12: =CG12+BE12 -> 27.333632 | CM12: =BX12+CC12 -> 45.896326 | CN12: =BY12+CD12 -> 1.4061129 | CO12: =CM12-CN12 -> 44.490214 | CP12: =CM12/B12 -> 0.53524958 | CQ12: =CM12/E12 -> 0.53524958 | CR12: =CO12/CK12 -> #DIV/0! | CS12: ='[1]Recettes intérieures'!AN10 -> 0 | CT12: ='[1]Recettes intérieures'!AQ10 -> 0 | CU12: ='[1]Recettes intérieures'!AP10 -> 0 | CV12: =CT12-CU12 -> 0 | CW12: =CM12+CT12 -> 45.896326 | CX12: =CN12+CU12 -> 1.4061129 | CY12: =CW12-CX12 -> 44.490214 | CZ12: ='[1]Recettes intérieures'!AR10 -> 0 | DA12: ='[1]Recettes intérieures'!AU10 -> 0 | DB12: ='[1]Recettes intérieures'!AT10 -> 0 | DC12: =DA12-DB12 -> 0 | DD12: =CW12+DA12 -> 45.896326 | DE12: =CX12+DB12 -> 1.4061129 | DF12: =DD12-DE12 -> 44.490214 | DG12: ='[1]Recettes intérieures'!AV10 -> 0 | DH12: ='[1]Recettes intérieures'!AY10 -> 0 | DI12: ='[1]Recettes intérieures'!AX10 -> 0 | DJ12: =DH12-DI12 -> 0 | DL12: =DG12+CZ12+CS12 -> 0 | DM12: =DH12+DA12+CT12 -> 0 | DN12: =DI12+DB12+CU12 -> 0 | DO12: =DM12-DN12 -> 0 | DP12: =DK12+CK12 -> 0 | DQ12: =DL12+CL12 -> 27.333632 | DR12: =DD12+DH12 -> 45.896326 | DS12: =DE12+DI12 -> 1.4061129 | DT12: =DR12-DS12 -> 44.490214 | DU12: =DR12/B12 -> 0.53524958 | DV12: =DR12/E12 -> 0.53524958 | DW12: =DT12/H12 -> 4.4750177
A13: Taxes sur les salaires versés et autres rémunérations | B13: ='[1]Recettes intérieures'!B11 -> 0.064798 | D13: =B13-C13 -> 0.064798 | E13: ='[1]Recettes intérieures'!C11 -> 0.064798 | G13: =E13-F13 -> 0.064798 | H13: ='[1]Recettes intérieures'!D11 -> 0.006758 | I13: ='[1]Recettes intérieures'!D11 -> 0.006758 | J13: ='[1]Recettes intérieures'!G11 -> 0.034493514 | K13: ='[1]Recettes intérieures'!F11 -> 0 | L13: =J13-K13 -> 0.034493514 | M13: ='[1]Recettes intérieures'!H11 -> 0.005804 | N13: ='[1]Recettes intérieures'!K11 -> 0.031513107 | O13: ='[1]Recettes intérieures'!J11 -> 0 | P13: =N13-O13 -> 0.031513107 | Q13: =J13+N13 -> 0.066006621 | R13: =K13+O13 -> 0 | S13: =Q13-R13 -> 0.066006621 | T13: ='[1]Recettes intérieures'!L11 -> 0.006157 | U13: ='[1]Recettes intérieures'!O11 -> 0.027995788 | V13: ='[1]Recettes intérieures'!N11 -> 0 | W13: =U13-V13 -> 0.027995788 | Y13: =I13+M13+T13 -> 0.018719 | Z13: =Q13+U13 -> 0.094002409 | AA13: =R13+V13 -> 0 | AB13: =Z13-AA13 -> 0.094002409 | AC13: =AB13/D13 -> 1.4506992 | AD13: =Z13/Y13 -> 5.0217645 | AE13: =AB13/H13 -> 13.909797 | AF13: ='[1]Recettes intérieures'!P11 -> 0.004267 | AG13: ='[1]Recettes intérieures'!S11 -> 0.042899696 | AH13: ='[1]Recettes intérieures'!R11 -> 0 | AI13: =AG13-AH13 -> 0.042899696 | AJ13: =+Z13+AG13 -> 0.1369021 | AK13: =+AA13+AH13 -> 0 | AL13: =AJ13-AK13 -> 0.1369021 | AM13: =AL13/D13 -> 2.112752 | AN13: ='[1]Recettes intérieures'!T11 -> 0 | AO13: ='[1]Recettes intérieures'!W11 -> 0.056391151 | AP13: ='[1]Recettes intérieures'!V11 -> 0 | AQ13: =AO13-AP13 -> 0.056391151 | AR13: =AJ13+AO13 -> 0.19329326 | AS13: =AK13+AP13 -> 0 | AT13: =AR13-AS13 -> 0.19329326 | AU13: ='[1]Recettes intérieures'!X11 -> 0.004538 | AV13: ='[1]Recettes intérieures'!AA11 -> 0.022882803 | AW13: ='[1]Recettes intérieures'!Z11 -> 0 | AX13: =AV13-AW13 -> 0.022882803 | AZ13: =AF13+AN13+AU13 -> 0.008805 | BA13: =AV13+AO13+AG13 -> 0.12217365 | BB13: =AW13+AP13+AH13 -> 0 | BC13: =BA13-BB13 -> 0.12217365 | BD13: =AY13+X13 -> 0 | BE13: =AZ13+Y13 -> 0.027524 | BF13: =BA13+Z13 -> 0.21617606 | BG13: =BB13+AA13 -> 0 | BH13: =BC13+AB13 -> 0.21617606 | BI13: =BH13/D13 -> 3.3361533 | BJ13: =BF13/E13 -> 3.3361533 | BK13: =BH13/BD13 -> #DIV/0! | BL13: ='[1]Recettes intérieures'!AB11 -> 0 | BM13: ='[1]Recettes intérieures'!AE11 -> 0 | BN13: ='[1]Recettes intérieures'!AD11 -> 0 | BO13: =BM13-BN13 -> 0 | BP13: =BF13+BM13 -> 0.21617606 | BQ13: =BG13+BN13 -> 0 | BR13: =BP13-BQ13 -> 0.21617606 | BS13: =BP13/B13 -> 3.3361533 | BT13: ='[1]Recettes intérieures'!AF11 -> 0 | BU13: ='[1]Recettes intérieures'!AI11 -> 0 | BV13: ='[1]Recettes intérieures'!AH11 -> 0 | BW13: =BU13-BV13 -> 0 | BX13: =BP13+BU13 -> 0.21617606 | BY13: =BQ13+BV13 -> 0 | BZ13: =BX13-BY13 -> 0.21617606 | CA13: =BX13/B13 -> 3.3361533 | CB13: ='[1]Recettes intérieures'!AJ11 -> 0 | CC13: ='[1]Recettes intérieures'!AM11 -> 0 | CD13: ='[1]Recettes intérieures'!AL11 -> 0 | CE13: =CC13-CD13 -> 0 | CG13: =CB13+BT13+BL13 -> 0 | CH13: =BM13+BU13+CC13 -> 0 | CI13: =BN13+BV13+CD13 -> 0 | CJ13: =CH13-CI13 -> 0 | CL13: =CG13+BE13 -> 0.027524 | CM13: =BX13+CC13 -> 0.21617606 | CN13: =BY13+CD13 -> 0 | CO13: =CM13-CN13 -> 0.21617606 | CP13: =CM13/B13 -> 3.3361533 | CQ13: =CM13/E13 -> 3.3361533 | CR13: =CO13/CK13 -> #DIV/0! | CS13: ='[1]Recettes intérieures'!AN11 -> 0 | CT13: ='[1]Recettes intérieures'!AQ11 -> 0 | CU13: ='[1]Recettes intérieures'!AP11 -> 0 | CV13: =CT13-CU13 -> 0 | CW13: =CM13+CT13 -> 0.21617606 | CX13: =CN13+CU13 -> 0 | CY13: =CW13-CX13 -> 0.21617606 | CZ13: ='[1]Recettes intérieures'!AR11 -> 0 | DA13: ='[1]Recettes intérieures'!AU11 -> 0 | DB13: ='[1]Recettes intérieures'!AT11 -> 0 | DC13: =DA13-DB13 -> 0 | DD13: =CW13+DA13 -> 0.21617606 | DE13: =CX13+DB13 -> 0 | DF13: =DD13-DE13 -> 0.21617606 | DG13: ='[1]Recettes intérieures'!AV11 -> 0 | DH13: ='[1]Recettes intérieures'!AY11 -> 0 | DI13: ='[1]Recettes intérieures'!AX11 -> 0 | DJ13: =DH13-DI13 -> 0 | DL13: =DG13+CZ13+CS13 -> 0 | DM13: =DH13+DA13+CT13 -> 0 | DN13: =DI13+DB13+CU13 -> 0 | DO13: =DM13-DN13 -> 0 | DP13: =DK13+CK13 -> 0 | DQ13: =DL13+CL13 -> 0.027524 | DR13: =DD13+DH13 -> 0.21617606 | DS13: =DE13+DI13 -> 0 | DT13: =DR13-DS13 -> 0.21617606 | DU13: =DR13/B13 -> 3.3361533 | DV13: =DR13/E13 -> 3.3361533 | DW13: =DT13/H13 -> 31.988171
A14: Taxes sur véhicules | B14: ='[1]Recettes intérieures'!B12 -> 1.025116 | D14: =B14-C14 -> 1.025116 | E14: ='[1]Recettes intérieures'!C12 -> 1.025116 | G14: =E14-F14 -> 1.025116 | H14: ='[1]Recettes intérieures'!D12 -> 0.011196 | I14: ='[1]Recettes intérieures'!D12 -> 0.011196 | J14: ='[1]Recettes intérieures'!G12 -> 0.013491507 | K14: ='[1]Recettes intérieures'!F12 -> 0 | L14: =J14-K14 -> 0.013491507 | M14: ='[1]Recettes intérieures'!H12 -> 0.01107 | N14: ='[1]Recettes intérieures'!K12 -> 0.011096855 | O14: ='[1]Recettes intérieures'!J12 -> 0 | P14: =N14-O14 -> 0.011096855 | Q14: =J14+N14 -> 0.024588362 | R14: =K14+O14 -> 0 | S14: =Q14-R14 -> 0.024588362 | T14: ='[1]Recettes intérieures'!L12 -> 0.010817 | U14: ='[1]Recettes intérieures'!O12 -> 0.024748445 | V14: ='[1]Recettes intérieures'!N12 -> 0 | W14: =U14-V14 -> 0.024748445 | Y14: =I14+M14+T14 -> 0.033083 | Z14: =Q14+U14 -> 0.049336807 | AA14: =R14+V14 -> 0 | AB14: =Z14-AA14 -> 0.049336807 | AC14: =AB14/D14 -> 0.048128024 | AD14: =Z14/Y14 -> 1.4913039 | AE14: =AB14/H14 -> 4.4066459 | AF14: ='[1]Recettes intérieures'!P12 -> 0.00902 | AG14: ='[1]Recettes intérieures'!S12 -> 0.026897827 | AH14: ='[1]Recettes intérieures'!R12 -> 0 | AI14: =AG14-AH14 -> 0.026897827 | AJ14: =+Z14+AG14 -> 0.076234634 | AK14: =+AA14+AH14 -> 0 | AL14: =AJ14-AK14 -> 0.076234634 | AM14: =AL14/D14 -> 0.074366837 | AN14: ='[1]Recettes intérieures'!T12 -> 0.00902 | AO14: ='[1]Recettes intérieures'!W12 -> 0.036359754 | AP14: ='[1]Recettes intérieures'!V12 -> 0 | AQ14: =AO14-AP14 -> 0.036359754 | AR14: =AJ14+AO14 -> 0.11259439 | AS14: =AK14+AP14 -> 0 | AT14: =AR14-AS14 -> 0.11259439 | AU14: ='[1]Recettes intérieures'!X12 -> 0.008683 | AV14: ='[1]Recettes intérieures'!AA12 -> 0.025098643 | AW14: ='[1]Recettes intérieures'!Z12 -> 0 | AX14: =AV14-AW14 -> 0.025098643 | AZ14: =AF14+AN14+AU14 -> 0.026723 | BA14: =AV14+AO14+AG14 -> 0.088356224 | BB14: =AW14+AP14+AH14 -> 0 | BC14: =BA14-BB14 -> 0.088356224 | BD14: =AY14+X14 -> 0 | BE14: =AZ14+Y14 -> 0.059806 | BF14: =BA14+Z14 -> 0.13769303 | BG14: =BB14+AA14 -> 0 | BH14: =BC14+AB14 -> 0.13769303 | BI14: =BH14/D14 -> 0.13431946 | BJ14: =BF14/E14 -> 0.13431946 | BK14: =BH14/BD14 -> #DIV/0! | BL14: ='[1]Recettes intérieures'!AB12 -> 0 | BM14: ='[1]Recettes intérieures'!AE12 -> 0 | BN14: ='[1]Recettes intérieures'!AD12 -> 0 | BO14: =BM14-BN14 -> 0 | BP14: =BF14+BM14 -> 0.13769303 | BQ14: =BG14+BN14 -> 0 | BR14: =BP14-BQ14 -> 0.13769303 | BS14: =BP14/B14 -> 0.13431946 | BT14: ='[1]Recettes intérieures'!AF12 -> 0 | BU14: ='[1]Recettes intérieures'!AI12 -> 0 | BV14: ='[1]Recettes intérieures'!AH12 -> 0 | BW14: =BU14-BV14 -> 0 | BX14: =BP14+BU14 -> 0.13769303 | BY14: =BQ14+BV14 -> 0 | BZ14: =BX14-BY14 -> 0.13769303 | CA14: =BX14/B14 -> 0.13431946 | CB14: ='[1]Recettes intérieures'!AJ12 -> 0 | CC14: ='[1]Recettes intérieures'!AM12 -> 0 | CD14: ='[1]Recettes intérieures'!AL12 -> 0 | CE14: =CC14-CD14 -> 0 | CG14: =CB14+BT14+BL14 -> 0 | CH14: =BM14+BU14+CC14 -> 0 | CI14: =BN14+BV14+CD14 -> 0 | CJ14: =CH14-CI14 -> 0 | CL14: =CG14+BE14 -> 0.059806 | CM14: =BX14+CC14 -> 0.13769303 | CN14: =BY14+CD14 -> 0 | CO14: =CM14-CN14 -> 0.13769303 | CP14: =CM14/B14 -> 0.13431946 | CQ14: =CM14/E14 -> 0.13431946 | CR14: =CO14/CK14 -> #DIV/0! | CS14: ='[1]Recettes intérieures'!AN12 -> 0 | CT14: ='[1]Recettes intérieures'!AQ12 -> 0 | CU14: ='[1]Recettes intérieures'!AP12 -> 0 | CV14: =CT14-CU14 -> 0 | CW14: =CM14+CT14 -> 0.13769303 | CX14: =CN14+CU14 -> 0 | CY14: =CW14-CX14 -> 0.13769303 | CZ14: ='[1]Recettes intérieures'!AR12 -> 0 | DA14: ='[1]Recettes intérieures'!AU12 -> 0 | DB14: ='[1]Recettes intérieures'!AT12 -> 0 | DC14: =DA14-DB14 -> 0 | DD14: =CW14+DA14 -> 0.13769303 | DE14: =CX14+DB14 -> 0 | DF14: =DD14-DE14 -> 0.13769303 | DG14: ='[1]Recettes intérieures'!AV12 -> 0 | DH14: ='[1]Recettes intérieures'!AY12 -> 0 | DI14: ='[1]Recettes intérieures'!AX12 -> 0 | DJ14: =DH14-DI14 -> 0 | DL14: =DG14+CZ14+CS14 -> 0 | DM14: =DH14+DA14+CT14 -> 0 | DN14: =DI14+DB14+CU14 -> 0 | DO14: =DM14-DN14 -> 0 | DP14: =DK14+CK14 -> 0 | DQ14: =DL14+CL14 -> 0.059806 | DR14: =DD14+DH14 -> 0.13769303 | DS14: =DE14+DI14 -> 0 | DT14: =DR14-DS14 -> 0.13769303 | DU14: =DR14/B14 -> 0.13431946 | DV14: =DR14/E14 -> 0.13431946 | DW14: =DT14/H14 -> 12.298413
A15: SAFER part des TVM | B15: ='[1]Recettes intérieures'!B13 -> 0 | D15: =B15-C15 -> 0 | E15: ='[1]Recettes intérieures'!C13 -> 0 | G15: =E15-F15 -> 0 | H15: ='[1]Recettes intérieures'!D13 -> 0.095165 | I15: ='[1]Recettes intérieures'!D13 -> 0.095165 | J15: ='[1]Recettes intérieures'!G13 -> 0.088582809 | K15: ='[1]Recettes intérieures'!F13 -> 0 | L15: =J15-K15 -> 0.088582809 | M15: ='[1]Recettes intérieures'!H13 -> 0.094094 | N15: ='[1]Recettes intérieures'!K13 -> 0.081615769 | O15: ='[1]Recettes intérieures'!J13 -> 0 | P15: =N15-O15 -> 0.081615769 | Q15: =J15+N15 -> 0.17019858 | R15: =K15+O15 -> 0 | S15: =Q15-R15 -> 0.17019858 | T15: ='[1]Recettes intérieures'!L13 -> 0.091944 | U15: ='[1]Recettes intérieures'!O13 -> 0.16753501 | V15: ='[1]Recettes intérieures'!N13 -> 0 | W15: =U15-V15 -> 0.16753501 | Y15: =I15+M15+T15 -> 0.281203 | Z15: =Q15+U15 -> 0.33773358 | AA15: =R15+V15 -> 0 | AB15: =Z15-AA15 -> 0.33773358 | AC15: =AB15/D15 -> #DIV/0! | AD15: =Z15/Y15 -> 1.2010312 | AE15: =AB15/H15 -> 3.5489264 | AF15: ='[1]Recettes intérieures'!P13 -> 0.076669 | AG15: ='[1]Recettes intérieures'!S13 -> 0.20398153 | AH15: ='[1]Recettes intérieures'!R13 -> 0 | AI15: =AG15-AH15 -> 0.20398153 | AJ15: =+Z15+AG15 -> 0.54171511 | AK15: =+AA15+AH15 -> 0 | AL15: =AJ15-AK15 -> 0.54171511 | AM15: =AL15/D15 -> #DIV/0! | AN15: ='[1]Recettes intérieures'!T13 -> 0.076669 | AO15: ='[1]Recettes intérieures'!W13 -> 0.2819854 | AP15: ='[1]Recettes intérieures'!V13 -> 0 | AQ15: =AO15-AP15 -> 0.2819854 | AR15: =AJ15+AO15 -> 0.82370052 | AS15: =AK15+AP15 -> 0 | AT15: =AR15-AS15 -> 0.82370052 | AU15: ='[1]Recettes intérieures'!X13 -> 0.073807 | AV15: ='[1]Recettes intérieures'!AA13 -> 0.20136998 | AW15: ='[1]Recettes intérieures'!Z13 -> 0 | AX15: =AV15-AW15 -> 0.20136998 | AZ15: =AF15+AN15+AU15 -> 0.227145 | BA15: =AV15+AO15+AG15 -> 0.68733692 | BB15: =AW15+AP15+AH15 -> 0 | BC15: =BA15-BB15 -> 0.68733692 | BD15: =AY15+X15 -> 0 | BE15: =AZ15+Y15 -> 0.508348 | BF15: =BA15+Z15 -> 1.0250705 | BG15: =BB15+AA15 -> 0 | BH15: =BC15+AB15 -> 1.0250705 | BI15: =BH15/D15 -> #DIV/0! | BJ15: =BF15/E15 -> #DIV/0! | BK15: =BH15/BD15 -> #DIV/0! | BL15: ='[1]Recettes intérieures'!AB13 -> 0 | BM15: ='[1]Recettes intérieures'!AE13 -> 0 | BN15: ='[1]Recettes intérieures'!AD13 -> 0 | BO15: =BM15-BN15 -> 0 | BP15: =BF15+BM15 -> 1.0250705 | BQ15: =BG15+BN15 -> 0 | BR15: =BP15-BQ15 -> 1.0250705 | BS15: =BP15/B15 -> #DIV/0! | BT15: ='[1]Recettes intérieures'!AF13 -> 0 | BU15: ='[1]Recettes intérieures'!AI13 -> 0 | BV15: ='[1]Recettes intérieures'!AH13 -> 0 | BW15: =BU15-BV15 -> 0 | BX15: =BP15+BU15 -> 1.0250705 | BY15: =BQ15+BV15 -> 0 | BZ15: =BX15-BY15 -> 1.0250705 | CA15: =BX15/B15 -> #DIV/0! | CB15: ='[1]Recettes intérieures'!AJ13 -> 0 | CC15: ='[1]Recettes intérieures'!AM13 -> 0 | CD15: ='[1]Recettes intérieures'!AL13 -> 0 | CE15: =CC15-CD15 -> 0 | CG15: =CB15+BT15+BL15 -> 0 | CH15: =BM15+BU15+CC15 -> 0 | CI15: =BN15+BV15+CD15 -> 0 | CJ15: =CH15-CI15 -> 0 | CL15: =CG15+BE15 -> 0.508348 | CM15: =BX15+CC15 -> 1.0250705 | CN15: =BY15+CD15 -> 0 | CO15: =CM15-CN15 -> 1.0250705 | CP15: =CM15/B15 -> #DIV/0! | CQ15: =CM15/E15 -> #DIV/0! | CR15: =CO15/CK15 -> #DIV/0! | CS15: ='[1]Recettes intérieures'!AN13 -> 0 | CT15: ='[1]Recettes intérieures'!AQ13 -> 0 | CU15: ='[1]Recettes intérieures'!AP13 -> 0 | CV15: =CT15-CU15 -> 0 | CW15: =CM15+CT15 -> 1.0250705 | CX15: =CN15+CU15 -> 0 | CY15: =CW15-CX15 -> 1.0250705 | CZ15: ='[1]Recettes intérieures'!AR13 -> 0 | DA15: ='[1]Recettes intérieures'!AU13 -> 0 | DB15: ='[1]Recettes intérieures'!AT13 -> 0 | DC15: =DA15-DB15 -> 0 | DD15: =CW15+DA15 -> 1.0250705 | DE15: =CX15+DB15 -> 0 | DF15: =DD15-DE15 -> 1.0250705 | DG15: ='[1]Recettes intérieures'!AV13 -> 0 | DH15: ='[1]Recettes intérieures'!AY13 -> 0 | DI15: ='[1]Recettes intérieures'!AX13 -> 0 | DJ15: =DH15-DI15 -> 0 | DL15: =DG15+CZ15+CS15 -> 0 | DM15: =DH15+DA15+CT15 -> 0 | DN15: =DI15+DB15+CU15 -> 0 | DO15: =DM15-DN15 -> 0 | DP15: =DK15+CK15 -> 0 | DQ15: =DL15+CL15 -> 0.508348 | DR15: =DD15+DH15 -> 1.0250705 | DS15: =DE15+DI15 -> 0 | DT15: =DR15-DS15 -> 1.0250705 | DU15: =DR15/B15 -> #DIV/0! | DV15: =DR15/E15 -> #DIV/0! | DW15: =DT15/H15 -> 10.771507
A16: Taxe foncière et droits d'immatriculation | B16: ='[1]Recettes intérieures'!B14 -> 2.148539 | D16: =B16-C16 -> 2.148539 | E16: ='[1]Recettes intérieures'!C14 -> 2.148539 | G16: =E16-F16 -> 2.148539 | H16: ='[1]Recettes intérieures'!D14 -> 0.137843 | I16: ='[1]Recettes intérieures'!D14 -> 0.137843 | J16: ='[1]Recettes intérieures'!G14 -> 0.12162022 | K16: ='[1]Recettes intérieures'!F14 -> 0 | L16: =J16-K16 -> 0.12162022 | M16: ='[1]Recettes intérieures'!H14 -> 0.106694 | N16: ='[1]Recettes intérieures'!K14 -> 0.10687423 | O16: ='[1]Recettes intérieures'!J14 -> 0 | P16: =N16-O16 -> 0.10687423 | Q16: =J16+N16 -> 0.22849445 | R16: =K16+O16 -> 0 | S16: =Q16-R16 -> 0.22849445 | T16: ='[1]Recettes intérieures'!L14 -> 0.140252 | U16: ='[1]Recettes intérieures'!O14 -> 0.07128969 | V16: ='[1]Recettes intérieures'!N14 -> 0 | W16: =U16-V16 -> 0.07128969 | Y16: =I16+M16+T16 -> 0.384789 | Z16: =Q16+U16 -> 0.29978414 | AA16: =R16+V16 -> 0 | AB16: =Z16-AA16 -> 0.29978414 | AC16: =AB16/D16 -> 0.1395293 | AD16: =Z16/Y16 -> 0.77908708 | AE16: =AB16/H16 -> 2.1748231 | AF16: ='[1]Recettes intérieures'!P14 -> 0.105296 | AG16: ='[1]Recettes intérieures'!S14 -> 0.086923635 | AH16: ='[1]Recettes intérieures'!R14 -> 0 | AI16: =AG16-AH16 -> 0.086923635 | AJ16: =+Z16+AG16 -> 0.38670777 | AK16: =+AA16+AH16 -> 0 | AL16: =AJ16-AK16 -> 0.38670777 | AM16: =AL16/D16 -> 0.17998639 | AN16: ='[1]Recettes intérieures'!T14 -> 0 | AO16: ='[1]Recettes intérieures'!W14 -> 0.067766761 | AP16: ='[1]Recettes intérieures'!V14 -> 0 | AQ16: =AO16-AP16 -> 0.067766761 | AR16: =AJ16+AO16 -> 0.45447454 | AS16: =AK16+AP16 -> 0 | AT16: =AR16-AS16 -> 0.45447454 | AU16: ='[1]Recettes intérieures'!X14 -> 0.221846 | AV16: ='[1]Recettes intérieures'!AA14 -> 0.078944482 | AW16: ='[1]Recettes intérieures'!Z14 -> 0 | AX16: =AV16-AW16 -> 0.078944482 | AZ16: =AF16+AN16+AU16 -> 0.327142 | BA16: =AV16+AO16+AG16 -> 0.23363488 | BB16: =AW16+AP16+AH16 -> 0 | BC16: =BA16-BB16 -> 0.23363488 | BD16: =AY16+X16 -> 0 | BE16: =AZ16+Y16 -> 0.711931 | BF16: =BA16+Z16 -> 0.53341902 | BG16: =BB16+AA16 -> 0 | BH16: =BC16+AB16 -> 0.53341902 | BI16: =BH16/D16 -> 0.24827058 | BJ16: =BF16/E16 -> 0.24827058 | BK16: =BH16/BD16 -> #DIV/0! | BL16: ='[1]Recettes intérieures'!AB14 -> 0 | BM16: ='[1]Recettes intérieures'!AE14 -> 0 | BN16: ='[1]Recettes intérieures'!AD14 -> 0 | BO16: =BM16-BN16 -> 0 | BP16: =BF16+BM16 -> 0.53341902 | BQ16: =BG16+BN16 -> 0 | BR16: =BP16-BQ16 -> 0.53341902 | BS16: =BP16/B16 -> 0.24827058 | BT16: ='[1]Recettes intérieures'!AF14 -> 0 | BU16: ='[1]Recettes intérieures'!AI14 -> 0 | BV16: ='[1]Recettes intérieures'!AH14 -> 0 | BW16: =BU16-BV16 -> 0 | BX16: =BP16+BU16 -> 0.53341902 | BY16: =BQ16+BV16 -> 0 | BZ16: =BX16-BY16 -> 0.53341902 | CA16: =BX16/B16 -> 0.24827058 | CB16: ='[1]Recettes intérieures'!AJ14 -> 0 | CC16: ='[1]Recettes intérieures'!AM14 -> 0 | CD16: ='[1]Recettes intérieures'!AL14 -> 0 | CE16: =CC16-CD16 -> 0 | CG16: =CB16+BT16+BL16 -> 0 | CH16: =BM16+BU16+CC16 -> 0 | CI16: =BN16+BV16+CD16 -> 0 | CJ16: =CH16-CI16 -> 0 | CL16: =CG16+BE16 -> 0.711931 | CM16: =BX16+CC16 -> 0.53341902 | CN16: =BY16+CD16 -> 0 | CO16: =CM16-CN16 -> 0.53341902 | CP16: =CM16/B16 -> 0.24827058 | CQ16: =CM16/E16 -> 0.24827058 | CR16: =CO16/CK16 -> #DIV/0! | CS16: ='[1]Recettes intérieures'!AN14 -> 0 | CT16: ='[1]Recettes intérieures'!AQ14 -> 0 | CU16: ='[1]Recettes intérieures'!AP14 -> 0 | CV16: =CT16-CU16 -> 0 | CW16: =CM16+CT16 -> 0.53341902 | CX16: =CN16+CU16 -> 0 | CY16: =CW16-CX16 -> 0.53341902 | CZ16: ='[1]Recettes intérieures'!AR14 -> 0 | DA16: ='[1]Recettes intérieures'!AU14 -> 0 | DB16: ='[1]Recettes intérieures'!AT14 -> 0 | DC16: =DA16-DB16 -> 0 | DD16: =CW16+DA16 -> 0.53341902 | DE16: =CX16+DB16 -> 0 | DF16: =DD16-DE16 -> 0.53341902 | DG16: ='[1]Recettes intérieures'!AV14 -> 0 | DH16: ='[1]Recettes intérieures'!AY14 -> 0 | DI16: ='[1]Recettes intérieures'!AX14 -> 0 | DJ16: =DH16-DI16 -> 0 | DL16: =DG16+CZ16+CS16 -> 0 | DM16: =DH16+DA16+CT16 -> 0 | DN16: =DI16+DB16+CU16 -> 0 | DO16: =DM16-DN16 -> 0 | DP16: =DK16+CK16 -> 0 | DQ16: =DL16+CL16 -> 0.711931 | DR16: =DD16+DH16 -> 0.53341902 | DS16: =DE16+DI16 -> 0 | DT16: =DR16-DS16 -> 0.53341902 | DU16: =DR16/B16 -> 0.24827058 | DV16: =DR16/E16 -> 0.24827058 | DW16: =DT16/H16 -> 3.8697578
A17: Taxes professionnelles | B17: ='[1]Recettes intérieures'!B15 -> 0 | D17: =B17-C17 -> 0 | E17: ='[1]Recettes intérieures'!C15 -> 0 | G17: =E17-F17 -> 0 | H17: ='[1]Recettes intérieures'!D15 -> 0 | I17: ='[1]Recettes intérieures'!D15 -> 0 | J17: ='[1]Recettes intérieures'!G15 -> 0.011834826 | K17: ='[1]Recettes intérieures'!F15 -> 0 | L17: =J17-K17 -> 0.011834826 | M17: ='[1]Recettes intérieures'!H15 -> 0 | N17: ='[1]Recettes intérieures'!K15 -> 0.002921391 | O17: ='[1]Recettes intérieures'!J15 -> 0 | P17: =N17-O17 -> 0.002921391 | Q17: =J17+N17 -> 0.014756217 | R17: =K17+O17 -> 0 | S17: =Q17-R17 -> 0.014756217 | T17: ='[1]Recettes intérieures'!L15 -> 0 | U17: ='[1]Recettes intérieures'!O15 -> 0.003606477 | V17: ='[1]Recettes intérieures'!N15 -> 0 | W17: =U17-V17 -> 0.003606477 | Y17: =I17+M17+T17 -> 0 | Z17: =Q17+U17 -> 0.018362694 | AA17: =R17+V17 -> 0 | AB17: =Z17-AA17 -> 0.018362694 | AC17: =AB17/D17 -> #DIV/0! | AD17: =Z17/Y17 -> #DIV/0! | AE17: =AB17/H17 -> #DIV/0! | AF17: ='[1]Recettes intérieures'!P15 -> 0 | AG17: ='[1]Recettes intérieures'!S15 -> 0.003261984 | AH17: ='[1]Recettes intérieures'!R15 -> 0 | AI17: =AG17-AH17 -> 0.003261984 | AJ17: =+Z17+AG17 -> 0.021624678 | AK17: =+AA17+AH17 -> 0 | AL17: =AJ17-AK17 -> 0.021624678 | AM17: =AL17/D17 -> #DIV/0! | AN17: ='[1]Recettes intérieures'!T15 -> 0 | AO17: ='[1]Recettes intérieures'!W15 -> 0.004702205 | AP17: ='[1]Recettes intérieures'!V15 -> 0 | AQ17: =AO17-AP17 -> 0.004702205 | AR17: =AJ17+AO17 -> 0.026326883 | AS17: =AK17+AP17 -> 0 | AT17: =AR17-AS17 -> 0.026326883 | AU17: ='[1]Recettes intérieures'!X15 -> 0 | AV17: ='[1]Recettes intérieures'!AA15 -> 0.002698227 | AW17: ='[1]Recettes intérieures'!Z15 -> 0 | AX17: =AV17-AW17 -> 0.002698227 | AZ17: =AF17+AN17+AU17 -> 0 | BA17: =AV17+AO17+AG17 -> 0.010662416 | BB17: =AW17+AP17+AH17 -> 0 | BC17: =BA17-BB17 -> 0.010662416 | BD17: =AY17+X17 -> 0 | BE17: =AZ17+Y17 -> 0 | BF17: =BA17+Z17 -> 0.02902511 | BG17: =BB17+AA17 -> 0 | BH17: =BC17+AB17 -> 0.02902511 | BI17: =BH17/D17 -> #DIV/0! | BJ17: =BF17/E17 -> #DIV/0! | BK17: =BH17/BD17 -> #DIV/0! | BL17: ='[1]Recettes intérieures'!AB15 -> 0 | BM17: ='[1]Recettes intérieures'!AE15 -> 0 | BN17: ='[1]Recettes intérieures'!AD15 -> 0 | BO17: =BM17-BN17 -> 0 | BP17: =BF17+BM17 -> 0.02902511 | BQ17: =BG17+BN17 -> 0 | BR17: =BP17-BQ17 -> 0.02902511 | BS17: =BP17/B17 -> #DIV/0! | BT17: ='[1]Recettes intérieures'!AF15 -> 0 | BU17: ='[1]Recettes intérieures'!AI15 -> 0 | BV17: ='[1]Recettes intérieures'!AH15 -> 0 | BW17: =BU17-BV17 -> 0 | BX17: =BP17+BU17 -> 0.02902511 | BY17: =BQ17+BV17 -> 0 | BZ17: =BX17-BY17 -> 0.02902511 | CA17: =BX17/B17 -> #DIV/0! | CB17: ='[1]Recettes intérieures'!AJ15 -> 0 | CC17: ='[1]Recettes intérieures'!AM15 -> 0 | CD17: ='[1]Recettes intérieures'!AL15 -> 0 | CE17: =CC17-CD17 -> 0 | CG17: =CB17+BT17+BL17 -> 0 | CH17: =BM17+BU17+CC17 -> 0 | CI17: =BN17+BV17+CD17 -> 0 | CJ17: =CH17-CI17 -> 0 | CL17: =CG17+BE17 -> 0 | CM17: =BX17+CC17 -> 0.02902511 | CN17: =BY17+CD17 -> 0 | CO17: =CM17-CN17 -> 0.02902511 | CP17: =CM17/B17 -> #DIV/0! | CQ17: =CM17/E17 -> #DIV/0! | CR17: =CO17/CK17 -> #DIV/0! | CS17: ='[1]Recettes intérieures'!AN15 -> 0 | CT17: ='[1]Recettes intérieures'!AQ15 -> 0 | CU17: ='[1]Recettes intérieures'!AP15 -> 0 | CV17: =CT17-CU17 -> 0 | CW17: =CM17+CT17 -> 0.02902511 | CX17: =CN17+CU17 -> 0 | CY17: =CW17-CX17 -> 0.02902511 | CZ17: ='[1]Recettes intérieures'!AR15 -> 0 | DA17: ='[1]Recettes intérieures'!AU15 -> 0 | DB17: ='[1]Recettes intérieures'!AT15 -> 0 | DC17: =DA17-DB17 -> 0 | DD17: =CW17+DA17 -> 0.02902511 | DE17: =CX17+DB17 -> 0 | DF17: =DD17-DE17 -> 0.02902511 | DG17: ='[1]Recettes intérieures'!AV15 -> 0 | DH17: ='[1]Recettes intérieures'!AY15 -> 0 | DI17: ='[1]Recettes intérieures'!AX15 -> 0 | DJ17: =DH17-DI17 -> 0 | DL17: =DG17+CZ17+CS17 -> 0 | DM17: =DH17+DA17+CT17 -> 0 | DN17: =DI17+DB17+CU17 -> 0 | DO17: =DM17-DN17 -> 0 | DP17: =DK17+CK17 -> 0 | DQ17: =DL17+CL17 -> 0 | DR17: =DD17+DH17 -> 0.02902511 | DS17: =DE17+DI17 -> 0 | DT17: =DR17-DS17 -> 0.02902511 | DU17: =DR17/B17 -> #DIV/0! | DV17: =DR17/E17 -> #DIV/0! | DW17: =DT17/H17 -> #DIV/0!
A18: Autres impôts directs | B18: ='[1]Recettes intérieures'!B16 -> 2.1413 | D18: =B18-C18 -> 2.1413 | E18: ='[1]Recettes intérieures'!C16 -> 2.1413 | G18: =E18-F18 -> 2.1413 | H18: =[1]Togo_Fisc!AY15-SUM(H11:H17)-H19-H26 -> 314.60255 | I18: ='[1]Recettes intérieures'!D16 -> 0.23375025 | J18: ='[1]Recettes intérieures'!G16 -> 0.97458437 | K18: ='[1]Recettes intérieures'!F16 -> 0 | L18: =J18-K18 -> 0.97458437 | M18: ='[1]Recettes intérieures'!H16 -> 0.11596425 | N18: ='[1]Recettes intérieures'!K16 -> 0.31247686 | O18: ='[1]Recettes intérieures'!J16 -> 0 | P18: =N18-O18 -> 0.31247686 | Q18: =J18+N18 -> 1.2870612 | R18: =K18+O18 -> 0 | S18: =Q18-R18 -> 1.2870612 | T18: ='[1]Recettes intérieures'!L16 -> 0.019973 | U18: ='[1]Recettes intérieures'!O16 -> 0.096284696 | V18: ='[1]Recettes intérieures'!N16 -> 0 | W18: =U18-V18 -> 0.096284696 | Y18: =I18+M18+T18 -> 0.3696875 | Z18: =Q18+U18 -> 1.3833459 | AA18: =R18+V18 -> 0 | AB18: =Z18-AA18 -> 1.3833459 | AC18: =AB18/D18 -> 0.64603088 | AD18: =Z18/Y18 -> 3.7419332 | AE18: =AB18/H18 -> 0.0043971224 | AF18: ='[1]Recettes intérieures'!P16 -> 0.161812 | AG18: ='[1]Recettes intérieures'!S16 -> 0.04932034 | AH18: ='[1]Recettes intérieures'!R16 -> 0 | AI18: =AG18-AH18 -> 0.04932034 | AJ18: =+Z18+AG18 -> 1.4326663 | AK18: =+AA18+AH18 -> 0 | AL18: =AJ18-AK18 -> 1.4326663 | AM18: =AL18/D18 -> 0.66906378 | AN18: ='[1]Recettes intérieures'!T16 -> 0 | AO18: ='[1]Recettes intérieures'!W16 -> 0.8888364 | AP18: ='[1]Recettes intérieures'!V16 -> 0 | AQ18: =AO18-AP18 -> 0.8888364 | AR18: =AJ18+AO18 -> 2.3215027 | AS18: =AK18+AP18 -> 0 | AT18: =AR18-AS18 -> 2.3215027 | AU18: ='[1]Recettes intérieures'!X16 -> 0.120125 | AV18: ='[1]Recettes intérieures'!AA16 -> 0.28998599 | AW18: ='[1]Recettes intérieures'!Z16 -> 0 | AX18: =AV18-AW18 -> 0.28998599 | AZ18: =AF18+AN18+AU18 -> 0.281937 | BA18: =AV18+AO18+AG18 -> 1.2281427 | BB18: =AW18+AP18+AH18 -> 0 | BC18: =BA18-BB18 -> 1.2281427 | BD18: =AY18+X18 -> 0 | BE18: =AZ18+Y18 -> 0.6516245 | BF18: =BA18+Z18 -> 2.6114887 | BG18: =BB18+AA18 -> 0 | BH18: =BC18+AB18 -> 2.6114887 | BI18: =BH18/D18 -> 1.2195809 | BJ18: =BF18/E18 -> 1.2195809 | BK18: =BH18/BD18 -> #DIV/0! | BL18: ='[1]Recettes intérieures'!AB16 -> 0 | BM18: ='[1]Recettes intérieures'!AE16 -> 0 | BN18: ='[1]Recettes intérieures'!AD16 -> 0 | BO18: =BM18-BN18 -> 0 | BP18: =BF18+BM18 -> 2.6114887 | BQ18: =BG18+BN18 -> 0 | BR18: =BP18-BQ18 -> 2.6114887 | BS18: =BP18/B18 -> 1.2195809 | BT18: ='[1]Recettes intérieures'!AF16 -> 0 | BU18: ='[1]Recettes intérieures'!AI16 -> 0 | BV18: ='[1]Recettes intérieures'!AH16 -> 0 | BW18: =BU18-BV18 -> 0 | BX18: =BP18+BU18 -> 2.6114887 | BY18: =BQ18+BV18 -> 0 | BZ18: =BX18-BY18 -> 2.6114887 | CA18: =BX18/B18 -> 1.2195809 | CB18: ='[1]Recettes intérieures'!AJ16 -> 0 | CC18: ='[1]Recettes intérieures'!AM16 -> 0 | CD18: ='[1]Recettes intérieures'!AL16 -> 0 | CE18: =CC18-CD18 -> 0 | CG18: =CB18+BT18+BL18 -> 0 | CH18: =BM18+BU18+CC18 -> 0 | CI18: =BN18+BV18+CD18 -> 0 | CJ18: =CH18-CI18 -> 0 | CL18: =CG18+BE18 -> 0.6516245 | CM18: =BX18+CC18 -> 2.6114887 | CN18: =BY18+CD18 -> 0 | CO18: =CM18-CN18 -> 2.6114887 | CP18: =CM18/B18 -> 1.2195809 | CQ18: =CM18/E18 -> 1.2195809 | CR18: =CO18/CK18 -> #DIV/0! | CS18: ='[1]Recettes intérieures'!AN16 -> 0 | CT18: ='[1]Recettes intérieures'!AQ16 -> 0 | CU18: ='[1]Recettes intérieures'!AP16 -> 0 | CV18: =CT18-CU18 -> 0 | CW18: =CM18+CT18 -> 2.6114887 | CX18: =CN18+CU18 -> 0 | CY18: =CW18-CX18 -> 2.6114887 | CZ18: ='[1]Recettes intérieures'!AR16 -> 0 | DA18: ='[1]Recettes intérieures'!AU16 -> 0 | DB18: ='[1]Recettes intérieures'!AT16 -> 0 | DC18: =DA18-DB18 -> 0 | DD18: =CW18+DA18 -> 2.6114887 | DE18: =CX18+DB18 -> 0 | DF18: =DD18-DE18 -> 2.6114887 | DG18: ='[1]Recettes intérieures'!AV16 -> 0 | DH18: ='[1]Recettes intérieures'!AY16 -> 0 | DI18: ='[1]Recettes intérieures'!AX16 -> 0 | DJ18: =DH18-DI18 -> 0 | DL18: =DG18+CZ18+CS18 -> 0 | DM18: =DH18+DA18+CT18 -> 0 | DN18: =DI18+DB18+CU18 -> 0 | DO18: =DM18-DN18 -> 0 | DP18: =DK18+CK18 -> 0 | DQ18: =DL18+CL18 -> 0.6516245 | DR18: =DD18+DH18 -> 2.6114887 | DS18: =DE18+DI18 -> 0 | DT18: =DR18-DS18 -> 2.6114887 | DU18: =DR18/B18 -> 1.2195809 | DV18: =DR18/E18 -> 1.2195809 | DW18: =DT18/H18 -> 0.0083009138
A19: CONTRIBUTIONS INDIRECTES | B19: =SUM(B20:B25) -> 183.02542 | C19: =SUM(C20:C25) -> 10.487652 | D19: =SUM(D20:D25) -> 172.53777 | E19: =SUM(E20:E25) -> 183.02542 | F19: =SUM(F20:F25) -> 10.487652 | G19: =SUM(G20:G25) -> 172.53777 | H19: =SUM(H20:H25) -> 15.4687 | I19: =SUM(I20:I25) -> 15.4687 | ... AB19: =SUM(AB20:AB25) -> 43.974786 | AC19: =AB19/D19 -> 0.25487049 | AD19: =Z19/Y19 -> 1.0653477 | AE19: =AB19/H19 -> 2.8428236 | AF19: =SUM(AF20:AF25) -> 16.052764 | AG19: =SUM(AG20:AG25) -> 18.485458 | AH19: =SUM(AH20:AH25) -> 1.5073467 | AI19: =SUM(AI20:AI25) -> 16.978111 | AJ19: =SUM(AJ20:AJ25) -> 64.305741 | AK19: =SUM(AK20:AK25) -> 3.3528449 | AL19: =SUM(AL20:AL25) -> 60.952896 | AM19: =AL19/D19 -> 0.35327278 | AN19: =SUM(AN20:AN25) -> 14.732793 | AO19: =SUM(AO20:AO25) -> 15.660819 | AP19: =SUM(AP20:AP25) -> 0.44395368 | AQ19: =SUM(AQ20:AQ25) -> 15.216865 | AR19: =SUM(AR20:AR25) -> 79.96656 | AS19: =SUM(AS20:AS25) -> 3.7967986 | AT19: =SUM(AT20:AT25) -> 76.169762 | AU19: =SUM(AU20:AU25) -> 13.697393 | ... BH19: =SUM(BH20:BH25) -> 92.541308 | BI19: =BH19/D19 -> 0.53635392 | BJ19: =BF19/E19 -> 0.5333131 | BK19: =BH19/BD19 -> #DIV/0! | BL19: =SUM(BL20:BL25) -> 0 | BM19: =SUM(BM20:BM25) -> 0 | BN19: =SUM(BN20:BN25) -> 0 | BO19: =SUM(BO20:BO25) -> 0 | BP19: =SUM(BP20:BP25) -> 97.609854 | BQ19: =SUM(BQ20:BQ25) -> 5.0685459 | BR19: =SUM(BR20:BR25) -> 92.541308 | BS19: =BP19/B19 -> 0.5333131 | BT19: =SUM(BT20:BT25) -> 0 | BU19: =SUM(BU20:BU25) -> 0 | BV19: =SUM(BV20:BV25) -> 0 | BW19: =SUM(BW20:BW25) -> 0 | BX19: =SUM(BX20:BX25) -> 97.609854 | BY19: =SUM(BY20:BY25) -> 5.0685459 | BZ19: =SUM(BZ20:BZ25) -> 92.541308 | CA19: =BX19/B19 -> 0.5333131 | CB19: =SUM(CB20:CB25) -> 0 | CC19: =SUM(CC20:CC25) -> 0 | CD19: =SUM(CD20:CD25) -> 0 | CE19: =SUM(CE20:CE25) -> 0 | CF19: =SUM(CF20:CF25) -> 0 | CG19: =SUM(CG20:CG25) -> 0 | CH19: =SUM(CH20:CH25) -> 0 | CI19: =SUM(CI20:CI25) -> 0 | ... CO19: =SUM(CO20:CO25) -> 92.541308 | CP19: =CM19/B19 -> 0.5333131 | CQ19: =CM19/E19 -> 0.5333131 | CR19: =CO19/CK19 -> #DIV/0! | CS19: =SUM(CS20:CS25) -> 0 | CT19: =SUM(CT20:CT25) -> 0 | CU19: =SUM(CU20:CU25) -> 0 | CV19: =SUM(CV20:CV25) -> 0 | CW19: =SUM(CW20:CW25) -> 97.609854 | CX19: =SUM(CX20:CX25) -> 5.0685459 | CY19: =SUM(CY20:CY25) -> 92.541308 | CZ19: =SUM(CZ20:CZ25) -> 0 | ... DT19: =SUM(DT20:DT25) -> 92.541308 | DU19: =DR19/B19 -> 0.5333131 | DV19: =DR19/E19 -> 0.5333131 | DW19: =DT19/H19 -> 5.9824877
A20: Taxes sur le chiffre d'affaires (TVA & TAF) | B20: ='[1]Recettes intérieures'!B18 -> 137.52133 | C20: =2/3*'[1]CI (Ex-DGI)'!B56 -> 10.487652 | D20: =B20-C20 -> 127.03368 | E20: ='[1]Recettes intérieures'!C18 -> 137.52133 | F20: =2/3*'[1]CI (Ex-DGI)'!C56 -> 10.487652 | G20: =E20-F20 -> 127.03368 | H20: ='[1]Recettes intérieures'!D18 -> 11.497162 | I20: ='[1]Recettes intérieures'!D18 -> 11.497162 | J20: ='[1]Recettes intérieures'!G18 -> 12.379268 | K20: ='[1]Recettes intérieures'!F18 -> 0.2263653 | L20: =J20-K20 -> 12.152903 | M20: ='[1]Recettes intérieures'!H18 -> 9.021027 | N20: ='[1]Recettes intérieures'!K18 -> 8.5806387 | O20: ='[1]Recettes intérieures'!J18 -> 0.30106096 | P20: =N20-O20 -> 8.2795778 | Q20: =J20+N20 -> 20.959907 | R20: =K20+O20 -> 0.52742626 | S20: =Q20-R20 -> 20.432481 | T20: ='[1]Recettes intérieures'!L18 -> 11.074222 | U20: ='[1]Recettes intérieures'!O18 -> 9.9541238 | V20: ='[1]Recettes intérieures'!N18 -> 1.2850787 | W20: =U20-V20 -> 8.6690451 | Y20: =I20+M20+T20 -> 31.592411 | Z20: =Q20+U20 -> 30.914031 | AA20: =R20+V20 -> 1.812505 | AB20: =S20+W20 -> 29.101526 | AC20: =AB20/D20 -> 0.22908512 | AD20: =Z20/Y20 -> 0.97852712 | AE20: =AB20/H20 -> 2.5311921 | AF20: ='[1]Recettes intérieures'!P18 -> 12.468509 | AG20: ='[1]Recettes intérieures'!S18 -> 12.829058 | AH20: ='[1]Recettes intérieures'!R18 -> 1.4807725 | AI20: =AG20-AH20 -> 11.348286 | AJ20: =+Z20+AG20 -> 43.74309 | AK20: =+AA20+AH20 -> 3.2932775 | AL20: =AJ20-AK20 -> 40.449812 | AM20: =AL20/D20 -> 0.31841801 | AN20: ='[1]Recettes intérieures'!T18 -> 12.468509 | AO20: ='[1]Recettes intérieures'!W18 -> 10.566179 | AP20: ='[1]Recettes intérieures'!V18 -> 0.42173571 | AQ20: =AO20-AP20 -> 10.144443 | AR20: =AJ20+AO20 -> 54.309268 | AS20: =AK20+AP20 -> 3.7150132 | AT20: =AR20-AS20 -> 50.594255 | AU20: ='[1]Recettes intérieures'!X18 -> 9.585966 | AV20: ='[1]Recettes intérieures'!AA18 -> 11.709755 | AW20: ='[1]Recettes intérieures'!Z18 -> 1.2700611 | AX20: =AV20-AW20 -> 10.439694 | AZ20: =AF20+AN20+AU20 -> 34.522984 | BA20: =AV20+AO20+AG20 -> 35.104993 | BB20: =AW20+AP20+AH20 -> 3.1725694 | BC20: =BA20-BB20 -> 31.932423 | BD20: =AY20+X20 -> 0 | BE20: =AZ20+Y20 -> 66.115395 | BF20: =BA20+Z20 -> 66.019024 | BG20: =BB20+AA20 -> 4.9850743 | BH20: =BC20+AB20 -> 61.033949 | BI20: =BH20/D20 -> 0.48045485 | BJ20: =BF20/E20 -> 0.48006387 | BK20: =BH20/BD20 -> #DIV/0! | BL20: ='[1]Recettes intérieures'!AB18 -> 0 | BM20: ='[1]Recettes intérieures'!AE18 -> 0 | BN20: ='[1]Recettes intérieures'!AD18 -> 0 | BO20: =BM20-BN20 -> 0 | BP20: =BF20+BM20 -> 66.019024 | BQ20: =BG20+BN20 -> 4.9850743 | BR20: =BP20-BQ20 -> 61.033949 | BS20: =BP20/B20 -> 0.48006387 | BT20: ='[1]Recettes intérieures'!AF18 -> 0 | BU20: ='[1]Recettes intérieures'!AI18 -> 0 | BV20: ='[1]Recettes intérieures'!AH18 -> 0 | BW20: =BU20-BV20 -> 0 | BX20: =BP20+BU20 -> 66.019024 | BY20: =BQ20+BV20 -> 4.9850743 | BZ20: =BX20-BY20 -> 61.033949 | CA20: =BX20/B20 -> 0.48006387 | CB20: ='[1]Recettes intérieures'!AJ18 -> 0 | CC20: ='[1]Recettes intérieures'!AM18 -> 0 | CD20: ='[1]Recettes intérieures'!AL18 -> 0 | CE20: =CC20-CD20 -> 0 | CG20: =CB20+BT20+BL20 -> 0 | CH20: =BM20+BU20+CC20 -> 0 | CI20: =BN20+BV20+CD20 -> 0 | CJ20: =CH20-CI20 -> 0 | CL20: =CG20+BE20 -> 66.115395 | CM20: =BX20+CC20 -> 66.019024 | CN20: =BY20+CD20 -> 4.9850743 | CO20: =CM20-CN20 -> 61.033949 | CP20: =CM20/B20 -> 0.48006387 | CQ20: =CM20/E20 -> 0.48006387 | CR20: =CO20/CK20 -> #DIV/0! | CS20: ='[1]Recettes intérieures'!AN18 -> 0 | CT20: ='[1]Recettes intérieures'!AQ18 -> 0 | CU20: ='[1]Recettes intérieures'!AP18 -> 0 | CV20: =CT20-CU20 -> 0 | CW20: =CM20+CT20 -> 66.019024 | CX20: =CN20+CU20 -> 4.9850743 | CY20: =CW20-CX20 -> 61.033949 | CZ20: ='[1]Recettes intérieures'!AR18 -> 0 | DA20: ='[1]Recettes intérieures'!AU18 -> 0 | DB20: ='[1]Recettes intérieures'!AT18 -> 0 | DC20: =DA20-DB20 -> 0 | DD20: =CW20+DA20 -> 66.019024 | DE20: =CX20+DB20 -> 4.9850743 | DF20: =DD20-DE20 -> 61.033949 | DG20: ='[1]Recettes intérieures'!AV18 -> 0 | DH20: ='[1]Recettes intérieures'!AY18 -> 0 | DI20: ='[1]Recettes intérieures'!AX18 -> 0 | DJ20: =DH20-DI20 -> 0 | DL20: =DG20+CZ20+CS20 -> 0 | DM20: =DH20+DA20+CT20 -> 0 | DN20: =DI20+DB20+CU20 -> 0 | DO20: =DM20-DN20 -> 0 | DP20: =DK20+CK20 -> 0 | DQ20: =DL20+CL20 -> 66.115395 | DR20: =DD20+DH20 -> 66.019024 | DS20: =DE20+DI20 -> 4.9850743 | DT20: =DR20-DS20 -> 61.033949 | DU20: =DR20/B20 -> 0.48006387 | DV20: =DR20/E20 -> 0.48006387 | DW20: =DT20/H20 -> 5.30861
A21: Taxe sur les conventions d'assurance | B21: ='[1]Recettes intérieures'!B19 -> 2.511866 | D21: =B21-C21 -> 2.511866 | E21: ='[1]Recettes intérieures'!C19 -> 2.511866 | G21: =E21-F21 -> 2.511866 | H21: ='[1]Recettes intérieures'!D19 -> 0.339668 | I21: ='[1]Recettes intérieures'!D19 -> 0.339668 | J21: ='[1]Recettes intérieures'!G19 -> 0.38701789 | K21: ='[1]Recettes intérieures'!F19 -> 0 | L21: =J21-K21 -> 0.38701789 | M21: ='[1]Recettes intérieures'!H19 -> 0.36714 | N21: ='[1]Recettes intérieures'!K19 -> 0.55767461 | O21: ='[1]Recettes intérieures'!J19 -> 0 | P21: =N21-O21 -> 0.55767461 | Q21: =J21+N21 -> 0.9446925 | R21: =K21+O21 -> 0 | S21: =Q21-R21 -> 0.9446925 | T21: ='[1]Recettes intérieures'!L19 -> 0.247586 | U21: ='[1]Recettes intérieures'!O19 -> 0.1795378 | V21: ='[1]Recettes intérieures'!N19 -> 0 | W21: =U21-V21 -> 0.1795378 | Y21: =I21+M21+T21 -> 0.954394 | Z21: =Q21+U21 -> 1.1242303 | AA21: =R21+V21 -> 0 | AB21: =S21+W21 -> 1.1242303 | AC21: =AB21/D21 -> 0.44756779 | AD21: =Z21/Y21 -> 1.177952 | AE21: =AB21/H21 -> 3.3097916 | AF21: ='[1]Recettes intérieures'!P19 -> 0.231917 | AG21: ='[1]Recettes intérieures'!S19 -> 0.25990205 | AH21: ='[1]Recettes intérieures'!R19 -> 0 | AI21: =AG21-AH21 -> 0.25990205 | AJ21: =+Z21+AG21 -> 1.3841324 | AK21: =+AA21+AH21 -> 0 | AL21: =AJ21-AK21 -> 1.3841324 | AM21: =AL21/D21 -> 0.5510375 | AN21: ='[1]Recettes intérieures'!T19 -> 0.231917 | AO21: ='[1]Recettes intérieures'!W19 -> 0.27027271 | AP21: ='[1]Recettes intérieures'!V19 -> 0 | AQ21: =AO21-AP21 -> 0.27027271 | AR21: =AJ21+AO21 -> 1.6544051 | AS21: =AK21+AP21 -> 0 | AT21: =AR21-AS21 -> 1.6544051 | AU21: ='[1]Recettes intérieures'!X19 -> 0.209761 | AV21: ='[1]Recettes intérieures'!AA19 -> 0.12584708 | AW21: ='[1]Recettes intérieures'!Z19 -> 0 | AX21: =AV21-AW21 -> 0.12584708 | AZ21: =AF21+AN21+AU21 -> 0.673595 | BA21: =AV21+AO21+AG21 -> 0.65602183 | BB21: =AW21+AP21+AH21 -> 0 | BC21: =BA21-BB21 -> 0.65602183 | BD21: =AY21+X21 -> 0 | BE21: =AZ21+Y21 -> 1.627989 | BF21: =BA21+Z21 -> 1.7802521 | BG21: =BB21+AA21 -> 0 | BH21: =BC21+AB21 -> 1.7802521 | BI21: =BH21/D21 -> 0.70873691 | BJ21: =BF21/E21 -> 0.70873691 | BK21: =BH21/BD21 -> #DIV/0! | BL21: ='[1]Recettes intérieures'!AB19 -> 0 | BM21: ='[1]Recettes intérieures'!AE19 -> 0 | BN21: ='[1]Recettes intérieures'!AD19 -> 0 | BO21: =BM21-BN21 -> 0 | BP21: =BF21+BM21 -> 1.7802521 | BQ21: =BG21+BN21 -> 0 | BR21: =BP21-BQ21 -> 1.7802521 | BS21: =BP21/B21 -> 0.70873691 | BT21: ='[1]Recettes intérieures'!AF19 -> 0 | BU21: ='[1]Recettes intérieures'!AI19 -> 0 | BV21: ='[1]Recettes intérieures'!AH19 -> 0 | BW21: =BU21-BV21 -> 0 | BX21: =BP21+BU21 -> 1.7802521 | BY21: =BQ21+BV21 -> 0 | BZ21: =BX21-BY21 -> 1.7802521 | CA21: =BX21/B21 -> 0.70873691 | CB21: ='[1]Recettes intérieures'!AJ19 -> 0 | CC21: ='[1]Recettes intérieures'!AM19 -> 0 | CD21: ='[1]Recettes intérieures'!AL19 -> 0 | CE21: =CC21-CD21 -> 0 | CG21: =CB21+BT21+BL21 -> 0 | CH21: =BM21+BU21+CC21 -> 0 | CI21: =BN21+BV21+CD21 -> 0 | CJ21: =CH21-CI21 -> 0 | CL21: =CG21+BE21 -> 1.627989 | CM21: =BX21+CC21 -> 1.7802521 | CN21: =BY21+CD21 -> 0 | CO21: =CM21-CN21 -> 1.7802521 | CP21: =CM21/B21 -> 0.70873691 | CQ21: =CM21/E21 -> 0.70873691 | CR21: =CO21/CK21 -> #DIV/0! | CS21: ='[1]Recettes intérieures'!AN19 -> 0 | CT21: ='[1]Recettes intérieures'!AQ19 -> 0 | CU21: ='[1]Recettes intérieures'!AP19 -> 0 | CV21: =CT21-CU21 -> 0 | CW21: =CM21+CT21 -> 1.7802521 | CX21: =CN21+CU21 -> 0 | CY21: =CW21-CX21 -> 1.7802521 | CZ21: ='[1]Recettes intérieures'!AR19 -> 0 | DA21: ='[1]Recettes intérieures'!AU19 -> 0 | DB21: ='[1]Recettes intérieures'!AT19 -> 0 | DC21: =DA21-DB21 -> 0 | DD21: =CW21+DA21 -> 1.7802521 | DE21: =CX21+DB21 -> 0 | DF21: =DD21-DE21 -> 1.7802521 | DG21: ='[1]Recettes intérieures'!AV19 -> 0 | DH21: ='[1]Recettes intérieures'!AY19 -> 0 | DI21: ='[1]Recettes intérieures'!AX19 -> 0 | DJ21: =DH21-DI21 -> 0 | DL21: =DG21+CZ21+CS21 -> 0 | DM21: =DH21+DA21+CT21 -> 0 | DN21: =DI21+DB21+CU21 -> 0 | DO21: =DM21-DN21 -> 0 | DP21: =DK21+CK21 -> 0 | DQ21: =DL21+CL21 -> 1.627989 | DR21: =DD21+DH21 -> 1.7802521 | DS21: =DE21+DI21 -> 0 | DT21: =DR21-DS21 -> 1.7802521 | DU21: =DR21/B21 -> 0.70873691 | DV21: =DR21/E21 -> 0.70873691 | DW21: =DT21/H21 -> 5.2411535
A22: Taxe sur les produits des jeux de hasard | B22: ='[1]Recettes intérieures'!B20 -> 1.485506 | D22: =B22-C22 -> 1.485506 | E22: ='[1]Recettes intérieures'!C20 -> 1.485506 | G22: =E22-F22 -> 1.485506 | H22: ='[1]Recettes intérieures'!D20 -> 0.141967 | I22: ='[1]Recettes intérieures'!D20 -> 0.141967 | J22: ='[1]Recettes intérieures'!G20 -> 0.2234408 | K22: ='[1]Recettes intérieures'!F20 -> 0 | L22: =J22-K22 -> 0.2234408 | M22: ='[1]Recettes intérieures'!H20 -> 0.155352 | N22: ='[1]Recettes intérieures'!K20 -> 0.010623414 | O22: ='[1]Recettes intérieures'!J20 -> 0 | P22: =N22-O22 -> 0.010623414 | Q22: =J22+N22 -> 0.23406422 | R22: =K22+O22 -> 0 | S22: =Q22-R22 -> 0.23406422 | T22: ='[1]Recettes intérieures'!L20 -> 0.1366 | U22: ='[1]Recettes intérieures'!O20 -> 0.1255046 | V22: ='[1]Recettes intérieures'!N20 -> 0 | W22: =U22-V22 -> 0.1255046 | Y22: =I22+M22+T22 -> 0.433919 | Z22: =Q22+U22 -> 0.35956882 | AA22: =R22+V22 -> 0 | AB22: =S22+W22 -> 0.35956882 | AC22: =AB22/D22 -> 0.24205141 | AD22: =Z22/Y22 -> 0.82865423 | AE22: =AB22/H22 -> 2.5327634 | AF22: ='[1]Recettes intérieures'!P20 -> 0.142461 | AG22: ='[1]Recettes intérieures'!S20 -> 0.12978874 | AH22: ='[1]Recettes intérieures'!R20 -> 0 | AI22: =AG22-AH22 -> 0.12978874 | AJ22: =+Z22+AG22 -> 0.48935756 | AK22: =+AA22+AH22 -> 0 | AL22: =AJ22-AK22 -> 0.48935756 | AM22: =AL22/D22 -> 0.32942146 | AN22: ='[1]Recettes intérieures'!T20 -> 0.142461 | AO22: ='[1]Recettes intérieures'!W20 -> 0.093737513 | AP22: ='[1]Recettes intérieures'!V20 -> 0 | AQ22: =AO22-AP22 -> 0.093737513 | AR22: =AJ22+AO22 -> 0.58309507 | AS22: =AK22+AP22 -> 0 | AT22: =AR22-AS22 -> 0.58309507 | AU22: ='[1]Recettes intérieures'!X20 -> 0.129178 | AV22: ='[1]Recettes intérieures'!AA20 -> 0.23851448 | AW22: ='[1]Recettes intérieures'!Z20 -> 0 | AX22: =AV22-AW22 -> 0.23851448 | AZ22: =AF22+AN22+AU22 -> 0.4141 | BA22: =AV22+AO22+AG22 -> 0.46204073 | BB22: =AW22+AP22+AH22 -> 0 | BC22: =BA22-BB22 -> 0.46204073 | BD22: =AY22+X22 -> 0 | BE22: =AZ22+Y22 -> 0.848019 | BF22: =BA22+Z22 -> 0.82160955 | BG22: =BB22+AA22 -> 0 | BH22: =BC22+AB22 -> 0.82160955 | BI22: =BH22/D22 -> 0.55308397 | BJ22: =BF22/E22 -> 0.55308397 | BK22: =BH22/BD22 -> #DIV/0! | BL22: ='[1]Recettes intérieures'!AB20 -> 0 | BM22: ='[1]Recettes intérieures'!AE20 -> 0 | BN22: ='[1]Recettes intérieures'!AD20 -> 0 | BO22: =BM22-BN22 -> 0 | BP22: =BF22+BM22 -> 0.82160955 | BQ22: =BG22+BN22 -> 0 | BR22: =BP22-BQ22 -> 0.82160955 | BS22: =BP22/B22 -> 0.55308397 | BT22: ='[1]Recettes intérieures'!AF20 -> 0 | BU22: ='[1]Recettes intérieures'!AI20 -> 0 | BV22: ='[1]Recettes intérieures'!AH20 -> 0 | BW22: =BU22-BV22 -> 0 | BX22: =BP22+BU22 -> 0.82160955 | BY22: =BQ22+BV22 -> 0 | BZ22: =BX22-BY22 -> 0.82160955 | CA22: =BX22/B22 -> 0.55308397 | CB22: ='[1]Recettes intérieures'!AJ20 -> 0 | CC22: ='[1]Recettes intérieures'!AM20 -> 0 | CD22: ='[1]Recettes intérieures'!AL20 -> 0 | CE22: =CC22-CD22 -> 0 | CG22: =CB22+BT22+BL22 -> 0 | CH22: =BM22+BU22+CC22 -> 0 | CI22: =BN22+BV22+CD22 -> 0 | CJ22: =CH22-CI22 -> 0 | CL22: =CG22+BE22 -> 0.848019 | CM22: =BX22+CC22 -> 0.82160955 | CN22: =BY22+CD22 -> 0 | CO22: =CM22-CN22 -> 0.82160955 | CP22: =CM22/B22 -> 0.55308397 | CQ22: =CM22/E22 -> 0.55308397 | CR22: =CO22/CK22 -> #DIV/0! | CS22: ='[1]Recettes intérieures'!AN20 -> 0 | CT22: ='[1]Recettes intérieures'!AQ20 -> 0 | CU22: ='[1]Recettes intérieures'!AP20 -> 0 | CV22: =CT22-CU22 -> 0 | CW22: =CM22+CT22 -> 0.82160955 | CX22: =CN22+CU22 -> 0 | CY22: =CW22-CX22 -> 0.82160955 | CZ22: ='[1]Recettes intérieures'!AR20 -> 0 | DA22: ='[1]Recettes intérieures'!AU20 -> 0 | DB22: ='[1]Recettes intérieures'!AT20 -> 0 | DC22: =DA22-DB22 -> 0 | DD22: =CW22+DA22 -> 0.82160955 | DE22: =CX22+DB22 -> 0 | DF22: =DD22-DE22 -> 0.82160955 | DG22: ='[1]Recettes intérieures'!AV20 -> 0 | DH22: ='[1]Recettes intérieures'!AY20 -> 0 | DI22: ='[1]Recettes intérieures'!AX20 -> 0 | DJ22: =DH22-DI22 -> 0 | DL22: =DG22+CZ22+CS22 -> 0 | DM22: =DH22+DA22+CT22 -> 0 | DN22: =DI22+DB22+CU22 -> 0 | DO22: =DM22-DN22 -> 0 | DP22: =DK22+CK22 -> 0 | DQ22: =DL22+CL22 -> 0.848019 | DR22: =DD22+DH22 -> 0.82160955 | DS22: =DE22+DI22 -> 0 | DT22: =DR22-DS22 -> 0.82160955 | DU22: =DR22/B22 -> 0.55308397 | DV22: =DR22/E22 -> 0.55308397 | DW22: =DT22/H22 -> 5.7873277
A23: Taxe à l'émission des billets d'avion (TEBA) | B23: ='[1]Recettes intérieures'!B21 -> 0.382214 | D23: =B23-C23 -> 0.382214 | E23: ='[1]Recettes intérieures'!C21 -> 0.382214 | G23: =E23-F23 -> 0.382214 | H23: ='[1]Recettes intérieures'!D21 -> 0.052168 | I23: ='[1]Recettes intérieures'!D21 -> 0.052168 | J23: ='[1]Recettes intérieures'!G21 -> 0.012079 | K23: ='[1]Recettes intérieures'!F21 -> 0 | L23: =J23-K23 -> 0.012079 | M23: ='[1]Recettes intérieures'!H21 -> 0.062506 | N23: ='[1]Recettes intérieures'!K21 -> 0.013532 | O23: ='[1]Recettes intérieures'!J21 -> 0 | P23: =N23-O23 -> 0.013532 | Q23: =J23+N23 -> 0.025611 | R23: =K23+O23 -> 0 | S23: =Q23-R23 -> 0.025611 | T23: ='[1]Recettes intérieures'!L21 -> 0.039411 | U23: ='[1]Recettes intérieures'!O21 -> 0.01053 | V23: ='[1]Recettes intérieures'!N21 -> 0 | W23: =U23-V23 -> 0.01053 | Y23: =I23+M23+T23 -> 0.154085 | Z23: =Q23+U23 -> 0.036141 | AA23: =R23+V23 -> 0 | AB23: =S23+W23 -> 0.036141 | AC23: =AB23/D23 -> 0.094556976 | AD23: =Z23/Y23 -> 0.23455236 | AE23: =AB23/H23 -> 0.69278102 | AF23: ='[1]Recettes intérieures'!P21 -> 0.027928 | AG23: ='[1]Recettes intérieures'!S21 -> 0.012133 | AH23: ='[1]Recettes intérieures'!R21 -> 0 | AI23: =AG23-AH23 -> 0.012133 | AJ23: =+Z23+AG23 -> 0.048274 | AK23: =+AA23+AH23 -> 0 | AL23: =AJ23-AK23 -> 0.048274 | AM23: =AL23/D23 -> 0.12630097 | AN23: ='[1]Recettes intérieures'!T21 -> 0 | AO23: ='[1]Recettes intérieures'!W21 -> 0.013422 | AP23: ='[1]Recettes intérieures'!V21 -> 0 | AQ23: =AO23-AP23 -> 0.013422 | AR23: =AJ23+AO23 -> 0.061696 | AS23: =AK23+AP23 -> 0 | AT23: =AR23-AS23 -> 0.061696 | AU23: ='[1]Recettes intérieures'!X21 -> 0.037128 | AV23: ='[1]Recettes intérieures'!AA21 -> 0.014406 | AW23: ='[1]Recettes intérieures'!Z21 -> 0 | AX23: =AV23-AW23 -> 0.014406 | AZ23: =AF23+AN23+AU23 -> 0.065056 | BA23: =AV23+AO23+AG23 -> 0.039961 | BB23: =AW23+AP23+AH23 -> 0 | BC23: =BA23-BB23 -> 0.039961 | BD23: =AY23+X23 -> 0 | BE23: =AZ23+Y23 -> 0.219141 | BF23: =BA23+Z23 -> 0.076102 | BG23: =BB23+AA23 -> 0 | BH23: =BC23+AB23 -> 0.076102 | BI23: =BH23/D23 -> 0.19910835 | BJ23: =BF23/E23 -> 0.19910835 | BK23: =BH23/BD23 -> #DIV/0! | BL23: ='[1]Recettes intérieures'!AB21 -> 0 | BM23: ='[1]Recettes intérieures'!AE21 -> 0 | BN23: ='[1]Recettes intérieures'!AD21 -> 0 | BO23: =BM23-BN23 -> 0 | BP23: =BF23+BM23 -> 0.076102 | BQ23: =BG23+BN23 -> 0 | BR23: =BP23-BQ23 -> 0.076102 | BS23: =BP23/B23 -> 0.19910835 | BT23: ='[1]Recettes intérieures'!AF21 -> 0 | BU23: ='[1]Recettes intérieures'!AI21 -> 0 | BV23: ='[1]Recettes intérieures'!AH21 -> 0 | BW23: =BU23-BV23 -> 0 | BX23: =BP23+BU23 -> 0.076102 | BY23: =BQ23+BV23 -> 0 | BZ23: =BX23-BY23 -> 0.076102 | CA23: =BX23/B23 -> 0.19910835 | CB23: ='[1]Recettes intérieures'!AJ21 -> 0 | CC23: ='[1]Recettes intérieures'!AM21 -> 0 | CD23: ='[1]Recettes intérieures'!AL21 -> 0 | CE23: =CC23-CD23 -> 0 | CG23: =CB23+BT23+BL23 -> 0 | CH23: =BM23+BU23+CC23 -> 0 | CI23: =BN23+BV23+CD23 -> 0 | CJ23: =CH23-CI23 -> 0 | CL23: =CG23+BE23 -> 0.219141 | CM23: =BX23+CC23 -> 0.076102 | CN23: =BY23+CD23 -> 0 | CO23: =CM23-CN23 -> 0.076102 | CP23: =CM23/B23 -> 0.19910835 | CQ23: =CM23/E23 -> 0.19910835 | CR23: =CO23/CK23 -> #DIV/0! | CS23: ='[1]Recettes intérieures'!AN21 -> 0 | CT23: ='[1]Recettes intérieures'!AQ21 -> 0 | CU23: ='[1]Recettes intérieures'!AP21 -> 0 | CV23: =CT23-CU23 -> 0 | CW23: =CM23+CT23 -> 0.076102 | CX23: =CN23+CU23 -> 0 | CY23: =CW23-CX23 -> 0.076102 | CZ23: ='[1]Recettes intérieures'!AR21 -> 0 | DA23: ='[1]Recettes intérieures'!AU21 -> 0 | DB23: ='[1]Recettes intérieures'!AT21 -> 0 | DC23: =DA23-DB23 -> 0 | DD23: =CW23+DA23 -> 0.076102 | DE23: =CX23+DB23 -> 0 | DF23: =DD23-DE23 -> 0.076102 | DG23: ='[1]Recettes intérieures'!AV21 -> 0 | DH23: ='[1]Recettes intérieures'!AY21 -> 0 | DI23: ='[1]Recettes intérieures'!AX21 -> 0 | DJ23: =DH23-DI23 -> 0 | DL23: =DG23+CZ23+CS23 -> 0 | DM23: =DH23+DA23+CT23 -> 0 | DN23: =DI23+DB23+CU23 -> 0 | DO23: =DM23-DN23 -> 0 | DP23: =DK23+CK23 -> 0 | DQ23: =DL23+CL23 -> 0.219141 | DR23: =DD23+DH23 -> 0.076102 | DS23: =DE23+DI23 -> 0 | DT23: =DR23-DS23 -> 0.076102 | DU23: =DR23/B23 -> 0.19910835 | DV23: =DR23/E23 -> 0.19910835 | DW23: =DT23/H23 -> 1.458787
A24: Droits d'accises | B24: ='[1]Recettes intérieures'!B22 -> 28.834742 | D24: =B24-C24 -> 28.834742 | E24: ='[1]Recettes intérieures'!C22 -> 28.834742 | G24: =E24-F24 -> 28.834742 | H24: ='[1]Recettes intérieures'!D22 -> 2.412571 | I24: ='[1]Recettes intérieures'!D22 -> 2.412571 | J24: ='[1]Recettes intérieures'!G22 -> 3.233836 | K24: ='[1]Recettes intérieures'!F22 -> 0.001753609 | L24: =J24-K24 -> 3.2320824 | M24: ='[1]Recettes intérieures'!H22 -> 2.088834 | N24: ='[1]Recettes intérieures'!K22 -> 2.2993787 | O24: ='[1]Recettes intérieures'!J22 -> 0.020347229 | P24: =N24-O24 -> 2.2790315 | Q24: =J24+N24 -> 5.5332147 | R24: =K24+O24 -> 0.022100838 | S24: =Q24-R24 -> 5.5111139 | T24: ='[1]Recettes intérieures'!L22 -> 2.338298 | U24: ='[1]Recettes intérieures'!O22 -> 3.4302794 | V24: ='[1]Recettes intérieures'!N22 -> 0.010892469 | W24: =U24-V24 -> 3.4193869 | Y24: =I24+M24+T24 -> 6.839703 | Z24: =Q24+U24 -> 8.9634941 | AA24: =R24+V24 -> 0.032993307 | AB24: =S24+W24 -> 8.9305008 | AC24: =AB24/D24 -> 0.30971322 | AD24: =Z24/Y24 -> 1.3105093 | AE24: =AB24/H24 -> 3.701653 | AF24: ='[1]Recettes intérieures'!P22 -> 2.229556 | AG24: ='[1]Recettes intérieures'!S22 -> 3.6628203 | AH24: ='[1]Recettes intérieures'!R22 -> 0.026574149 | AI24: =AG24-AH24 -> 3.6362462 | AJ24: =+Z24+AG24 -> 12.626314 | AK24: =+AA24+AH24 -> 0.059567456 | AL24: =AJ24-AK24 -> 12.566747 | AM24: =AL24/D24 -> 0.43581964 | AN24: ='[1]Recettes intérieures'!T22 -> 0.937513 | AO24: ='[1]Recettes intérieures'!W22 -> 3.1099408 | AP24: ='[1]Recettes intérieures'!V22 -> 0.022217976 | AQ24: =AO24-AP24 -> 3.0877229 | AR24: =AJ24+AO24 -> 15.736255 | AS24: =AK24+AP24 -> 0.081785432 | AT24: =AR24-AS24 -> 15.65447 | AU24: ='[1]Recettes intérieures'!X22 -> 2.9001 | AV24: ='[1]Recettes intérieures'!AA22 -> 3.9380263 | AW24: ='[1]Recettes intérieures'!Z22 -> 0.001686145 | AX24: =AV24-AW24 -> 3.9363401 | AZ24: =AF24+AN24+AU24 -> 6.067169 | BA24: =AV24+AO24+AG24 -> 10.710787 | BB24: =AW24+AP24+AH24 -> 0.05047827 | BC24: =BA24-BB24 -> 10.660309 | BD24: =AY24+X24 -> 0 | BE24: =AZ24+Y24 -> 12.906872 | BF24: =BA24+Z24 -> 19.674282 | BG24: =BB24+AA24 -> 0.083471577 | BH24: =BC24+AB24 -> 19.59081 | BI24: =BH24/D24 -> 0.67941686 | BJ24: =BF24/E24 -> 0.68231169 | BK24: =BH24/BD24 -> #DIV/0! | BL24: ='[1]Recettes intérieures'!AB22 -> 0 | BM24: ='[1]Recettes intérieures'!AE22 -> 0 | BN24: ='[1]Recettes intérieures'!AD22 -> 0 | BO24: =BM24-BN24 -> 0 | BP24: =BF24+BM24 -> 19.674282 | BQ24: =BG24+BN24 -> 0.083471577 | BR24: =BP24-BQ24 -> 19.59081 | BS24: =BP24/B24 -> 0.68231169 | BT24: ='[1]Recettes intérieures'!AF22 -> 0 | BU24: ='[1]Recettes intérieures'!AI22 -> 0 | BV24: ='[1]Recettes intérieures'!AH22 -> 0 | BW24: =BU24-BV24 -> 0 | BX24: =BP24+BU24 -> 19.674282 | BY24: =BQ24+BV24 -> 0.083471577 | BZ24: =BX24-BY24 -> 19.59081 | CA24: =BX24/B24 -> 0.68231169 | CB24: ='[1]Recettes intérieures'!AJ22 -> 0 | CC24: ='[1]Recettes intérieures'!AM22 -> 0 | CD24: ='[1]Recettes intérieures'!AL22 -> 0 | CE24: =CC24-CD24 -> 0 | CG24: =CB24+BT24+BL24 -> 0 | CH24: =BM24+BU24+CC24 -> 0 | CI24: =BN24+BV24+CD24 -> 0 | CJ24: =CH24-CI24 -> 0 | CL24: =CG24+BE24 -> 12.906872 | CM24: =BX24+CC24 -> 19.674282 | CN24: =BY24+CD24 -> 0.083471577 | CO24: =CM24-CN24 -> 19.59081 | CP24: =CM24/B24 -> 0.68231169 | CQ24: =CM24/E24 -> 0.68231169 | CR24: =CO24/CK24 -> #DIV/0! | CS24: ='[1]Recettes intérieures'!AN22 -> 0 | CT24: ='[1]Recettes intérieures'!AQ22 -> 0 | CU24: ='[1]Recettes intérieures'!AP22 -> 0 | CV24: =CT24-CU24 -> 0 | CW24: =CM24+CT24 -> 19.674282 | CX24: =CN24+CU24 -> 0.083471577 | CY24: =CW24-CX24 -> 19.59081 | CZ24: ='[1]Recettes intérieures'!AR22 -> 0 | DA24: ='[1]Recettes intérieures'!AU22 -> 0 | DB24: ='[1]Recettes intérieures'!AT22 -> 0 | DC24: =DA24-DB24 -> 0 | DD24: =CW24+DA24 -> 19.674282 | DE24: =CX24+DB24 -> 0.083471577 | DF24: =DD24-DE24 -> 19.59081 | DG24: ='[1]Recettes intérieures'!AV22 -> 0 | DH24: ='[1]Recettes intérieures'!AY22 -> 0 | DI24: ='[1]Recettes intérieures'!AX22 -> 0 | DJ24: =DH24-DI24 -> 0 | DL24: =DG24+CZ24+CS24 -> 0 | DM24: =DH24+DA24+CT24 -> 0 | DN24: =DI24+DB24+CU24 -> 0 | DO24: =DM24-DN24 -> 0 | DP24: =DK24+CK24 -> 0 | DQ24: =DL24+CL24 -> 12.906872 | DR24: =DD24+DH24 -> 19.674282 | DS24: =DE24+DI24 -> 0.083471577 | DT24: =DR24-DS24 -> 19.59081 | DU24: =DR24/B24 -> 0.68231169 | DV24: =DR24/E24 -> 0.68231169 | DW24: =DT24/H24 -> 8.120304
A25: SAFER part des DAPP | B25: ='[1]Recettes intérieures'!B23 -> 12.289758 | D25: =B25-C25 -> 12.289758 | E25: ='[1]Recettes intérieures'!C23 -> 12.289758 | G25: =E25-F25 -> 12.289758 | H25: ='[1]Recettes intérieures'!D23 -> 1.025164 | I25: ='[1]Recettes intérieures'!D23 -> 1.025164 | J25: ='[1]Recettes intérieures'!G23 -> 1.574295 | K25: ='[1]Recettes intérieures'!F23 -> 0 | L25: =J25-K25 -> 1.574295 | M25: ='[1]Recettes intérieures'!H23 -> 1.025164 | N25: ='[1]Recettes intérieures'!K23 -> 1.4106086 | O25: ='[1]Recettes intérieures'!J23 -> 0 | P25: =N25-O25 -> 1.4106086 | Q25: =J25+N25 -> 2.9849036 | R25: =K25+O25 -> 0 | S25: =Q25-R25 -> 2.9849036 | T25: ='[1]Recettes intérieures'!L23 -> 0.98486 | U25: ='[1]Recettes intérieures'!O23 -> 1.437915 | V25: ='[1]Recettes intérieures'!N23 -> 0 | W25: =U25-V25 -> 1.437915 | Y25: =I25+M25+T25 -> 3.035188 | Z25: =Q25+U25 -> 4.4228186 | AA25: =R25+V25 -> 0 | AB25: =S25+W25 -> 4.4228186 | AC25: =AB25/D25 -> 0.35987841 | AD25: =Z25/Y25 -> 1.4571811 | AE25: =AB25/H25 -> 4.3142547 | AF25: ='[1]Recettes intérieures'!P23 -> 0.952393 | AG25: ='[1]Recettes intérieures'!S23 -> 1.591755 | AH25: ='[1]Recettes intérieures'!R23 -> 0 | AI25: =AG25-AH25 -> 1.591755 | AJ25: =+Z25+AG25 -> 6.0145736 | AK25: =+AA25+AH25 -> 0 | AL25: =AJ25-AK25 -> 6.0145736 | AM25: =AL25/D25 -> 0.48939723 | AN25: ='[1]Recettes intérieures'!T23 -> 0.952393 | AO25: ='[1]Recettes intérieures'!W23 -> 1.607267 | AP25: ='[1]Recettes intérieures'!V23 -> 0 | AQ25: =AO25-AP25 -> 1.607267 | AR25: =AJ25+AO25 -> 7.6218406 | AS25: =AK25+AP25 -> 0 | AT25: =AR25-AS25 -> 7.6218406 | AU25: ='[1]Recettes intérieures'!X23 -> 0.83526 | AV25: ='[1]Recettes intérieures'!AA23 -> 1.6167444 | AW25: ='[1]Recettes intérieures'!Z23 -> 0 | AX25: =AV25-AW25 -> 1.6167444 | AZ25: =AF25+AN25+AU25 -> 2.740046 | BA25: =AV25+AO25+AG25 -> 4.8157664 | BB25: =AW25+AP25+AH25 -> 0 | BC25: =BA25-BB25 -> 4.8157664 | BD25: =AY25+X25 -> 0 | BE25: =AZ25+Y25 -> 5.775234 | BF25: =BA25+Z25 -> 9.238585 | BG25: =BB25+AA25 -> 0 | BH25: =BC25+AB25 -> 9.238585 | BI25: =BH25/D25 -> 0.75173042 | BJ25: =BF25/E25 -> 0.75173042 | BK25: =BH25/BD25 -> #DIV/0! | BL25: ='[1]Recettes intérieures'!AB23 -> 0 | BM25: ='[1]Recettes intérieures'!AE23 -> 0 | BN25: ='[1]Recettes intérieures'!AD23 -> 0 | BO25: =BM25-BN25 -> 0 | BP25: =BF25+BM25 -> 9.238585 | BQ25: =BG25+BN25 -> 0 | BR25: =BP25-BQ25 -> 9.238585 | BS25: =BP25/B25 -> 0.75173042 | BT25: ='[1]Recettes intérieures'!AF23 -> 0 | BU25: ='[1]Recettes intérieures'!AI23 -> 0 | BV25: ='[1]Recettes intérieures'!AH23 -> 0 | BW25: =BU25-BV25 -> 0 | BX25: =BP25+BU25 -> 9.238585 | BY25: =BQ25+BV25 -> 0 | BZ25: =BX25-BY25 -> 9.238585 | CA25: =BX25/B25 -> 0.75173042 | CB25: ='[1]Recettes intérieures'!AJ23 -> 0 | CC25: ='[1]Recettes intérieures'!AM23 -> 0 | CD25: ='[1]Recettes intérieures'!AL23 -> 0 | CE25: =CC25-CD25 -> 0 | CG25: =CB25+BT25+BL25 -> 0 | CH25: =BM25+BU25+CC25 -> 0 | CI25: =BN25+BV25+CD25 -> 0 | CJ25: =CH25-CI25 -> 0 | CL25: =CG25+BE25 -> 5.775234 | CM25: =BX25+CC25 -> 9.238585 | CN25: =BY25+CD25 -> 0 | CO25: =CM25-CN25 -> 9.238585 | CP25: =CM25/B25 -> 0.75173042 | CQ25: =CM25/E25 -> 0.75173042 | CR25: =CO25/CK25 -> #DIV/0! | CS25: ='[1]Recettes intérieures'!AN23 -> 0 | CT25: ='[1]Recettes intérieures'!AQ23 -> 0 | CU25: ='[1]Recettes intérieures'!AP23 -> 0 | CV25: =CT25-CU25 -> 0 | CW25: =CM25+CT25 -> 9.238585 | CX25: =CN25+CU25 -> 0 | CY25: =CW25-CX25 -> 9.238585 | CZ25: ='[1]Recettes intérieures'!AR23 -> 0 | DA25: ='[1]Recettes intérieures'!AU23 -> 0 | DB25: ='[1]Recettes intérieures'!AT23 -> 0 | DC25: =DA25-DB25 -> 0 | DD25: =CW25+DA25 -> 9.238585 | DE25: =CX25+DB25 -> 0 | DF25: =DD25-DE25 -> 9.238585 | DG25: ='[1]Recettes intérieures'!AV23 -> 0 | DH25: ='[1]Recettes intérieures'!AY23 -> 0 | DI25: ='[1]Recettes intérieures'!AX23 -> 0 | DJ25: =DH25-DI25 -> 0 | DL25: =DG25+CZ25+CS25 -> 0 | DM25: =DH25+DA25+CT25 -> 0 | DN25: =DI25+DB25+CU25 -> 0 | DO25: =DM25-DN25 -> 0 | DP25: =DK25+CK25 -> 0 | DQ25: =DL25+CL25 -> 5.775234 | DR25: =DD25+DH25 -> 9.238585 | DS25: =DE25+DI25 -> 0 | DT25: =DR25-DS25 -> 9.238585 | DU25: =DR25/B25 -> 0.75173042 | DV25: =DR25/E25 -> 0.75173042 | DW25: =DT25/H25 -> 9.0118117
A26: AUTRES RECETTES FISCALES | B26: =SUM(B27:B30) -> 11.334319 | C26: =SUM(C27:C30) -> 0 | D26: =SUM(D27:D30) -> 11.334319 | E26: =SUM(E27:E30) -> 11.334319 | F26: =SUM(F27:F30) -> 0 | G26: =SUM(G27:G30) -> 11.334319 | H26: =SUM(H27:H30) -> 0.600918 | I26: =SUM(I27:I30) -> 0.600918 | ... AB26: =SUM(AB27:AB30) -> 2.7800843 | AC26: =AB26/D26 -> 0.24528022 | AD26: =Z26/Y26 -> 1.4635212 | AE26: =AB26/H26 -> 4.6263955 | AF26: =SUM(AF27:AF30) -> 0.55741 | AG26: =SUM(AG27:AG30) -> 0.85669132 | AH26: =SUM(AH27:AH30) -> 0 | AI26: =SUM(AI27:AI30) -> 0.85669132 | AJ26: =SUM(AJ27:AJ30) -> 3.6683379 | AK26: =SUM(AK27:AK30) -> 0.0315623 | AL26: =SUM(AL27:AL30) -> 3.6367756 | AM26: =AL26/D26 -> 0.32086406 | AN26: =SUM(AN27:AN30) -> 0 | AO26: =SUM(AO27:AO30) -> 0.69734007 | AP26: =SUM(AP27:AP30) -> 0 | AQ26: =SUM(AQ27:AQ30) -> 0.69734007 | AR26: =SUM(AR27:AR30) -> 4.365678 | AS26: =SUM(AS27:AS30) -> 0.0315623 | AT26: =SUM(AT27:AT30) -> 4.3341157 | AU26: =SUM(AU27:AU30) -> 0.573796 | ... BH26: =SUM(BH27:BH30) -> 5.4463501 | BI26: =BH26/D26 -> 0.48051851 | BJ26: =BF26/E26 -> 0.48330318 | BK26: =BH26/BD26 -> #DIV/0! | BL26: =SUM(BL27:BL30) -> 0 | BM26: =SUM(BM27:BM30) -> 0 | BN26: =SUM(BN27:BN30) -> 0 | BO26: =SUM(BO27:BO30) -> 0 | BP26: =SUM(BP27:BP30) -> 5.4779124 | BQ26: =SUM(BQ27:BQ30) -> 0.0315623 | BR26: =SUM(BR27:BR30) -> 5.4463501 | BS26: =BP26/B26 -> 0.48330318 | BT26: =SUM(BT27:BT30) -> 0 | BU26: =SUM(BU27:BU30) -> 0 | BV26: =SUM(BV27:BV30) -> 0 | BW26: =SUM(BW27:BW30) -> 0 | BX26: =SUM(BX27:BX30) -> 5.4779124 | BY26: =SUM(BY27:BY30) -> 0.0315623 | BZ26: =SUM(BZ27:BZ30) -> 5.4463501 | CA26: =BX26/B26 -> 0.48330318 | CB26: =SUM(CB27:CB30) -> 0 | CC26: =SUM(CC27:CC30) -> 0 | CD26: =SUM(CD27:CD30) -> 0 | CE26: =SUM(CE27:CE30) -> 0 | CF26: =SUM(CF27:CF30) -> 0 | CG26: =SUM(CG27:CG30) -> 0 | CH26: =SUM(CH27:CH30) -> 0 | CI26: =SUM(CI27:CI30) -> 0 | ... CO26: =SUM(CO27:CO30) -> 5.4463501 | CP26: =CM26/B26 -> 0.48330318 | CQ26: =CM26/E26 -> 0.48330318 | CR26: =CO26/CK26 -> #DIV/0! | CS26: =SUM(CS27:CS30) -> 0 | CT26: =SUM(CT27:CT30) -> 0 | CU26: =SUM(CU27:CU30) -> 0 | CV26: =SUM(CV27:CV30) -> 0 | CW26: =SUM(CW27:CW30) -> 5.4779124 | CX26: =SUM(CX27:CX30) -> 0.0315623 | CY26: =SUM(CY27:CY30) -> 5.4463501 | CZ26: =SUM(CZ27:CZ30) -> 0 | ... DT26: =SUM(DT27:DT30) -> 5.4463501 | DU26: =DR26/B26 -> 0.48330318 | DV26: =DR26/E26 -> 0.48330318 | DW26: =DT26/H26 -> 9.0633831
A27: Droits de conservation de la propriété foncière | B27: ='[1]Recettes intérieures'!B25 -> 0 | D27: =B27-C27 -> 0 | E27: ='[1]Recettes intérieures'!C25 -> 0 | G27: =E27-F27 -> 0 | H27: ='[1]Recettes intérieures'!D25 -> 0 | I27: ='[1]Recettes intérieures'!D25 -> 0 | J27: ='[1]Recettes intérieures'!G25 -> 0.006640725 | K27: ='[1]Recettes intérieures'!F25 -> 0 | L27: =J27-K27 -> 0.006640725 | M27: ='[1]Recettes intérieures'!H25 -> 0 | N27: ='[1]Recettes intérieures'!K25 -> 0.01315482 | O27: ='[1]Recettes intérieures'!J25 -> 0 | P27: =N27-O27 -> 0.01315482 | Q27: =J27+N27 -> 0.019795545 | R27: =K27+O27 -> 0 | S27: =Q27-R27 -> 0.019795545 | T27: ='[1]Recettes intérieures'!L25 -> 0 | U27: ='[1]Recettes intérieures'!O25 -> 0.051876551 | V27: ='[1]Recettes intérieures'!N25 -> 0 | W27: =U27-V27 -> 0.051876551 | Y27: =I27+M27+T27 -> 0 | Z27: =Q27+U27 -> 0.071672096 | AA27: =R27+V27 -> 0 | AB27: =S27+W27 -> 0.071672096 | AC27: =AB27/D27 -> #DIV/0! | AD27: =Z27/Y27 -> #DIV/0! | AE27: =AB27/H27 -> #DIV/0! | AF27: ='[1]Recettes intérieures'!P25 -> 0 | AG27: ='[1]Recettes intérieures'!S25 -> 0.00875475 | AH27: ='[1]Recettes intérieures'!R25 -> 0 | AI27: =AG27-AH27 -> 0.00875475 | AJ27: =+Z27+AG27 -> 0.080426846 | AK27: =+AA27+AH27 -> 0 | AL27: =AJ27-AK27 -> 0.080426846 | AM27: =AL27/D27 -> #DIV/0! | AN27: ='[1]Recettes intérieures'!T25 -> 0 | AO27: ='[1]Recettes intérieures'!W25 -> 0.011159528 | AP27: ='[1]Recettes intérieures'!V25 -> 0 | AQ27: =AO27-AP27 -> 0.011159528 | AR27: =AJ27+AO27 -> 0.091586374 | AS27: =AK27+AP27 -> 0 | AT27: =AR27-AS27 -> 0.091586374 | AU27: ='[1]Recettes intérieures'!X25 -> 0 | AV27: ='[1]Recettes intérieures'!AA25 -> 0.009902672 | AW27: ='[1]Recettes intérieures'!Z25 -> 0 | AX27: =AV27-AW27 -> 0.009902672 | AZ27: =AF27+AN27+AU27 -> 0 | BA27: =AV27+AO27+AG27 -> 0.02981695 | BB27: =AW27+AP27+AH27 -> 0 | BC27: =BA27-BB27 -> 0.02981695 | BD27: =AY27+X27 -> 0 | BE27: =AZ27+Y27 -> 0 | BF27: =BA27+Z27 -> 0.10148905 | BG27: =BB27+AA27 -> 0 | BH27: =BC27+AB27 -> 0.10148905 | BI27: =BH27/D27 -> #DIV/0! | BJ27: =BF27/E27 -> #DIV/0! | BK27: =BH27/BD27 -> #DIV/0! | BL27: ='[1]Recettes intérieures'!AB25 -> 0 | BM27: ='[1]Recettes intérieures'!AE25 -> 0 | BN27: ='[1]Recettes intérieures'!AD25 -> 0 | BO27: =BM27-BN27 -> 0 | BP27: =BF27+BM27 -> 0.10148905 | BQ27: =BG27+BN27 -> 0 | BR27: =BP27-BQ27 -> 0.10148905 | BS27: =BP27/B27 -> #DIV/0! | BT27: ='[1]Recettes intérieures'!AF25 -> 0 | BU27: ='[1]Recettes intérieures'!AI25 -> 0 | BV27: ='[1]Recettes intérieures'!AH25 -> 0 | BW27: =BU27-BV27 -> 0 | BX27: =BP27+BU27 -> 0.10148905 | BY27: =BQ27+BV27 -> 0 | BZ27: =BX27-BY27 -> 0.10148905 | CA27: =BX27/B27 -> #DIV/0! | CB27: ='[1]Recettes intérieures'!AJ25 -> 0 | CC27: ='[1]Recettes intérieures'!AM25 -> 0 | CD27: ='[1]Recettes intérieures'!AL25 -> 0 | CE27: =CC27-CD27 -> 0 | CG27: =CB27+BT27+BL27 -> 0 | CH27: =BM27+BU27+CC27 -> 0 | CI27: =BN27+BV27+CD27 -> 0 | CJ27: =CH27-CI27 -> 0 | CL27: =CG27+BE27 -> 0 | CM27: =BX27+CC27 -> 0.10148905 | CN27: =BY27+CD27 -> 0 | CO27: =CM27-CN27 -> 0.10148905 | CP27: =CM27/B27 -> #DIV/0! | CQ27: =CM27/E27 -> #DIV/0! | CR27: =CO27/CK27 -> #DIV/0! | CS27: ='[1]Recettes intérieures'!AN25 -> 0 | CT27: ='[1]Recettes intérieures'!AQ25 -> 0 | CU27: ='[1]Recettes intérieures'!AP25 -> 0 | CV27: =CT27-CU27 -> 0 | CW27: =CM27+CT27 -> 0.10148905 | CX27: =CN27+CU27 -> 0 | CY27: =CW27-CX27 -> 0.10148905 | CZ27: ='[1]Recettes intérieures'!AR25 -> 0 | DA27: ='[1]Recettes intérieures'!AU25 -> 0 | DB27: ='[1]Recettes intérieures'!AT25 -> 0 | DC27: =DA27-DB27 -> 0 | DD27: =CW27+DA27 -> 0.10148905 | DE27: =CX27+DB27 -> 0 | DF27: =DD27-DE27 -> 0.10148905 | DG27: ='[1]Recettes intérieures'!AV25 -> 0 | DH27: ='[1]Recettes intérieures'!AY25 -> 0 | DI27: ='[1]Recettes intérieures'!AX25 -> 0 | DJ27: =DH27-DI27 -> 0 | DL27: =DG27+CZ27+CS27 -> 0 | DM27: =DH27+DA27+CT27 -> 0 | DN27: =DI27+DB27+CU27 -> 0 | DO27: =DM27-DN27 -> 0 | DP27: =DK27+CK27 -> 0 | DQ27: =DL27+CL27 -> 0 | DR27: =DD27+DH27 -> 0.10148905 | DS27: =DE27+DI27 -> 0 | DT27: =DR27-DS27 -> 0.10148905 | DU27: =DR27/B27 -> #DIV/0! | DV27: =DR27/E27 -> #DIV/0! | DW27: =DT27/H27 -> #DIV/0!
A28: Droits de timbres | B28: ='[1]Recettes intérieures'!B26 -> 3.261878 | D28: =B28-C28 -> 3.261878 | E28: ='[1]Recettes intérieures'!C26 -> 3.261878 | G28: =E28-F28 -> 3.261878 | H28: ='[1]Recettes intérieures'!D26 -> 0.218485 | I28: ='[1]Recettes intérieures'!D26 -> 0.218485 | J28: ='[1]Recettes intérieures'!G26 -> 0.17337972 | K28: ='[1]Recettes intérieures'!F26 -> 0.0001905 | L28: =J28-K28 -> 0.17318922 | M28: ='[1]Recettes intérieures'!H26 -> 0.203605 | N28: ='[1]Recettes intérieures'!K26 -> 0.32176265 | O28: ='[1]Recettes intérieures'!J26 -> 0 | P28: =N28-O28 -> 0.32176265 | Q28: =J28+N28 -> 0.49514236 | R28: =K28+O28 -> 0.0001905 | S28: =Q28-R28 -> 0.49495186 | T28: ='[1]Recettes intérieures'!L26 -> 0.180091 | U28: ='[1]Recettes intérieures'!O26 -> 0.17851256 | V28: ='[1]Recettes intérieures'!N26 -> 0 | W28: =U28-V28 -> 0.17851256 | Y28: =I28+M28+T28 -> 0.602181 | Z28: =Q28+U28 -> 0.67365493 | AA28: =R28+V28 -> 0.0001905 | AB28: =S28+W28 -> 0.67346443 | AC28: =AB28/D28 -> 0.20646524 | AD28: =Z28/Y28 -> 1.1186918 | AE28: =AB28/H28 -> 3.0824287 | AF28: ='[1]Recettes intérieures'!P26 -> 0.184322 | AG28: ='[1]Recettes intérieures'!S26 -> 0.28769127 | AH28: ='[1]Recettes intérieures'!R26 -> 0 | AI28: =AG28-AH28 -> 0.28769127 | AJ28: =+Z28+AG28 -> 0.96134619 | AK28: =+AA28+AH28 -> 0.0001905 | AL28: =AJ28-AK28 -> 0.96115569 | AM28: =AL28/D28 -> 0.29466329 | AN28: ='[1]Recettes intérieures'!T26 -> 0 | AO28: ='[1]Recettes intérieures'!W26 -> 0.10925752 | AP28: ='[1]Recettes intérieures'!V26 -> 0 | AQ28: =AO28-AP28 -> 0.10925752 | AR28: =AJ28+AO28 -> 1.0706037 | AS28: =AK28+AP28 -> 0.0001905 | AT28: =AR28-AS28 -> 1.0704132 | AU28: ='[1]Recettes intérieures'!X26 -> 0.206318 | AV28: ='[1]Recettes intérieures'!AA26 -> 0.33625925 | AW28: ='[1]Recettes intérieures'!Z26 -> 0 | AX28: =AV28-AW28 -> 0.33625925 | AZ28: =AF28+AN28+AU28 -> 0.39064 | BA28: =AV28+AO28+AG28 -> 0.73320804 | BB28: =AW28+AP28+AH28 -> 0 | BC28: =BA28-BB28 -> 0.73320804 | BD28: =AY28+X28 -> 0 | BE28: =AZ28+Y28 -> 0.992821 | BF28: =BA28+Z28 -> 1.406863 | BG28: =BB28+AA28 -> 0.0001905 | BH28: =BC28+AB28 -> 1.4066725 | BI28: =BH28/D28 -> 0.43124619 | BJ28: =BF28/E28 -> 0.43130459 | BK28: =BH28/BD28 -> #DIV/0! | BL28: ='[1]Recettes intérieures'!AB26 -> 0 | BM28: ='[1]Recettes intérieures'!AE26 -> 0 | BN28: ='[1]Recettes intérieures'!AD26 -> 0 | BO28: =BM28-BN28 -> 0 | BP28: =BF28+BM28 -> 1.406863 | BQ28: =BG28+BN28 -> 0.0001905 | BR28: =BP28-BQ28 -> 1.4066725 | BS28: =BP28/B28 -> 0.43130459 | BT28: ='[1]Recettes intérieures'!AF26 -> 0 | BU28: ='[1]Recettes intérieures'!AI26 -> 0 | BV28: ='[1]Recettes intérieures'!AH26 -> 0 | BW28: =BU28-BV28 -> 0 | BX28: =BP28+BU28 -> 1.406863 | BY28: =BQ28+BV28 -> 0.0001905 | BZ28: =BX28-BY28 -> 1.4066725 | CA28: =BX28/B28 -> 0.43130459 | CB28: ='[1]Recettes intérieures'!AJ26 -> 0 | CC28: ='[1]Recettes intérieures'!AM26 -> 0 | CD28: ='[1]Recettes intérieures'!AL26 -> 0 | CE28: =CC28-CD28 -> 0 | CG28: =CB28+BT28+BL28 -> 0 | CH28: =BM28+BU28+CC28 -> 0 | CI28: =BN28+BV28+CD28 -> 0 | CJ28: =CH28-CI28 -> 0 | CL28: =CG28+BE28 -> 0.992821 | CM28: =BX28+CC28 -> 1.406863 | CN28: =BY28+CD28 -> 0.0001905 | CO28: =CM28-CN28 -> 1.4066725 | CP28: =CM28/B28 -> 0.43130459 | CQ28: =CM28/E28 -> 0.43130459 | CR28: =CO28/CK28 -> #DIV/0! | CS28: ='[1]Recettes intérieures'!AN26 -> 0 | CT28: ='[1]Recettes intérieures'!AQ26 -> 0 | CU28: ='[1]Recettes intérieures'!AP26 -> 0 | CV28: =CT28-CU28 -> 0 | CW28: =CM28+CT28 -> 1.406863 | CX28: =CN28+CU28 -> 0.0001905 | CY28: =CW28-CX28 -> 1.4066725 | CZ28: ='[1]Recettes intérieures'!AR26 -> 0 | DA28: ='[1]Recettes intérieures'!AU26 -> 0 | DB28: ='[1]Recettes intérieures'!AT26 -> 0 | DC28: =DA28-DB28 -> 0 | DD28: =CW28+DA28 -> 1.406863 | DE28: =CX28+DB28 -> 0.0001905 | DF28: =DD28-DE28 -> 1.4066725 | DG28: ='[1]Recettes intérieures'!AV26 -> 0 | DH28: ='[1]Recettes intérieures'!AY26 -> 0 | DI28: ='[1]Recettes intérieures'!AX26 -> 0 | DJ28: =DH28-DI28 -> 0 | DL28: =DG28+CZ28+CS28 -> 0 | DM28: =DH28+DA28+CT28 -> 0 | DN28: =DI28+DB28+CU28 -> 0 | DO28: =DM28-DN28 -> 0 | DP28: =DK28+CK28 -> 0 | DQ28: =DL28+CL28 -> 0.992821 | DR28: =DD28+DH28 -> 1.406863 | DS28: =DE28+DI28 -> 0.0001905 | DT28: =DR28-DS28 -> 1.4066725 | DU28: =DR28/B28 -> 0.43130459 | DV28: =DR28/E28 -> 0.43130459 | DW28: =DT28/H28 -> 6.4383022
A29: Droits d'enregistrement | B29: ='[1]Recettes intérieures'!B27 -> 6.788128 | D29: =B29-C29 -> 6.788128 | E29: ='[1]Recettes intérieures'!C27 -> 6.788128 | G29: =E29-F29 -> 6.788128 | H29: ='[1]Recettes intérieures'!D27 -> 0.301191 | I29: ='[1]Recettes intérieures'!D27 -> 0.301191 | J29: ='[1]Recettes intérieures'!G27 -> 0.73035545 | K29: ='[1]Recettes intérieures'!F27 -> 0.0313718 | L29: =J29-K29 -> 0.69898365 | M29: ='[1]Recettes intérieures'!H27 -> 0.286496 | N29: ='[1]Recettes intérieures'!K27 -> 0.62305365 | O29: ='[1]Recettes intérieures'!J27 -> 0 | P29: =N29-O29 -> 0.62305365 | Q29: =J29+N29 -> 1.3534091 | R29: =K29+O29 -> 0.0313718 | S29: =Q29-R29 -> 1.3220373 | T29: ='[1]Recettes intérieures'!L27 -> 0.500322 | U29: ='[1]Recettes intérieures'!O27 -> 0.69304933 | V29: ='[1]Recettes intérieures'!N27 -> 0 | W29: =U29-V29 -> 0.69304933 | Y29: =I29+M29+T29 -> 1.088009 | Z29: =Q29+U29 -> 2.0464584 | AA29: =R29+V29 -> 0.0313718 | AB29: =S29+W29 -> 2.0150866 | AC29: =AB29/D29 -> 0.29685454 | AD29: =Z29/Y29 -> 1.8809205 | AE29: =AB29/H29 -> 6.6903946 | AF29: ='[1]Recettes intérieures'!P27 -> 0.276542 | AG29: ='[1]Recettes intérieures'!S27 -> 0.55260393 | AH29: ='[1]Recettes intérieures'!R27 -> 0 | AI29: =AG29-AH29 -> 0.55260393 | AJ29: =+Z29+AG29 -> 2.5990624 | AK29: =+AA29+AH29 -> 0.0313718 | AL29: =AJ29-AK29 -> 2.5676906 | AM29: =AL29/D29 -> 0.37826195 | AN29: ='[1]Recettes intérieures'!T27 -> 0 | AO29: ='[1]Recettes intérieures'!W27 -> 0.57167633 | AP29: ='[1]Recettes intérieures'!V27 -> 0 | AQ29: =AO29-AP29 -> 0.57167633 | AR29: =AJ29+AO29 -> 3.1707387 | AS29: =AK29+AP29 -> 0.0313718 | AT29: =AR29-AS29 -> 3.1393669 | AU29: ='[1]Recettes intérieures'!X27 -> 0.325336 | AV29: ='[1]Recettes intérieures'!AA27 -> 0.75904362 | AW29: ='[1]Recettes intérieures'!Z27 -> 0 | AX29: =AV29-AW29 -> 0.75904362 | AZ29: =AF29+AN29+AU29 -> 0.601878 | BA29: =AV29+AO29+AG29 -> 1.8833239 | BB29: =AW29+AP29+AH29 -> 0 | BC29: =BA29-BB29 -> 1.8833239 | BD29: =AY29+X29 -> 0 | BE29: =AZ29+Y29 -> 1.689887 | BF29: =BA29+Z29 -> 3.9297823 | BG29: =BB29+AA29 -> 0.0313718 | BH29: =BC29+AB29 -> 3.8984105 | BI29: =BH29/D29 -> 0.57429832 | BJ29: =BF29/E29 -> 0.57891989 | BK29: =BH29/BD29 -> #DIV/0! | BL29: ='[1]Recettes intérieures'!AB27 -> 0 | BM29: ='[1]Recettes intérieures'!AE27 -> 0 | BN29: ='[1]Recettes intérieures'!AD27 -> 0 | BO29: =BM29-BN29 -> 0 | BP29: =BF29+BM29 -> 3.9297823 | BQ29: =BG29+BN29 -> 0.0313718 | BR29: =BP29-BQ29 -> 3.8984105 | BS29: =BP29/B29 -> 0.57891989 | BT29: ='[1]Recettes intérieures'!AF27 -> 0 | BU29: ='[1]Recettes intérieures'!AI27 -> 0 | BV29: ='[1]Recettes intérieures'!AH27 -> 0 | BW29: =BU29-BV29 -> 0 | BX29: =BP29+BU29 -> 3.9297823 | BY29: =BQ29+BV29 -> 0.0313718 | BZ29: =BX29-BY29 -> 3.8984105 | CA29: =BX29/B29 -> 0.57891989 | CB29: ='[1]Recettes intérieures'!AJ27 -> 0 | CC29: ='[1]Recettes intérieures'!AM27 -> 0 | CD29: ='[1]Recettes intérieures'!AL27 -> 0 | CE29: =CC29-CD29 -> 0 | CG29: =CB29+BT29+BL29 -> 0 | CH29: =BM29+BU29+CC29 -> 0 | CI29: =BN29+BV29+CD29 -> 0 | CJ29: =CH29-CI29 -> 0 | CL29: =CG29+BE29 -> 1.689887 | CM29: =BX29+CC29 -> 3.9297823 | CN29: =BY29+CD29 -> 0.0313718 | CO29: =CM29-CN29 -> 3.8984105 | CP29: =CM29/B29 -> 0.57891989 | CQ29: =CM29/E29 -> 0.57891989 | CR29: =CO29/CK29 -> #DIV/0! | CS29: ='[1]Recettes intérieures'!AN27 -> 0 | CT29: ='[1]Recettes intérieures'!AQ27 -> 0 | CU29: ='[1]Recettes intérieures'!AP27 -> 0 | CV29: =CT29-CU29 -> 0 | CW29: =CM29+CT29 -> 3.9297823 | CX29: =CN29+CU29 -> 0.0313718 | CY29: =CW29-CX29 -> 3.8984105 | CZ29: ='[1]Recettes intérieures'!AR27 -> 0 | DA29: ='[1]Recettes intérieures'!AU27 -> 0 | DB29: ='[1]Recettes intérieures'!AT27 -> 0 | DC29: =DA29-DB29 -> 0 | DD29: =CW29+DA29 -> 3.9297823 | DE29: =CX29+DB29 -> 0.0313718 | DF29: =DD29-DE29 -> 3.8984105 | DG29: ='[1]Recettes intérieures'!AV27 -> 0 | DH29: ='[1]Recettes intérieures'!AY27 -> 0 | DI29: ='[1]Recettes intérieures'!AX27 -> 0 | DJ29: =DH29-DI29 -> 0 | DL29: =DG29+CZ29+CS29 -> 0 | DM29: =DH29+DA29+CT29 -> 0 | DN29: =DI29+DB29+CU29 -> 0 | DO29: =DM29-DN29 -> 0 | DP29: =DK29+CK29 -> 0 | DQ29: =DL29+CL29 -> 1.689887 | DR29: =DD29+DH29 -> 3.9297823 | DS29: =DE29+DI29 -> 0.0313718 | DT29: =DR29-DS29 -> 3.8984105 | DU29: =DR29/B29 -> 0.57891989 | DV29: =DR29/E29 -> 0.57891989 | DW29: =DT29/H29 -> 12.943317
A30: Amendes et pénalités | B30: ='[1]Recettes intérieures'!B28 -> 1.284313 | D30: =B30-C30 -> 1.284313 | E30: ='[1]Recettes intérieures'!C28 -> 1.284313 | G30: =E30-F30 -> 1.284313 | H30: ='[1]Recettes intérieures'!D28 -> 0.081242 | I30: ='[1]Recettes intérieures'!D28 -> 0.081242 | J30: ='[1]Recettes intérieures'!G28 -> 0.007205022 | K30: ='[1]Recettes intérieures'!F28 -> 0 | L30: =J30-K30 -> 0.007205022 | M30: ='[1]Recettes intérieures'!H28 -> 0.052979 | N30: ='[1]Recettes intérieures'!K28 -> 0.006435607 | O30: ='[1]Recettes intérieures'!J28 -> 0 | P30: =N30-O30 -> 0.006435607 | Q30: =J30+N30 -> 0.013640629 | R30: =K30+O30 -> 0 | S30: =Q30-R30 -> 0.013640629 | T30: ='[1]Recettes intérieures'!L28 -> 0.096741 | U30: ='[1]Recettes intérieures'!O28 -> 0.006220517 | V30: ='[1]Recettes intérieures'!N28 -> 0 | W30: =U30-V30 -> 0.006220517 | Y30: =I30+M30+T30 -> 0.230962 | Z30: =Q30+U30 -> 0.019861146 | AA30: =R30+V30 -> 0 | AB30: =S30+W30 -> 0.019861146 | AC30: =AB30/D30 -> 0.015464412 | AD30: =Z30/Y30 -> 0.085993133 | AE30: =AB30/H30 -> 0.24446894 | AF30: ='[1]Recettes intérieures'!P28 -> 0.096546 | AG30: ='[1]Recettes intérieures'!S28 -> 0.007641375 | AH30: ='[1]Recettes intérieures'!R28 -> 0 | AI30: =AG30-AH30 -> 0.007641375 | AJ30: =+Z30+AG30 -> 0.027502521 | AK30: =+AA30+AH30 -> 0 | AL30: =AJ30-AK30 -> 0.027502521 | AM30: =AL30/D30 -> 0.021414189 | AN30: ='[1]Recettes intérieures'!T28 -> 0 | AO30: ='[1]Recettes intérieures'!W28 -> 0.00524669 | AP30: ='[1]Recettes intérieures'!V28 -> 0 | AQ30: =AO30-AP30 -> 0.00524669 | AR30: =AJ30+AO30 -> 0.032749211 | AS30: =AK30+AP30 -> 0 | AT30: =AR30-AS30 -> 0.032749211 | AU30: ='[1]Recettes intérieures'!X28 -> 0.042142 | AV30: ='[1]Recettes intérieures'!AA28 -> 0.007028843 | AW30: ='[1]Recettes intérieures'!Z28 -> 0 | AX30: =AV30-AW30 -> 0.007028843 | AZ30: =AF30+AN30+AU30 -> 0.138688 | BA30: =AV30+AO30+AG30 -> 0.019916908 | BB30: =AW30+AP30+AH30 -> 0 | BC30: =BA30-BB30 -> 0.019916908 | BD30: =AY30+X30 -> 0 | BE30: =AZ30+Y30 -> 0.36965 | BF30: =BA30+Z30 -> 0.039778054 | BG30: =BB30+AA30 -> 0 | BH30: =BC30+AB30 -> 0.039778054 | BI30: =BH30/D30 -> 0.030972243 | BJ30: =BF30/E30 -> 0.030972243 | BK30: =BH30/BD30 -> #DIV/0! | BL30: ='[1]Recettes intérieures'!AB28 -> 0 | BM30: ='[1]Recettes intérieures'!AE28 -> 0 | BN30: ='[1]Recettes intérieures'!AD28 -> 0 | BO30: =BM30-BN30 -> 0 | BP30: =BF30+BM30 -> 0.039778054 | BQ30: =BG30+BN30 -> 0 | BR30: =BP30-BQ30 -> 0.039778054 | BS30: =BP30/B30 -> 0.030972243 | BT30: ='[1]Recettes intérieures'!AF28 -> 0 | BU30: ='[1]Recettes intérieures'!AI28 -> 0 | BV30: ='[1]Recettes intérieures'!AH28 -> 0 | BW30: =BU30-BV30 -> 0 | BX30: =BP30+BU30 -> 0.039778054 | BY30: =BQ30+BV30 -> 0 | BZ30: =BX30-BY30 -> 0.039778054 | CA30: =BX30/B30 -> 0.030972243 | CB30: ='[1]Recettes intérieures'!AJ28 -> 0 | CC30: ='[1]Recettes intérieures'!AM28 -> 0 | CD30: ='[1]Recettes intérieures'!AL28 -> 0 | CE30: =CC30-CD30 -> 0 | CG30: =CB30+BT30+BL30 -> 0 | CH30: =BM30+BU30+CC30 -> 0 | CI30: =BN30+BV30+CD30 -> 0 | CJ30: =CH30-CI30 -> 0 | CL30: =CG30+BE30 -> 0.36965 | CM30: =BX30+CC30 -> 0.039778054 | CN30: =BY30+CD30 -> 0 | CO30: =CM30-CN30 -> 0.039778054 | CP30: =CM30/B30 -> 0.030972243 | CQ30: =CM30/E30 -> 0.030972243 | CR30: =CO30/CK30 -> #DIV/0! | CS30: ='[1]Recettes intérieures'!AN28 -> 0 | CT30: ='[1]Recettes intérieures'!AQ28 -> 0 | CU30: ='[1]Recettes intérieures'!AP28 -> 0 | CV30: =CT30-CU30 -> 0 | CW30: =CM30+CT30 -> 0.039778054 | CX30: =CN30+CU30 -> 0 | CY30: =CW30-CX30 -> 0.039778054 | CZ30: ='[1]Recettes intérieures'!AR28 -> 0 | DA30: ='[1]Recettes intérieures'!AU28 -> 0 | DB30: ='[1]Recettes intérieures'!AT28 -> 0 | DC30: =DA30-DB30 -> 0 | DD30: =CW30+DA30 -> 0.039778054 | DE30: =CX30+DB30 -> 0 | DF30: =DD30-DE30 -> 0.039778054 | DG30: ='[1]Recettes intérieures'!AV28 -> 0 | DH30: ='[1]Recettes intérieures'!AY28 -> 0 | DI30: ='[1]Recettes intérieures'!AX28 -> 0 | DJ30: =DH30-DI30 -> 0 | DL30: =DG30+CZ30+CS30 -> 0 | DM30: =DH30+DA30+CT30 -> 0 | DN30: =DI30+DB30+CU30 -> 0 | DO30: =DM30-DN30 -> 0 | DP30: =DK30+CK30 -> 0 | DQ30: =DL30+CL30 -> 0.36965 | DR30: =DD30+DH30 -> 0.039778054 | DS30: =DE30+DI30 -> 0 | DT30: =DR30-DS30 -> 0.039778054 | DU30: =DR30/B30 -> 0.030972243 | DV30: =DR30/E30 -> 0.030972243 | DW30: =DT30/H30 -> 0.48962426
A31: COMMISSARIAT DES DOUANES ET DROITS INDIRECTS (CDDI) | B31: =+SUM(B32:B43) -> 313.0134 | C31: =+SUM(C32:C43) -> 51.568943 | D31: =+SUM(D32:D43) -> 261.44446 | E31: =+SUM(E32:E43) -> 313.0134 | F31: =+SUM(F32:F43) -> 51.568943 | G31: =+SUM(G32:G43) -> 261.44446 | H31: =+SUM(H32:H43) -> 257.69221 | I31: =+SUM(I32:I43) -> 23.582949 | ... AB31: =+SUM(AB32:AB43) -> 67.577723 | AC31: =AB31/D31 -> 0.25847832 | AD31: =Z31/Y31 -> 1.9454111 | AE31: =AB31/H31 -> 0.26224202 | AF31: =+SUM(AF32:AF43) -> 21.203851 | AG31: =+SUM(AG32:AG43) -> 28.471898 | AH31: =+SUM(AH32:AH43) -> 7.2411492 | AI31: =+SUM(AI32:AI43) -> 21.230749 | AJ31: =+SUM(AJ32:AJ43) -> 118.14573 | AK31: =+SUM(AK32:AK43) -> 29.337259 | AL31: =+SUM(AL32:AL43) -> 88.808472 | AM31: =AL31/D31 -> 0.3396839 | AN31: =+SUM(AN32:AN43) -> 25.06978 | AO31: =+SUM(AO32:AO43) -> 29.937765 | AP31: =+SUM(AP32:AP43) -> 7.9557846 | AQ31: =+SUM(AQ32:AQ43) -> 21.98198 | AR31: =+SUM(AR32:AR43) -> 148.0835 | AS31: =+SUM(AS32:AS43) -> 37.293044 | AT31: =+SUM(AT32:AT43) -> 110.79045 | AU31: =+SUM(AU32:AU43) -> 0 | ... BH31: =+SUM(BH32:BH43) -> 134.59174 | BI31: =BH31/D31 -> 0.51480051 | BJ31: =BF31/E31 -> 0.58575906 | BK31: =BH31/BD31 -> #DIV/0! | BL31: =+SUM(BL32:BL43) -> 0 | BM31: =+SUM(BM32:BM43) -> 0 | BN31: =+SUM(BN32:BN43) -> 0 | BO31: =+SUM(BO32:BO43) -> 0 | BP31: =+SUM(BP32:BP43) -> 183.35043 | BQ31: =+SUM(BQ32:BQ43) -> 48.758695 | BR31: =+SUM(BR32:BR43) -> 134.59174 | BS31: =BP31/B31 -> 0.58575906 | BT31: =+SUM(BT32:BT43) -> 0 | BU31: =+SUM(BU32:BU43) -> 0 | BV31: =+SUM(BV32:BV43) -> 0 | BW31: =+SUM(BW32:BW43) -> 0 | BX31: =+SUM(BX32:BX43) -> 183.35043 | BY31: =+SUM(BY32:BY43) -> 48.758695 | BZ31: =+SUM(BZ32:BZ43) -> 134.59174 | CA31: =BX31/B31 -> 0.58575906 | CB31: =+SUM(CB32:CB43) -> 0 | CC31: =+SUM(CC32:CC43) -> 0 | CD31: =+SUM(CD32:CD43) -> 0 | CE31: =+SUM(CE32:CE43) -> 0 | CF31: =+SUM(CF32:CF43) -> 0 | CG31: =+SUM(CG32:CG43) -> 0 | CH31: =+SUM(CH32:CH43) -> 0 | CI31: =+SUM(CI32:CI43) -> 0 | ... CO31: =+SUM(CO32:CO43) -> 134.59174 | CP31: =CM31/B31 -> 0.58575906 | CQ31: =CM31/E31 -> 0.58575906 | CR31: =CO31/CK31 -> #DIV/0! | CS31: =+SUM(CS32:CS43) -> 0 | CT31: =+SUM(CT32:CT43) -> 0 | CU31: =+SUM(CU32:CU43) -> 0 | CV31: =+SUM(CV32:CV43) -> 0 | CW31: =+SUM(CW32:CW43) -> 183.35043 | CX31: =+SUM(CX32:CX43) -> 48.758695 | CY31: =+SUM(CY32:CY43) -> 134.59174 | CZ31: =+SUM(CZ32:CZ43) -> 0 | ... DT31: =+SUM(DT32:DT43) -> 134.59174 | DU31: =DR31/B31 -> 0.58575906 | DV31: =DR31/E31 -> 0.58575906 | DW31: =DT31/H31 -> 0.52229651
A32: Droits de douanes | B32: ='[1]Recettes intérieures'!B32 -> 105.8884 | C32: =1/3*'[1]CDDI (Ex-DGD)'!B33 -> 17.189648 | D32: =B32-C32 -> 88.698747 | E32: ='[1]Recettes intérieures'!C32 -> 105.8884 | F32: =1/3*'[1]CDDI (Ex-DGD)'!C33 -> 17.189648 | G32: =E32-F32 -> 88.698747 | H32: ='[1]Recettes intérieures'!D32 -> 8.040626 | I32: ='[1]Recettes intérieures'!D32 -> 8.040626 | J32: ='[1]Recettes intérieures'!G32 -> 9.2954164 | K32: ='[1]Recettes intérieures'!F32 -> 1.7925301 | L32: =J32-K32 -> 7.5028863 | M32: ='[1]Recettes intérieures'!H32 -> 7.443323 | N32: ='[1]Recettes intérieures'!K32 -> 9.4990916 | O32: ='[1]Recettes intérieures'!J32 -> 2.1132393 | P32: =N32-O32 -> 7.3858524 | Q32: =J32+N32 -> 18.794508 | R32: =K32+O32 -> 3.9057693 | S32: =Q32-R32 -> 14.888739 | T32: ='[1]Recettes intérieures'!L32 -> 0 | U32: ='[1]Recettes intérieures'!O32 -> 9.5976169 | V32: ='[1]Recettes intérieures'!N32 -> 1.6477917 | W32: =U32-V32 -> 7.9498252 | Y32: =I32+M32+T32 -> 15.483949 | Z32: =Q32+U32 -> 28.392125 | AA32: =R32+V32 -> 5.5535611 | AB32: =S32+W32 -> 22.838564 | AC32: =AB32/D32 -> 0.25748463 | AD32: =Z32/Y32 -> 1.8336488 | AE32: =AB32/H32 -> 2.8403962 | AF32: ='[1]Recettes intérieures'!P32 -> 7.293856 | AG32: ='[1]Recettes intérieures'!S32 -> 9.5523413 | AH32: ='[1]Recettes intérieures'!R32 -> 1.9002135 | AI32: =AG32-AH32 -> 7.6521278 | AJ32: =+Z32+AG32 -> 37.944466 | AK32: =+AA32+AH32 -> 7.4537745 | AL32: =AJ32-AK32 -> 30.490692 | AM32: =AL32/D32 -> 0.34375561 | AN32: ='[1]Recettes intérieures'!T32 -> 8.588775 | AO32: ='[1]Recettes intérieures'!W32 -> 10.086938 | AP32: ='[1]Recettes intérieures'!V32 -> 1.9866425 | AQ32: =AO32-AP32 -> 8.1002954 | AR32: =AJ32+AO32 -> 48.031404 | AS32: =AK32+AP32 -> 9.440417 | AT32: =AR32-AS32 -> 38.590987 | AU32: ='[1]Recettes intérieures'!X32 -> 0 | AV32: ='[1]Recettes intérieures'!AA32 -> 11.87014 | AW32: ='[1]Recettes intérieures'!Z32 -> 3.0699599 | AX32: =AV32-AW32 -> 8.8001799 | AZ32: =AF32+AN32+AU32 -> 15.882631 | BA32: =AV32+AO32+AG32 -> 31.509419 | BB32: =AW32+AP32+AH32 -> 6.9568158 | BC32: =BA32-BB32 -> 24.552603 | BD32: =AY32+X32 -> 0 | BE32: =AZ32+Y32 -> 31.36658 | BF32: =BA32+Z32 -> 59.901544 | BG32: =BB32+AA32 -> 12.510377 | BH32: =BC32+AB32 -> 47.391167 | BI32: =BH32/D32 -> 0.53429353 | BJ32: =BF32/E32 -> 0.56570452 | BK32: =BH32/BD32 -> #DIV/0! | BL32: ='[1]Recettes intérieures'!AB32 -> 0 | BM32: ='[1]Recettes intérieures'!AE32 -> 0 | BN32: ='[1]Recettes intérieures'!AD32 -> 0 | BO32: =BM32-BN32 -> 0 | BP32: =BF32+BM32 -> 59.901544 | BQ32: =BG32+BN32 -> 12.510377 | BR32: =BP32-BQ32 -> 47.391167 | BS32: =BP32/B32 -> 0.56570452 | BT32: ='[1]Recettes intérieures'!AF32 -> 0 | BU32: ='[1]Recettes intérieures'!AI32 -> 0 | BV32: ='[1]Recettes intérieures'!AH32 -> 0 | BW32: =BU32-BV32 -> 0 | BX32: =BP32+BU32 -> 59.901544 | BY32: =BQ32+BV32 -> 12.510377 | BZ32: =BX32-BY32 -> 47.391167 | CA32: =BX32/B32 -> 0.56570452 | CB32: ='[1]Recettes intérieures'!AJ32 -> 0 | CC32: ='[1]Recettes intérieures'!AM32 -> 0 | CD32: ='[1]Recettes intérieures'!AL32 -> 0 | CE32: =CC32-CD32 -> 0 | CG32: =CB32+BT32+BL32 -> 0 | CH32: =BM32+BU32+CC32 -> 0 | CI32: =BN32+BV32+CD32 -> 0 | CJ32: =CH32-CI32 -> 0 | CL32: =CG32+BE32 -> 31.36658 | CM32: =BX32+CC32 -> 59.901544 | CN32: =BY32+CD32 -> 12.510377 | CO32: =CM32-CN32 -> 47.391167 | CP32: =CM32/B32 -> 0.56570452 | CQ32: =CM32/E32 -> 0.56570452 | CR32: =CO32/CK32 -> #DIV/0! | CS32: ='[1]Recettes intérieures'!AN32 -> 0 | CT32: ='[1]Recettes intérieures'!AQ32 -> 0 | CU32: ='[1]Recettes intérieures'!AP32 -> 0 | CV32: =CT32-CU32 -> 0 | CW32: =CM32+CT32 -> 59.901544 | CX32: =CN32+CU32 -> 12.510377 | CY32: =CW32-CX32 -> 47.391167 | CZ32: ='[1]Recettes intérieures'!AR32 -> 0 | DA32: ='[1]Recettes intérieures'!AU32 -> 0 | DB32: ='[1]Recettes intérieures'!AT32 -> 0 | DC32: =DA32-DB32 -> 0 | DD32: =CW32+DA32 -> 59.901544 | DE32: =CX32+DB32 -> 12.510377 | DF32: =DD32-DE32 -> 47.391167 | DG32: ='[1]Recettes intérieures'!AV32 -> 59.901544 | DH32: ='[1]Recettes intérieures'!AY32 -> 0 | DI32: ='[1]Recettes intérieures'!AX32 -> 0 | DJ32: =DH32-DI32 -> 0 | DL32: =DG32+CZ32+CS32 -> 59.901544 | DM32: =DH32+DA32+CT32 -> 0 | DN32: =DI32+DB32+CU32 -> 0 | DO32: =DM32-DN32 -> 0 | DP32: =DK32+CK32 -> 0 | DQ32: =DL32+CL32 -> 91.268124 | DR32: =DD32+DH32 -> 59.901544 | DS32: =DE32+DI32 -> 12.510377 | DT32: =DR32-DS32 -> 47.391167 | DU32: =DR32/B32 -> 0.56570452 | DV32: =DR32/E32 -> 0.56570452 | DW32: =DT32/H32 -> 5.8939648
A33: Redevance statistique | B33: ='[1]Recettes intérieures'!B33 -> 23.540998 | D33: =B33-C33 -> 23.540998 | E33: ='[1]Recettes intérieures'!C33 -> 23.540998 | G33: =E33-F33 -> 23.540998 | H33: ='[1]Recettes intérieures'!D33 -> 2.089057 | I33: ='[1]Recettes intérieures'!D33 -> 2.089057 | J33: ='[1]Recettes intérieures'!G33 -> 2.2633112 | K33: ='[1]Recettes intérieures'!F33 -> 1.4306375 | L33: =J33-K33 -> 0.83267371 | M33: ='[1]Recettes intérieures'!H33 -> 1.979541 | N33: ='[1]Recettes intérieures'!K33 -> 2.3350044 | O33: ='[1]Recettes intérieures'!J33 -> 1.4901309 | P33: =N33-O33 -> 0.84487349 | Q33: =J33+N33 -> 4.5983156 | R33: =K33+O33 -> 2.9207684 | S33: =Q33-R33 -> 1.6775472 | T33: ='[1]Recettes intérieures'!L33 -> 0 | U33: ='[1]Recettes intérieures'!O33 -> 2.6088226 | V33: ='[1]Recettes intérieures'!N33 -> 1.6878451 | W33: =U33-V33 -> 0.92097751 | Y33: =I33+M33+T33 -> 4.068598 | Z33: =Q33+U33 -> 7.2071382 | AA33: =R33+V33 -> 4.6086135 | AB33: =S33+W33 -> 2.5985247 | AC33: =AB33/D33 -> 0.11038295 | AD33: =Z33/Y33 -> 1.7714058 | AE33: =AB33/H33 -> 1.2438745 | AF33: ='[1]Recettes intérieures'!P33 -> 1.907725 | AG33: ='[1]Recettes intérieures'!S33 -> 2.4600843 | AH33: ='[1]Recettes intérieures'!R33 -> 1.6092329 | AI33: =AG33-AH33 -> 0.85085146 | AJ33: =+Z33+AG33 -> 9.6672226 | AK33: =+AA33+AH33 -> 6.2178464 | AL33: =AJ33-AK33 -> 3.4493762 | AM33: =AL33/D33 -> 0.14652634 | AN33: ='[1]Recettes intérieures'!T33 -> 1.821456 | AO33: ='[1]Recettes intérieures'!W33 -> 2.4850678 | AP33: ='[1]Recettes intérieures'!V33 -> 1.5774411 | AQ33: =AO33-AP33 -> 0.90762674 | AR33: =AJ33+AO33 -> 12.15229 | AS33: =AK33+AP33 -> 7.7952875 | AT33: =AR33-AS33 -> 4.3570029 | AU33: ='[1]Recettes intérieures'!X33 -> 0 | AV33: ='[1]Recettes intérieures'!AA33 -> 2.6884304 | AW33: ='[1]Recettes intérieures'!Z33 -> 1.7319239 | AX33: =AV33-AW33 -> 0.95650657 | AZ33: =AF33+AN33+AU33 -> 3.729181 | BA33: =AV33+AO33+AG33 -> 7.6335826 | BB33: =AW33+AP33+AH33 -> 4.9185978 | BC33: =BA33-BB33 -> 2.7149848 | BD33: =AY33+X33 -> 0 | BE33: =AZ33+Y33 -> 7.797779 | BF33: =BA33+Z33 -> 14.840721 | BG33: =BB33+AA33 -> 9.5272113 | BH33: =BC33+AB33 -> 5.3135095 | BI33: =BH33/D33 -> 0.22571301 | BJ33: =BF33/E33 -> 0.63042021 | BK33: =BH33/BD33 -> #DIV/0! | BL33: ='[1]Recettes intérieures'!AB33 -> 0 | BM33: ='[1]Recettes intérieures'!AE33 -> 0 | BN33: ='[1]Recettes intérieures'!AD33 -> 0 | BO33: =BM33-BN33 -> 0 | BP33: =BF33+BM33 -> 14.840721 | BQ33: =BG33+BN33 -> 9.5272113 | BR33: =BP33-BQ33 -> 5.3135095 | BS33: =BP33/B33 -> 0.63042021 | BT33: ='[1]Recettes intérieures'!AF33 -> 0 | BU33: ='[1]Recettes intérieures'!AI33 -> 0 | BV33: ='[1]Recettes intérieures'!AH33 -> 0 | BW33: =BU33-BV33 -> 0 | BX33: =BP33+BU33 -> 14.840721 | BY33: =BQ33+BV33 -> 9.5272113 | BZ33: =BX33-BY33 -> 5.3135095 | CA33: =BX33/B33 -> 0.63042021 | CB33: ='[1]Recettes intérieures'!AJ33 -> 0 | CC33: ='[1]Recettes intérieures'!AM33 -> 0 | CD33: ='[1]Recettes intérieures'!AL33 -> 0 | CE33: =CC33-CD33 -> 0 | CG33: =CB33+BT33+BL33 -> 0 | CH33: =BM33+BU33+CC33 -> 0 | CI33: =BN33+BV33+CD33 -> 0 | CJ33: =CH33-CI33 -> 0 | CL33: =CG33+BE33 -> 7.797779 | CM33: =BX33+CC33 -> 14.840721 | CN33: =BY33+CD33 -> 9.5272113 | CO33: =CM33-CN33 -> 5.3135095 | CP33: =CM33/B33 -> 0.63042021 | CQ33: =CM33/E33 -> 0.63042021 | CR33: =CO33/CK33 -> #DIV/0! | CS33: ='[1]Recettes intérieures'!AN33 -> 0 | CT33: ='[1]Recettes intérieures'!AQ33 -> 0 | CU33: ='[1]Recettes intérieures'!AP33 -> 0 | CV33: =CT33-CU33 -> 0 | CW33: =CM33+CT33 -> 14.840721 | CX33: =CN33+CU33 -> 9.5272113 | CY33: =CW33-CX33 -> 5.3135095 | CZ33: ='[1]Recettes intérieures'!AR33 -> 0 | DA33: ='[1]Recettes intérieures'!AU33 -> 0 | DB33: ='[1]Recettes intérieures'!AT33 -> 0 | DC33: =DA33-DB33 -> 0 | DD33: =CW33+DA33 -> 14.840721 | DE33: =CX33+DB33 -> 9.5272113 | DF33: =DD33-DE33 -> 5.3135095 | DG33: ='[1]Recettes intérieures'!AV33 -> 14.840721 | DH33: ='[1]Recettes intérieures'!AY33 -> 0 | DI33: ='[1]Recettes intérieures'!AX33 -> 0 | DJ33: =DH33-DI33 -> 0 | DL33: =DG33+CZ33+CS33 -> 14.840721 | DM33: =DH33+DA33+CT33 -> 0 | DN33: =DI33+DB33+CU33 -> 0 | DO33: =DM33-DN33 -> 0 | DP33: =DK33+CK33 -> 0 | DQ33: =DL33+CL33 -> 22.6385 | DR33: =DD33+DH33 -> 14.840721 | DS33: =DE33+DI33 -> 9.5272113 | DT33: =DR33-DS33 -> 5.3135095 | DU33: =DR33/B33 -> 0.63042021 | DV33: =DR33/E33 -> 0.63042021 | DW33: =DT33/H33 -> 2.5434967
A34: Timbre douanier | B34: ='[1]Recettes intérieures'!B34 -> 0.32383 | D34: =B34-C34 -> 0.32383 | E34: ='[1]Recettes intérieures'!C34 -> 0.32383 | G34: =E34-F34 -> 0.32383 | H34: ='[1]Recettes intérieures'!D34 -> 0.028675 | I34: ='[1]Recettes intérieures'!D34 -> 0.028675 | J34: ='[1]Recettes intérieures'!G34 -> 0.030016339 | K34: ='[1]Recettes intérieures'!F34 -> 0 | L34: =J34-K34 -> 0.030016339 | M34: ='[1]Recettes intérieures'!H34 -> 0.026618 | N34: ='[1]Recettes intérieures'!K34 -> 0.029453115 | O34: ='[1]Recettes intérieures'!J34 -> 0 | P34: =N34-O34 -> 0.029453115 | Q34: =J34+N34 -> 0.059469454 | R34: =K34+O34 -> 0 | S34: =Q34-R34 -> 0.059469454 | T34: ='[1]Recettes intérieures'!L34 -> 0 | U34: ='[1]Recettes intérieures'!O34 -> 0.031781755 | V34: ='[1]Recettes intérieures'!N34 -> 0 | W34: =U34-V34 -> 0.031781755 | Y34: =I34+M34+T34 -> 0.055293 | Z34: =Q34+U34 -> 0.091251209 | AA34: =R34+V34 -> 0 | AB34: =S34+W34 -> 0.091251209 | AC34: =AB34/D34 -> 0.28178739 | AD34: =Z34/Y34 -> 1.6503212 | AE34: =AB34/H34 -> 3.1822566 | AF34: ='[1]Recettes intérieures'!P34 -> 0.027116 | AG34: ='[1]Recettes intérieures'!S34 -> 0.035029513 | AH34: ='[1]Recettes intérieures'!R34 -> 0 | AI34: =AG34-AH34 -> 0.035029513 | AJ34: =+Z34+AG34 -> 0.12628072 | AK34: =+AA34+AH34 -> 0 | AL34: =AJ34-AK34 -> 0.12628072 | AM34: =AL34/D34 -> 0.38995992 | AN34: ='[1]Recettes intérieures'!T34 -> 0.028798 | AO34: ='[1]Recettes intérieures'!W34 -> 0.034145346 | AP34: ='[1]Recettes intérieures'!V34 -> 0 | AQ34: =AO34-AP34 -> 0.034145346 | AR34: =AJ34+AO34 -> 0.16042607 | AS34: =AK34+AP34 -> 0 | AT34: =AR34-AS34 -> 0.16042607 | AU34: ='[1]Recettes intérieures'!X34 -> 0 | AV34: ='[1]Recettes intérieures'!AA34 -> 0.029969677 | AW34: ='[1]Recettes intérieures'!Z34 -> 0 | AX34: =AV34-AW34 -> 0.029969677 | AZ34: =AF34+AN34+AU34 -> 0.055914 | BA34: =AV34+AO34+AG34 -> 0.099144536 | BB34: =AW34+AP34+AH34 -> 0 | BC34: =BA34-BB34 -> 0.099144536 | BD34: =AY34+X34 -> 0 | BE34: =AZ34+Y34 -> 0.111207 | BF34: =BA34+Z34 -> 0.19039575 | BG34: =BB34+AA34 -> 0 | BH34: =BC34+AB34 -> 0.19039575 | BI34: =BH34/D34 -> 0.58794968 | BJ34: =BF34/E34 -> 0.58794968 | BK34: =BH34/BD34 -> #DIV/0! | BL34: ='[1]Recettes intérieures'!AB34 -> 0 | BM34: ='[1]Recettes intérieures'!AE34 -> 0 | BN34: ='[1]Recettes intérieures'!AD34 -> 0 | BO34: =BM34-BN34 -> 0 | BP34: =BF34+BM34 -> 0.19039575 | BQ34: =BG34+BN34 -> 0 | BR34: =BP34-BQ34 -> 0.19039575 | BS34: =BP34/B34 -> 0.58794968 | BT34: ='[1]Recettes intérieures'!AF34 -> 0 | BU34: ='[1]Recettes intérieures'!AI34 -> 0 | BV34: ='[1]Recettes intérieures'!AH34 -> 0 | BW34: =BU34-BV34 -> 0 | BX34: =BP34+BU34 -> 0.19039575 | BY34: =BQ34+BV34 -> 0 | BZ34: =BX34-BY34 -> 0.19039575 | CA34: =BX34/B34 -> 0.58794968 | CB34: ='[1]Recettes intérieures'!AJ34 -> 0 | CC34: ='[1]Recettes intérieures'!AM34 -> 0 | CD34: ='[1]Recettes intérieures'!AL34 -> 0 | CE34: =CC34-CD34 -> 0 | CG34: =CB34+BT34+BL34 -> 0 | CH34: =BM34+BU34+CC34 -> 0 | CI34: =BN34+BV34+CD34 -> 0 | CJ34: =CH34-CI34 -> 0 | CL34: =CG34+BE34 -> 0.111207 | CM34: =BX34+CC34 -> 0.19039575 | CN34: =BY34+CD34 -> 0 | CO34: =CM34-CN34 -> 0.19039575 | CP34: =CM34/B34 -> 0.58794968 | CQ34: =CM34/E34 -> 0.58794968 | CR34: =CO34/CK34 -> #DIV/0! | CS34: ='[1]Recettes intérieures'!AN34 -> 0 | CT34: ='[1]Recettes intérieures'!AQ34 -> 0 | CU34: ='[1]Recettes intérieures'!AP34 -> 0 | CV34: =CT34-CU34 -> 0 | CW34: =CM34+CT34 -> 0.19039575 | CX34: =CN34+CU34 -> 0 | CY34: =CW34-CX34 -> 0.19039575 | CZ34: ='[1]Recettes intérieures'!AR34 -> 0 | DA34: ='[1]Recettes intérieures'!AU34 -> 0 | DB34: ='[1]Recettes intérieures'!AT34 -> 0 | DC34: =DA34-DB34 -> 0 | DD34: =CW34+DA34 -> 0.19039575 | DE34: =CX34+DB34 -> 0 | DF34: =DD34-DE34 -> 0.19039575 | DG34: ='[1]Recettes intérieures'!AV34 -> 0.19039575 | DH34: ='[1]Recettes intérieures'!AY34 -> 0 | DI34: ='[1]Recettes intérieures'!AX34 -> 0 | DJ34: =DH34-DI34 -> 0 | DL34: =DG34+CZ34+CS34 -> 0.19039575 | DM34: =DH34+DA34+CT34 -> 0 | DN34: =DI34+DB34+CU34 -> 0 | DO34: =DM34-DN34 -> 0 | DP34: =DK34+CK34 -> 0 | DQ34: =DL34+CL34 -> 0.30160275 | DR34: =DD34+DH34 -> 0.19039575 | DS34: =DE34+DI34 -> 0 | DT34: =DR34-DS34 -> 0.19039575 | DU34: =DR34/B34 -> 0.58794968 | DV34: =DR34/E34 -> 0.58794968 | DW34: =DT34/H34 -> 6.6397819
A35: Cartes et vignettes | B35: ='[1]Recettes intérieures'!B35 -> 1.027085 | D35: =B35-C35 -> 1.027085 | E35: ='[1]Recettes intérieures'!C35 -> 1.027085 | G35: =E35-F35 -> 1.027085 | H35: ='[1]Recettes intérieures'!D35 -> 0.113939 | I35: ='[1]Recettes intérieures'!D35 -> 0.113939 | J35: ='[1]Recettes intérieures'!G35 -> 0.03351 | K35: ='[1]Recettes intérieures'!F35 -> 0 | L35: =J35-K35 -> 0.03351 | M35: ='[1]Recettes intérieures'!H35 -> 0.101239 | N35: ='[1]Recettes intérieures'!K35 -> 0.034466 | O35: ='[1]Recettes intérieures'!J35 -> 0 | P35: =N35-O35 -> 0.034466 | Q35: =J35+N35 -> 0.067976 | R35: =K35+O35 -> 0 | S35: =Q35-R35 -> 0.067976 | T35: ='[1]Recettes intérieures'!L35 -> 0 | U35: ='[1]Recettes intérieures'!O35 -> 0.041503 | V35: ='[1]Recettes intérieures'!N35 -> 0 | W35: =U35-V35 -> 0.041503 | Y35: =I35+M35+T35 -> 0.215178 | Z35: =Q35+U35 -> 0.109479 | AA35: =R35+V35 -> 0 | AB35: =S35+W35 -> 0.109479 | AC35: =AB35/D35 -> 0.10659196 | AD35: =Z35/Y35 -> 0.50878343 | AE35: =AB35/H35 -> 0.96085625 | AF35: ='[1]Recettes intérieures'!P35 -> 0.070371 | AG35: ='[1]Recettes intérieures'!S35 -> 0.043611 | AH35: ='[1]Recettes intérieures'!R35 -> 0 | AI35: =AG35-AH35 -> 0.043611 | AJ35: =+Z35+AG35 -> 0.15309 | AK35: =+AA35+AH35 -> 0 | AL35: =AJ35-AK35 -> 0.15309 | AM35: =AL35/D35 -> 0.1490529 | AN35: ='[1]Recettes intérieures'!T35 -> 0.073899 | AO35: ='[1]Recettes intérieures'!W35 -> 0.041666 | AP35: ='[1]Recettes intérieures'!V35 -> 0 | AQ35: =AO35-AP35 -> 0.041666 | AR35: =AJ35+AO35 -> 0.194756 | AS35: =AK35+AP35 -> 0 | AT35: =AR35-AS35 -> 0.194756 | AU35: ='[1]Recettes intérieures'!X35 -> 0 | AV35: ='[1]Recettes intérieures'!AA35 -> 0.046544 | AW35: ='[1]Recettes intérieures'!Z35 -> 0 | AX35: =AV35-AW35 -> 0.046544 | AZ35: =AF35+AN35+AU35 -> 0.14427 | BA35: =AV35+AO35+AG35 -> 0.131821 | BB35: =AW35+AP35+AH35 -> 0 | BC35: =BA35-BB35 -> 0.131821 | BD35: =AY35+X35 -> 0 | BE35: =AZ35+Y35 -> 0.359448 | BF35: =BA35+Z35 -> 0.2413 | BG35: =BB35+AA35 -> 0 | BH35: =BC35+AB35 -> 0.2413 | BI35: =BH35/D35 -> 0.23493674 | BJ35: =BF35/E35 -> 0.23493674 | BK35: =BH35/BD35 -> #DIV/0! | BL35: ='[1]Recettes intérieures'!AB35 -> 0 | BM35: ='[1]Recettes intérieures'!AE35 -> 0 | BN35: ='[1]Recettes intérieures'!AD35 -> 0 | BO35: =BM35-BN35 -> 0 | BP35: =BF35+BM35 -> 0.2413 | BQ35: =BG35+BN35 -> 0 | BR35: =BP35-BQ35 -> 0.2413 | BS35: =BP35/B35 -> 0.23493674 | BT35: ='[1]Recettes intérieures'!AF35 -> 0 | BU35: ='[1]Recettes intérieures'!AI35 -> 0 | BV35: ='[1]Recettes intérieures'!AH35 -> 0 | BW35: =BU35-BV35 -> 0 | BX35: =BP35+BU35 -> 0.2413 | BY35: =BQ35+BV35 -> 0 | BZ35: =BX35-BY35 -> 0.2413 | CA35: =BX35/B35 -> 0.23493674 | CB35: ='[1]Recettes intérieures'!AJ35 -> 0 | CC35: ='[1]Recettes intérieures'!AM35 -> 0 | CD35: ='[1]Recettes intérieures'!AL35 -> 0 | CE35: =CC35-CD35 -> 0 | CG35: =CB35+BT35+BL35 -> 0 | CH35: =BM35+BU35+CC35 -> 0 | CI35: =BN35+BV35+CD35 -> 0 | CJ35: =CH35-CI35 -> 0 | CL35: =CG35+BE35 -> 0.359448 | CM35: =BX35+CC35 -> 0.2413 | CN35: =BY35+CD35 -> 0 | CO35: =CM35-CN35 -> 0.2413 | CP35: =CM35/B35 -> 0.23493674 | CQ35: =CM35/E35 -> 0.23493674 | CR35: =CO35/CK35 -> #DIV/0! | CS35: ='[1]Recettes intérieures'!AN35 -> 0 | CT35: ='[1]Recettes intérieures'!AQ35 -> 0 | CU35: ='[1]Recettes intérieures'!AP35 -> 0 | CV35: =CT35-CU35 -> 0 | CW35: =CM35+CT35 -> 0.2413 | CX35: =CN35+CU35 -> 0 | CY35: =CW35-CX35 -> 0.2413 | CZ35: ='[1]Recettes intérieures'!AR35 -> 0 | DA35: ='[1]Recettes intérieures'!AU35 -> 0 | DB35: ='[1]Recettes intérieures'!AT35 -> 0 | DC35: =DA35-DB35 -> 0 | DD35: =CW35+DA35 -> 0.2413 | DE35: =CX35+DB35 -> 0 | DF35: =DD35-DE35 -> 0.2413 | DG35: ='[1]Recettes intérieures'!AV35 -> 0.2413 | DH35: ='[1]Recettes intérieures'!AY35 -> 0 | DI35: ='[1]Recettes intérieures'!AX35 -> 0 | DJ35: =DH35-DI35 -> 0 | DL35: =DG35+CZ35+CS35 -> 0.2413 | DM35: =DH35+DA35+CT35 -> 0 | DN35: =DI35+DB35+CU35 -> 0 | DO35: =DM35-DN35 -> 0 | DP35: =DK35+CK35 -> 0 | DQ35: =DL35+CL35 -> 0.600748 | DR35: =DD35+DH35 -> 0.2413 | DS35: =DE35+DI35 -> 0 | DT35: =DR35-DS35 -> 0.2413 | DU35: =DR35/B35 -> 0.23493674 | DV35: =DR35/E35 -> 0.23493674 | DW35: =DT35/H35 -> 2.1177999
A36: Taxe de protection et d'entretien des infrastructures | B36: ='[1]Recettes intérieures'!B36 -> 4.392314 | D36: =B36-C36 -> 4.392314 | E36: ='[1]Recettes intérieures'!C36 -> 4.392314 | G36: =E36-F36 -> 4.392314 | H36: ='[1]Recettes intérieures'!D36 -> 0.364133 | I36: ='[1]Recettes intérieures'!D36 -> 0.364133 | J36: ='[1]Recettes intérieures'!G36 -> 0.48280016 | K36: ='[1]Recettes intérieures'!F36 -> 0.0742608 | L36: =J36-K36 -> 0.40853936 | M36: ='[1]Recettes intérieures'!H36 -> 0.291168 | N36: ='[1]Recettes intérieures'!K36 -> 0.31304992 | O36: ='[1]Recettes intérieures'!J36 -> 0.0057128 | P36: =N36-O36 -> 0.30733712 | Q36: =J36+N36 -> 0.79585008 | R36: =K36+O36 -> 0.0799736 | S36: =Q36-R36 -> 0.71587648 | T36: ='[1]Recettes intérieures'!L36 -> 0 | U36: ='[1]Recettes intérieures'!O36 -> 0.3195432 | V36: ='[1]Recettes intérieures'!N36 -> 0.0011792 | W36: =U36-V36 -> 0.318364 | Y36: =I36+M36+T36 -> 0.655301 | Z36: =Q36+U36 -> 1.1153933 | AA36: =R36+V36 -> 0.0811528 | AB36: =S36+W36 -> 1.0342405 | AC36: =AB36/D36 -> 0.23546597 | AD36: =Z36/Y36 -> 1.7021083 | AE36: =AB36/H36 -> 2.8402822 | AF36: ='[1]Recettes intérieures'!P36 -> 0.271901 | AG36: ='[1]Recettes intérieures'!S36 -> 0.4933304 | AH36: ='[1]Recettes intérieures'!R36 -> 0.0737128 | AI36: =AG36-AH36 -> 0.4196176 | AJ36: =+Z36+AG36 -> 1.6087237 | AK36: =+AA36+AH36 -> 0.1548656 | AL36: =AJ36-AK36 -> 1.4538581 | AM36: =AL36/D36 -> 0.33100049 | AN36: ='[1]Recettes intérieures'!T36 -> 0.497598 | AO36: ='[1]Recettes intérieures'!W36 -> 0.36205984 | AP36: ='[1]Recettes intérieures'!V36 -> 0.0017136 | AQ36: =AO36-AP36 -> 0.36034624 | AR36: =AJ36+AO36 -> 1.9707835 | AS36: =AK36+AP36 -> 0.1565792 | AT36: =AR36-AS36 -> 1.8142043 | AU36: ='[1]Recettes intérieures'!X36 -> 0 | AV36: ='[1]Recettes intérieures'!AA36 -> 0.40563936 | AW36: ='[1]Recettes intérieures'!Z36 -> 0.0887792 | AX36: =AV36-AW36 -> 0.31686016 | AZ36: =AF36+AN36+AU36 -> 0.769499 | BA36: =AV36+AO36+AG36 -> 1.2610296 | BB36: =AW36+AP36+AH36 -> 0.1642056 | BC36: =BA36-BB36 -> 1.096824 | BD36: =AY36+X36 -> 0 | BE36: =AZ36+Y36 -> 1.4248 | BF36: =BA36+Z36 -> 2.3764229 | BG36: =BB36+AA36 -> 0.2453584 | BH36: =BC36+AB36 -> 2.1310645 | BI36: =BH36/D36 -> 0.48518036 | BJ36: =BF36/E36 -> 0.54104121 | BK36: =BH36/BD36 -> #DIV/0! | BL36: ='[1]Recettes intérieures'!AB36 -> 0 | BM36: ='[1]Recettes intérieures'!AE36 -> 0 | BN36: ='[1]Recettes intérieures'!AD36 -> 0 | BO36: =BM36-BN36 -> 0 | BP36: =BF36+BM36 -> 2.3764229 | BQ36: =BG36+BN36 -> 0.2453584 | BR36: =BP36-BQ36 -> 2.1310645 | BS36: =BP36/B36 -> 0.54104121 | BT36: ='[1]Recettes intérieures'!AF36 -> 0 | BU36: ='[1]Recettes intérieures'!AI36 -> 0 | BV36: ='[1]Recettes intérieures'!AH36 -> 0 | BW36: =BU36-BV36 -> 0 | BX36: =BP36+BU36 -> 2.3764229 | BY36: =BQ36+BV36 -> 0.2453584 | BZ36: =BX36-BY36 -> 2.1310645 | CA36: =BX36/B36 -> 0.54104121 | CB36: ='[1]Recettes intérieures'!AJ36 -> 0 | CC36: ='[1]Recettes intérieures'!AM36 -> 0 | CD36: ='[1]Recettes intérieures'!AL36 -> 0 | CE36: =CC36-CD36 -> 0 | CG36: =CB36+BT36+BL36 -> 0 | CH36: =BM36+BU36+CC36 -> 0 | CI36: =BN36+BV36+CD36 -> 0 | CJ36: =CH36-CI36 -> 0 | CL36: =CG36+BE36 -> 1.4248 | CM36: =BX36+CC36 -> 2.3764229 | CN36: =BY36+CD36 -> 0.2453584 | CO36: =CM36-CN36 -> 2.1310645 | CP36: =CM36/B36 -> 0.54104121 | CQ36: =CM36/E36 -> 0.54104121 | CR36: =CO36/CK36 -> #DIV/0! | CS36: ='[1]Recettes intérieures'!AN36 -> 0 | CT36: ='[1]Recettes intérieures'!AQ36 -> 0 | CU36: ='[1]Recettes intérieures'!AP36 -> 0 | CV36: =CT36-CU36 -> 0 | CW36: =CM36+CT36 -> 2.3764229 | CX36: =CN36+CU36 -> 0.2453584 | CY36: =CW36-CX36 -> 2.1310645 | CZ36: ='[1]Recettes intérieures'!AR36 -> 0 | DA36: ='[1]Recettes intérieures'!AU36 -> 0 | DB36: ='[1]Recettes intérieures'!AT36 -> 0 | DC36: =DA36-DB36 -> 0 | DD36: =CW36+DA36 -> 2.3764229 | DE36: =CX36+DB36 -> 0.2453584 | DF36: =DD36-DE36 -> 2.1310645 | DG36: ='[1]Recettes intérieures'!AV36 -> 2.3764229 | DH36: ='[1]Recettes intérieures'!AY36 -> 0 | DI36: ='[1]Recettes intérieures'!AX36 -> 0 | DJ36: =DH36-DI36 -> 0 | DL36: =DG36+CZ36+CS36 -> 2.3764229 | DM36: =DH36+DA36+CT36 -> 0 | DN36: =DI36+DB36+CU36 -> 0 | DO36: =DM36-DN36 -> 0 | DP36: =DK36+CK36 -> 0 | DQ36: =DL36+CL36 -> 3.8012229 | DR36: =DD36+DH36 -> 2.3764229 | DS36: =DE36+DI36 -> 0.2453584 | DT36: =DR36-DS36 -> 2.1310645 | DU36: =DR36/B36 -> 0.54104121 | DV36: =DR36/E36 -> 0.54104121 | DW36: =DT36/H36 -> 5.8524344
A37: Taxe sur la valeur ajoutée (TVA) | B37: ='[1]Recettes intérieures'!B37 -> 162.60122 | C37: =2/3*'[1]CDDI (Ex-DGD)'!B33 -> 34.379295 | D37: =B37-C37 -> 128.22192 | E37: ='[1]Recettes intérieures'!C37 -> 162.60122 | F37: =2/3*'[1]CDDI (Ex-DGD)'!C33 -> 34.379295 | G37: =E37-F37 -> 128.22192 | H37: ='[1]Recettes intérieures'!D37 -> 11.077428 | I37: ='[1]Recettes intérieures'!D37 -> 11.077428 | J37: ='[1]Recettes intérieures'!G37 -> 17.281777 | K37: ='[1]Recettes intérieures'!F37 -> 4.1455003 | L37: =J37-K37 -> 13.136277 | M37: ='[1]Recettes intérieures'!H37 -> 10.19825 | N37: ='[1]Recettes intérieures'!K37 -> 15.96374 | O37: ='[1]Recettes intérieures'!J37 -> 3.8249768 | P37: =N37-O37 -> 12.138763 | Q37: =J37+N37 -> 33.245518 | R37: =K37+O37 -> 7.9704771 | S37: =Q37-R37 -> 25.275041 | T37: ='[1]Recettes intérieures'!L37 -> 0 | U37: ='[1]Recettes intérieures'!O37 -> 16.854926 | V37: ='[1]Recettes intérieures'!N37 -> 3.2217181 | W37: =U37-V37 -> 13.633208 | Y37: =I37+M37+T37 -> 21.275678 | Z37: =Q37+U37 -> 50.100444 | AA37: =R37+V37 -> 11.192195 | AB37: =S37+W37 -> 38.908249 | AC37: =AB37/D37 -> 0.30344459 | AD37: =Z37/Y37 -> 2.3548224 | AE37: =AB37/H37 -> 3.5123901 | AF37: ='[1]Recettes intérieures'!P37 -> 9.843796 | AG37: ='[1]Recettes intérieures'!S37 -> 15.090357 | AH37: ='[1]Recettes intérieures'!R37 -> 3.4188021 | AI37: =AG37-AH37 -> 11.671555 | AJ37: =+Z37+AG37 -> 65.1908 | AK37: =+AA37+AH37 -> 14.610997 | AL37: =AJ37-AK37 -> 50.579803 | AM37: =AL37/D37 -> 0.39447079 | AN37: ='[1]Recettes intérieures'!T37 -> 11.24718 | AO37: ='[1]Recettes intérieures'!W37 -> 16.070951 | AP37: ='[1]Recettes intérieures'!V37 -> 4.1651626 | AQ37: =AO37-AP37 -> 11.905789 | AR37: =AJ37+AO37 -> 81.261752 | AS37: =AK37+AP37 -> 18.77616 | AT37: =AR37-AS37 -> 62.485592 | AU37: ='[1]Recettes intérieures'!X37 -> 0 | AV37: ='[1]Recettes intérieures'!AA37 -> 19.227032 | AW37: ='[1]Recettes intérieures'!Z37 -> 6.2954846 | AX37: =AV37-AW37 -> 12.931547 | AZ37: =AF37+AN37+AU37 -> 21.090976 | BA37: =AV37+AO37+AG37 -> 50.38834 | BB37: =AW37+AP37+AH37 -> 13.879449 | BC37: =BA37-BB37 -> 36.508891 | BD37: =AY37+X37 -> 0 | BE37: =AZ37+Y37 -> 42.366654 | BF37: =BA37+Z37 -> 100.48878 | BG37: =BB37+AA37 -> 25.071644 | BH37: =BC37+AB37 -> 75.417139 | BI37: =BH37/D37 -> 0.58817663 | BJ37: =BF37/E37 -> 0.61800757 | BK37: =BH37/BD37 -> #DIV/0! | BL37: ='[1]Recettes intérieures'!AB37 -> 0 | BM37: ='[1]Recettes intérieures'!AE37 -> 0 | BN37: ='[1]Recettes intérieures'!AD37 -> 0 | BO37: =BM37-BN37 -> 0 | BP37: =BF37+BM37 -> 100.48878 | BQ37: =BG37+BN37 -> 25.071644 | BR37: =BP37-BQ37 -> 75.417139 | BS37: =BP37/B37 -> 0.61800757 | BT37: ='[1]Recettes intérieures'!AF37 -> 0 | BU37: ='[1]Recettes intérieures'!AI37 -> 0 | BV37: ='[1]Recettes intérieures'!AH37 -> 0 | BW37: =BU37-BV37 -> 0 | BX37: =BP37+BU37 -> 100.48878 | BY37: =BQ37+BV37 -> 25.071644 | BZ37: =BX37-BY37 -> 75.417139 | CA37: =BX37/B37 -> 0.61800757 | CB37: ='[1]Recettes intérieures'!AJ37 -> 0 | CC37: ='[1]Recettes intérieures'!AM37 -> 0 | CD37: ='[1]Recettes intérieures'!AL37 -> 0 | CE37: =CC37-CD37 -> 0 | CG37: =CB37+BT37+BL37 -> 0 | CH37: =BM37+BU37+CC37 -> 0 | CI37: =BN37+BV37+CD37 -> 0 | CJ37: =CH37-CI37 -> 0 | CL37: =CG37+BE37 -> 42.366654 | CM37: =BX37+CC37 -> 100.48878 | CN37: =BY37+CD37 -> 25.071644 | CO37: =CM37-CN37 -> 75.417139 | CP37: =CM37/B37 -> 0.61800757 | CQ37: =CM37/E37 -> 0.61800757 | CR37: =CO37/CK37 -> #DIV/0! | CS37: ='[1]Recettes intérieures'!AN37 -> 0 | CT37: ='[1]Recettes intérieures'!AQ37 -> 0 | CU37: ='[1]Recettes intérieures'!AP37 -> 0 | CV37: =CT37-CU37 -> 0 | CW37: =CM37+CT37 -> 100.48878 | CX37: =CN37+CU37 -> 25.071644 | CY37: =CW37-CX37 -> 75.417139 | CZ37: ='[1]Recettes intérieures'!AR37 -> 0 | DA37: ='[1]Recettes intérieures'!AU37 -> 0 | DB37: ='[1]Recettes intérieures'!AT37 -> 0 | DC37: =DA37-DB37 -> 0 | DD37: =CW37+DA37 -> 100.48878 | DE37: =CX37+DB37 -> 25.071644 | DF37: =DD37-DE37 -> 75.417139 | DG37: ='[1]Recettes intérieures'!AV37 -> 100.48878 | DH37: ='[1]Recettes intérieures'!AY37 -> 0 | DI37: ='[1]Recettes intérieures'!AX37 -> 0 | DJ37: =DH37-DI37 -> 0 | DL37: =DG37+CZ37+CS37 -> 100.48878 | DM37: =DH37+DA37+CT37 -> 0 | DN37: =DI37+DB37+CU37 -> 0 | DO37: =DM37-DN37 -> 0 | DP37: =DK37+CK37 -> 0 | DQ37: =DL37+CL37 -> 142.85544 | DR37: =DD37+DH37 -> 100.48878 | DS37: =DE37+DI37 -> 25.071644 | DT37: =DR37-DS37 -> 75.417139 | DU37: =DR37/B37 -> 0.61800757 | DV37: =DR37/E37 -> 0.61800757 | DW37: =DT37/H37 -> 6.8081814
A38: Soutien à la Politique Pétrolière (SPP) | B38: ='[1]Recettes intérieures'!B38 -> 0 | D38: =B38-C38 -> 0 | E38: ='[1]Recettes intérieures'!C38 -> 0 | G38: =E38-F38 -> 0 | H38: ='[1]Recettes intérieures'!D38 -> 1.007979 | I38: ='[1]Recettes intérieures'!D38 -> 1.007979 | J38: ='[1]Recettes intérieures'!G38 -> 0 | K38: ='[1]Recettes intérieures'!F38 -> 0 | L38: =J38-K38 -> 0 | M38: ='[1]Recettes intérieures'!H38 -> 0.987637 | N38: ='[1]Recettes intérieures'!K38 -> 0 | O38: ='[1]Recettes intérieures'!J38 -> 0 | P38: =N38-O38 -> 0 | Q38: =J38+N38 -> 0 | R38: =K38+O38 -> 0 | S38: =Q38-R38 -> 0 | T38: ='[1]Recettes intérieures'!L38 -> 0 | U38: ='[1]Recettes intérieures'!O38 -> 0 | V38: ='[1]Recettes intérieures'!N38 -> 0 | W38: =U38-V38 -> 0 | Y38: =I38+M38+T38 -> 1.995616 | Z38: =Q38+U38 -> 0 | AA38: =R38+V38 -> 0 | AB38: =S38+W38 -> 0 | AC38: =AB38/D38 -> #DIV/0! | AD38: =Z38/Y38 -> 0 | AE38: =AB38/H38 -> 0 | AF38: ='[1]Recettes intérieures'!P38 -> 1.03422 | AG38: ='[1]Recettes intérieures'!S38 -> 0 | AH38: ='[1]Recettes intérieures'!R38 -> 0 | AI38: =AG38-AH38 -> 0 | AJ38: =+Z38+AG38 -> 0 | AK38: =+AA38+AH38 -> 0 | AL38: =AJ38-AK38 -> 0 | AM38: =AL38/D38 -> #DIV/0! | AN38: ='[1]Recettes intérieures'!T38 -> 1.37226 | AO38: ='[1]Recettes intérieures'!W38 -> 0 | AP38: ='[1]Recettes intérieures'!V38 -> 0 | AQ38: =AO38-AP38 -> 0 | AR38: =AJ38+AO38 -> 0 | AS38: =AK38+AP38 -> 0 | AT38: =AR38-AS38 -> 0 | AU38: ='[1]Recettes intérieures'!X38 -> 0 | AV38: ='[1]Recettes intérieures'!AA38 -> 0 | AW38: ='[1]Recettes intérieures'!Z38 -> 0 | AX38: =AV38-AW38 -> 0 | AZ38: =AF38+AN38+AU38 -> 2.40648 | BA38: =AV38+AO38+AG38 -> 0 | BB38: =AW38+AP38+AH38 -> 0 | BC38: =BA38-BB38 -> 0 | BD38: =AY38+X38 -> 0 | BE38: =AZ38+Y38 -> 4.402096 | BF38: =BA38+Z38 -> 0 | BG38: =BB38+AA38 -> 0 | BH38: =BC38+AB38 -> 0 | BI38: =BH38/D38 -> #DIV/0! | BJ38: =BF38/E38 -> #DIV/0! | BK38: =BH38/BD38 -> #DIV/0! | BL38: ='[1]Recettes intérieures'!AB38 -> 0 | BM38: ='[1]Recettes intérieures'!AE38 -> 0 | BN38: ='[1]Recettes intérieures'!AD38 -> 0 | BO38: =BM38-BN38 -> 0 | BP38: =BF38+BM38 -> 0 | BQ38: =BG38+BN38 -> 0 | BR38: =BP38-BQ38 -> 0 | BS38: =BP38/B38 -> #DIV/0! | BT38: ='[1]Recettes intérieures'!AF38 -> 0 | BU38: ='[1]Recettes intérieures'!AI38 -> 0 | BV38: ='[1]Recettes intérieures'!AH38 -> 0 | BW38: =BU38-BV38 -> 0 | BX38: =BP38+BU38 -> 0 | BY38: =BQ38+BV38 -> 0 | BZ38: =BX38-BY38 -> 0 | CA38: =BX38/B38 -> #DIV/0! | CB38: ='[1]Recettes intérieures'!AJ38 -> 0 | CC38: ='[1]Recettes intérieures'!AM38 -> 0 | CD38: ='[1]Recettes intérieures'!AL38 -> 0 | CE38: =CC38-CD38 -> 0 | CG38: =CB38+BT38+BL38 -> 0 | CH38: =BM38+BU38+CC38 -> 0 | CI38: =BN38+BV38+CD38 -> 0 | CJ38: =CH38-CI38 -> 0 | CL38: =CG38+BE38 -> 4.402096 | CM38: =BX38+CC38 -> 0 | CN38: =BY38+CD38 -> 0 | CO38: =CM38-CN38 -> 0 | CP38: =CM38/B38 -> #DIV/0! | CQ38: =CM38/E38 -> #DIV/0! | CR38: =CO38/CK38 -> #DIV/0! | CS38: ='[1]Recettes intérieures'!AN38 -> 0 | CT38: ='[1]Recettes intérieures'!AQ38 -> 0 | CU38: ='[1]Recettes intérieures'!AP38 -> 0 | CV38: =CT38-CU38 -> 0 | CW38: =CM38+CT38 -> 0 | CX38: =CN38+CU38 -> 0 | CY38: =CW38-CX38 -> 0 | CZ38: ='[1]Recettes intérieures'!AR38 -> 0 | DA38: ='[1]Recettes intérieures'!AU38 -> 0 | DB38: ='[1]Recettes intérieures'!AT38 -> 0 | DC38: =DA38-DB38 -> 0 | DD38: =CW38+DA38 -> 0 | DE38: =CX38+DB38 -> 0 | DF38: =DD38-DE38 -> 0 | DG38: ='[1]Recettes intérieures'!AV38 -> 0 | DH38: ='[1]Recettes intérieures'!AY38 -> 0 | DI38: ='[1]Recettes intérieures'!AX38 -> 0 | DJ38: =DH38-DI38 -> 0 | DL38: =DG38+CZ38+CS38 -> 0 | DM38: =DH38+DA38+CT38 -> 0 | DN38: =DI38+DB38+CU38 -> 0 | DO38: =DM38-DN38 -> 0 | DP38: =DK38+CK38 -> 0 | DQ38: =DL38+CL38 -> 4.402096 | DR38: =DD38+DH38 -> 0 | DS38: =DE38+DI38 -> 0 | DT38: =DR38-DS38 -> 0 | DU38: =DR38/B38 -> #DIV/0! | DV38: =DR38/E38 -> #DIV/0! | DW38: =DT38/H38 -> 0
A39: Taxe spéciale de réexportation | B39: ='[1]Recettes intérieures'!B39 -> 3.468324 | D39: =B39-C39 -> 3.468324 | E39: ='[1]Recettes intérieures'!C39 -> 3.468324 | G39: =E39-F39 -> 3.468324 | H39: ='[1]Recettes intérieures'!D39 -> 0.405541 | I39: ='[1]Recettes intérieures'!D39 -> 0.405541 | J39: ='[1]Recettes intérieures'!G39 -> 0.26947717 | K39: ='[1]Recettes intérieures'!F39 -> 0.15196019 | L39: =J39-K39 -> 0.11751699 | M39: ='[1]Recettes intérieures'!H39 -> 0.300161 | N39: ='[1]Recettes intérieures'!K39 -> 0.28449662 | O39: ='[1]Recettes intérieures'!J39 -> 0.17519609 | P39: =N39-O39 -> 0.10930053 | Q39: =J39+N39 -> 0.55397379 | R39: =K39+O39 -> 0.32715628 | S39: =Q39-R39 -> 0.22681751 | T39: ='[1]Recettes intérieures'!L39 -> 0 | U39: ='[1]Recettes intérieures'!O39 -> 0.37351512 | V39: ='[1]Recettes intérieures'!N39 -> 0.26029462 | W39: =U39-V39 -> 0.1132205 | Y39: =I39+M39+T39 -> 0.705702 | Z39: =Q39+U39 -> 0.92748891 | AA39: =R39+V39 -> 0.5874509 | AB39: =S39+W39 -> 0.34003801 | AC39: =AB39/D39 -> 0.098041018 | AD39: =Z39/Y39 -> 1.3142784 | AE39: =AB39/H39 -> 0.83847999 | AF39: ='[1]Recettes intérieures'!P39 -> 0.311979 | AG39: ='[1]Recettes intérieures'!S39 -> 0.36592533 | AH39: ='[1]Recettes intérieures'!R39 -> 0.22650204 | AI39: =AG39-AH39 -> 0.1394233 | AJ39: =+Z39+AG39 -> 1.2934142 | AK39: =+AA39+AH39 -> 0.81395293 | AL39: =AJ39-AK39 -> 0.47946131 | AM39: =AL39/D39 -> 0.13824006 | AN39: ='[1]Recettes intérieures'!T39 -> 0.245667 | AO39: ='[1]Recettes intérieures'!W39 -> 0.29052215 | AP39: ='[1]Recettes intérieures'!V39 -> 0.20263154 | AQ39: =AO39-AP39 -> 0.087890612 | AR39: =AJ39+AO39 -> 1.5839364 | AS39: =AK39+AP39 -> 1.0165845 | AT39: =AR39-AS39 -> 0.56735192 | AU39: ='[1]Recettes intérieures'!X39 -> 0 | AV39: ='[1]Recettes intérieures'!AA39 -> 0.35505931 | AW39: ='[1]Recettes intérieures'!Z39 -> 0.25739152 | AX39: =AV39-AW39 -> 0.097667797 | AZ39: =AF39+AN39+AU39 -> 0.557646 | BA39: =AV39+AO39+AG39 -> 1.0115068 | BB39: =AW39+AP39+AH39 -> 0.68652509 | BC39: =BA39-BB39 -> 0.32498171 | BD39: =AY39+X39 -> 0 | BE39: =AZ39+Y39 -> 1.263348 | BF39: =BA39+Z39 -> 1.9389957 | BG39: =BB39+AA39 -> 1.273976 | BH39: =BC39+AB39 -> 0.66501972 | BI39: =BH39/D39 -> 0.19174094 | BJ39: =BF39/E39 -> 0.55905841 | BK39: =BH39/BD39 -> #DIV/0! | BL39: ='[1]Recettes intérieures'!AB39 -> 0 | BM39: ='[1]Recettes intérieures'!AE39 -> 0 | BN39: ='[1]Recettes intérieures'!AD39 -> 0 | BO39: =BM39-BN39 -> 0 | BP39: =BF39+BM39 -> 1.9389957 | BQ39: =BG39+BN39 -> 1.273976 | BR39: =BP39-BQ39 -> 0.66501972 | BS39: =BP39/B39 -> 0.55905841 | BT39: ='[1]Recettes intérieures'!AF39 -> 0 | BU39: ='[1]Recettes intérieures'!AI39 -> 0 | BV39: ='[1]Recettes intérieures'!AH39 -> 0 | BW39: =BU39-BV39 -> 0 | BX39: =BP39+BU39 -> 1.9389957 | BY39: =BQ39+BV39 -> 1.273976 | BZ39: =BX39-BY39 -> 0.66501972 | CA39: =BX39/B39 -> 0.55905841 | CB39: ='[1]Recettes intérieures'!AJ39 -> 0 | CC39: ='[1]Recettes intérieures'!AM39 -> 0 | CD39: ='[1]Recettes intérieures'!AL39 -> 0 | CE39: =CC39-CD39 -> 0 | CG39: =CB39+BT39+BL39 -> 0 | CH39: =BM39+BU39+CC39 -> 0 | CI39: =BN39+BV39+CD39 -> 0 | CJ39: =CH39-CI39 -> 0 | CL39: =CG39+BE39 -> 1.263348 | CM39: =BX39+CC39 -> 1.9389957 | CN39: =BY39+CD39 -> 1.273976 | CO39: =CM39-CN39 -> 0.66501972 | CP39: =CM39/B39 -> 0.55905841 | CQ39: =CM39/E39 -> 0.55905841 | CR39: =CO39/CK39 -> #DIV/0! | CS39: ='[1]Recettes intérieures'!AN39 -> 0 | CT39: ='[1]Recettes intérieures'!AQ39 -> 0 | CU39: ='[1]Recettes intérieures'!AP39 -> 0 | CV39: =CT39-CU39 -> 0 | CW39: =CM39+CT39 -> 1.9389957 | CX39: =CN39+CU39 -> 1.273976 | CY39: =CW39-CX39 -> 0.66501972 | CZ39: ='[1]Recettes intérieures'!AR39 -> 0 | DA39: ='[1]Recettes intérieures'!AU39 -> 0 | DB39: ='[1]Recettes intérieures'!AT39 -> 0 | DC39: =DA39-DB39 -> 0 | DD39: =CW39+DA39 -> 1.9389957 | DE39: =CX39+DB39 -> 1.273976 | DF39: =DD39-DE39 -> 0.66501972 | DG39: ='[1]Recettes intérieures'!AV39 -> 1.9389957 | DH39: ='[1]Recettes intérieures'!AY39 -> 0 | DI39: ='[1]Recettes intérieures'!AX39 -> 0 | DJ39: =DH39-DI39 -> 0 | DL39: =DG39+CZ39+CS39 -> 1.9389957 | DM39: =DH39+DA39+CT39 -> 0 | DN39: =DI39+DB39+CU39 -> 0 | DO39: =DM39-DN39 -> 0 | DP39: =DK39+CK39 -> 0 | DQ39: =DL39+CL39 -> 3.2023437 | DR39: =DD39+DH39 -> 1.9389957 | DS39: =DE39+DI39 -> 1.273976 | DT39: =DR39-DS39 -> 0.66501972 | DU39: =DR39/B39 -> 0.55905841 | DV39: =DR39/E39 -> 0.55905841 | DW39: =DT39/H39 -> 1.6398335
A40: Redevance minière | B40: ='[1]Recettes intérieures'!B40 -> 0 | D40: =B40-C40 -> 0 | E40: ='[1]Recettes intérieures'!C40 -> 0 | G40: =E40-F40 -> 0 | H40: ='[1]Recettes intérieures'!D40 -> 0 | I40: ='[1]Recettes intérieures'!D40 -> 0 | J40: ='[1]Recettes intérieures'!G40 -> 0 | K40: ='[1]Recettes intérieures'!F40 -> 0 | L40: =J40-K40 -> 0 | M40: ='[1]Recettes intérieures'!H40 -> 0 | N40: ='[1]Recettes intérieures'!K40 -> 0 | O40: ='[1]Recettes intérieures'!J40 -> 0 | P40: =N40-O40 -> 0 | Q40: =J40+N40 -> 0 | R40: =K40+O40 -> 0 | S40: =Q40-R40 -> 0 | T40: ='[1]Recettes intérieures'!L40 -> 0 | U40: ='[1]Recettes intérieures'!O40 -> 0 | V40: ='[1]Recettes intérieures'!N40 -> 0 | W40: =U40-V40 -> 0 | Y40: =I40+M40+T40 -> 0 | Z40: =Q40+U40 -> 0 | AA40: =R40+V40 -> 0 | AB40: =S40+W40 -> 0 | AC40: =AB40/D40 -> #DIV/0! | AD40: =Z40/Y40 -> #DIV/0! | AE40: =AB40/H40 -> #DIV/0! | AF40: ='[1]Recettes intérieures'!P40 -> 0 | AG40: ='[1]Recettes intérieures'!S40 -> 0 | AH40: ='[1]Recettes intérieures'!R40 -> 0 | AI40: =AG40-AH40 -> 0 | AJ40: =+Z40+AG40 -> 0 | AK40: =+AA40+AH40 -> 0 | AL40: =AJ40-AK40 -> 0 | AM40: =AL40/D40 -> #DIV/0! | AN40: ='[1]Recettes intérieures'!T40 -> 0 | AO40: ='[1]Recettes intérieures'!W40 -> 0 | AP40: ='[1]Recettes intérieures'!V40 -> 0 | AQ40: =AO40-AP40 -> 0 | AR40: =AJ40+AO40 -> 0 | AS40: =AK40+AP40 -> 0 | AT40: =AR40-AS40 -> 0 | AU40: ='[1]Recettes intérieures'!X40 -> 0 | AV40: ='[1]Recettes intérieures'!AA40 -> 0 | AW40: ='[1]Recettes intérieures'!Z40 -> 0 | AX40: =AV40-AW40 -> 0 | AZ40: =AF40+AN40+AU40 -> 0 | BA40: =AV40+AO40+AG40 -> 0 | BB40: =AW40+AP40+AH40 -> 0 | BC40: =BA40-BB40 -> 0 | BD40: =AY40+X40 -> 0 | BE40: =AZ40+Y40 -> 0 | BF40: =BA40+Z40 -> 0 | BG40: =BB40+AA40 -> 0 | BH40: =BC40+AB40 -> 0 | BI40: =BH40/D40 -> #DIV/0! | BJ40: =BF40/E40 -> #DIV/0! | BK40: =BH40/BD40 -> #DIV/0! | BL40: ='[1]Recettes intérieures'!AB40 -> 0 | BM40: ='[1]Recettes intérieures'!AE40 -> 0 | BN40: ='[1]Recettes intérieures'!AD40 -> 0 | BO40: =BM40-BN40 -> 0 | BP40: =BF40+BM40 -> 0 | BQ40: =BG40+BN40 -> 0 | BR40: =BP40-BQ40 -> 0 | BS40: =BP40/B40 -> #DIV/0! | BT40: ='[1]Recettes intérieures'!AF40 -> 0 | BU40: ='[1]Recettes intérieures'!AI40 -> 0 | BV40: ='[1]Recettes intérieures'!AH40 -> 0 | BW40: =BU40-BV40 -> 0 | BX40: =BP40+BU40 -> 0 | BY40: =BQ40+BV40 -> 0 | BZ40: =BX40-BY40 -> 0 | CA40: =BX40/B40 -> #DIV/0! | CB40: ='[1]Recettes intérieures'!AJ40 -> 0 | CC40: ='[1]Recettes intérieures'!AM40 -> 0 | CD40: ='[1]Recettes intérieures'!AL40 -> 0 | CE40: =CC40-CD40 -> 0 | CG40: =CB40+BT40+BL40 -> 0 | CH40: =BM40+BU40+CC40 -> 0 | CI40: =BN40+BV40+CD40 -> 0 | CJ40: =CH40-CI40 -> 0 | CL40: =CG40+BE40 -> 0 | CM40: =BX40+CC40 -> 0 | CN40: =BY40+CD40 -> 0 | CO40: =CM40-CN40 -> 0 | CP40: =CM40/B40 -> #DIV/0! | CQ40: =CM40/E40 -> #DIV/0! | CR40: =CO40/CK40 -> #DIV/0! | CS40: ='[1]Recettes intérieures'!AN40 -> 0 | CT40: ='[1]Recettes intérieures'!AQ40 -> 0 | CU40: ='[1]Recettes intérieures'!AP40 -> 0 | CV40: =CT40-CU40 -> 0 | CW40: =CM40+CT40 -> 0 | CX40: =CN40+CU40 -> 0 | CY40: =CW40-CX40 -> 0 | CZ40: ='[1]Recettes intérieures'!AR40 -> 0 | DA40: ='[1]Recettes intérieures'!AU40 -> 0 | DB40: ='[1]Recettes intérieures'!AT40 -> 0 | DC40: =DA40-DB40 -> 0 | DD40: =CW40+DA40 -> 0 | DE40: =CX40+DB40 -> 0 | DF40: =DD40-DE40 -> 0 | DG40: ='[1]Recettes intérieures'!AV40 -> 0 | DH40: ='[1]Recettes intérieures'!AY40 -> 0 | DI40: ='[1]Recettes intérieures'!AX40 -> 0 | DJ40: =DH40-DI40 -> 0 | DL40: =DG40+CZ40+CS40 -> 0 | DM40: =DH40+DA40+CT40 -> 0 | DN40: =DI40+DB40+CU40 -> 0 | DO40: =DM40-DN40 -> 0 | DP40: =DK40+CK40 -> 0 | DQ40: =DL40+CL40 -> 0 | DR40: =DD40+DH40 -> 0 | DS40: =DE40+DI40 -> 0 | DT40: =DR40-DS40 -> 0 | DU40: =DR40/B40 -> #DIV/0! | DV40: =DR40/E40 -> #DIV/0! | DW40: =DT40/H40 -> #DIV/0!
A41: Prélèvement national de solidarité | B41: ='[1]Recettes intérieures'!B41 -> 4.786427 | D41: =B41-C41 -> 4.786427 | E41: ='[1]Recettes intérieures'!C41 -> 4.786427 | G41: =E41-F41 -> 4.786427 | H41: ='[1]Recettes intérieures'!D41 -> 0.35068 | I41: ='[1]Recettes intérieures'!D41 -> 0.35068 | J41: ='[1]Recettes intérieures'!G41 -> 0.37136668 | K41: ='[1]Recettes intérieures'!F41 -> 0.022510007 | L41: =J41-K41 -> 0.34885667 | M41: ='[1]Recettes intérieures'!H41 -> 0.354865 | N41: ='[1]Recettes intérieures'!K41 -> 0.38890346 | O41: ='[1]Recettes intérieures'!J41 -> 0.030842281 | P41: =N41-O41 -> 0.35806118 | Q41: =J41+N41 -> 0.76027014 | R41: =K41+O41 -> 0.053352288 | S41: =Q41-R41 -> 0.70691785 | T41: ='[1]Recettes intérieures'!L41 -> 0 | U41: ='[1]Recettes intérieures'!O41 -> 0.4133959 | V41: ='[1]Recettes intérieures'!N41 -> 0.019784341 | W41: =U41-V41 -> 0.39361156 | Y41: =I41+M41+T41 -> 0.705545 | Z41: =Q41+U41 -> 1.173666 | AA41: =R41+V41 -> 0.073136629 | AB41: =S41+W41 -> 1.1005294 | AC41: =AB41/D41 -> 0.22992713 | AD41: =Z41/Y41 -> 1.6634886 | AE41: =AB41/H41 -> 3.1382725 | AF41: ='[1]Recettes intérieures'!P41 -> 0.341136 | AG41: ='[1]Recettes intérieures'!S41 -> 0.38162755 | AH41: ='[1]Recettes intérieures'!R41 -> 0.01268592 | AI41: =AG41-AH41 -> 0.36894162 | AJ41: =+Z41+AG41 -> 1.5552936 | AK41: =+AA41+AH41 -> 0.085822549 | AL41: =AJ41-AK41 -> 1.469471 | AM41: =AL41/D41 -> 0.30700793 | AN41: ='[1]Recettes intérieures'!T41 -> 0.375855 | AO41: ='[1]Recettes intérieures'!W41 -> 0.47581114 | AP41: ='[1]Recettes intérieures'!V41 -> 0.022193243 | AQ41: =AO41-AP41 -> 0.4536179 | AR41: =AJ41+AO41 -> 2.0311047 | AS41: =AK41+AP41 -> 0.10801579 | AT41: =AR41-AS41 -> 1.9230889 | AU41: ='[1]Recettes intérieures'!X41 -> 0 | AV41: ='[1]Recettes intérieures'!AA41 -> 0.48600776 | AW41: ='[1]Recettes intérieures'!Z41 -> 0.022112061 | AX41: =AV41-AW41 -> 0.4638957 | AZ41: =AF41+AN41+AU41 -> 0.716991 | BA41: =AV41+AO41+AG41 -> 1.3434464 | BB41: =AW41+AP41+AH41 -> 0.056991224 | BC41: =BA41-BB41 -> 1.2864552 | BD41: =AY41+X41 -> 0 | BE41: =AZ41+Y41 -> 1.422536 | BF41: =BA41+Z41 -> 2.5171125 | BG41: =BB41+AA41 -> 0.13012785 | BH41: =BC41+AB41 -> 2.3869846 | BI41: =BH41/D41 -> 0.49869864 | BJ41: =BF41/E41 -> 0.52588548 | BK41: =BH41/BD41 -> #DIV/0! | BL41: ='[1]Recettes intérieures'!AB41 -> 0 | BM41: ='[1]Recettes intérieures'!AE41 -> 0 | BN41: ='[1]Recettes intérieures'!AD41 -> 0 | BO41: =BM41-BN41 -> 0 | BP41: =BF41+BM41 -> 2.5171125 | BQ41: =BG41+BN41 -> 0.13012785 | BR41: =BP41-BQ41 -> 2.3869846 | BS41: =BP41/B41 -> 0.52588548 | BT41: ='[1]Recettes intérieures'!AF41 -> 0 | BU41: ='[1]Recettes intérieures'!AI41 -> 0 | BV41: ='[1]Recettes intérieures'!AH41 -> 0 | BW41: =BU41-BV41 -> 0 | BX41: =BP41+BU41 -> 2.5171125 | BY41: =BQ41+BV41 -> 0.13012785 | BZ41: =BX41-BY41 -> 2.3869846 | CA41: =BX41/B41 -> 0.52588548 | CB41: ='[1]Recettes intérieures'!AJ41 -> 0 | CC41: ='[1]Recettes intérieures'!AM41 -> 0 | CD41: ='[1]Recettes intérieures'!AL41 -> 0 | CE41: =CC41-CD41 -> 0 | CG41: =CB41+BT41+BL41 -> 0 | CH41: =BM41+BU41+CC41 -> 0 | CI41: =BN41+BV41+CD41 -> 0 | CJ41: =CH41-CI41 -> 0 | CL41: =CG41+BE41 -> 1.422536 | CM41: =BX41+CC41 -> 2.5171125 | CN41: =BY41+CD41 -> 0.13012785 | CO41: =CM41-CN41 -> 2.3869846 | CP41: =CM41/B41 -> 0.52588548 | CQ41: =CM41/E41 -> 0.52588548 | CR41: =CO41/CK41 -> #DIV/0! | CS41: ='[1]Recettes intérieures'!AN41 -> 0 | CT41: ='[1]Recettes intérieures'!AQ41 -> 0 | CU41: ='[1]Recettes intérieures'!AP41 -> 0 | CV41: =CT41-CU41 -> 0 | CW41: =CM41+CT41 -> 2.5171125 | CX41: =CN41+CU41 -> 0.13012785 | CY41: =CW41-CX41 -> 2.3869846 | CZ41: ='[1]Recettes intérieures'!AR41 -> 0 | DA41: ='[1]Recettes intérieures'!AU41 -> 0 | DB41: ='[1]Recettes intérieures'!AT41 -> 0 | DC41: =DA41-DB41 -> 0 | DD41: =CW41+DA41 -> 2.5171125 | DE41: =CX41+DB41 -> 0.13012785 | DF41: =DD41-DE41 -> 2.3869846 | DG41: ='[1]Recettes intérieures'!AV41 -> 0 | DH41: ='[1]Recettes intérieures'!AY41 -> 0 | DI41: ='[1]Recettes intérieures'!AX41 -> 0 | DJ41: =DH41-DI41 -> 0 | DL41: =DG41+CZ41+CS41 -> 0 | DM41: =DH41+DA41+CT41 -> 0 | DN41: =DI41+DB41+CU41 -> 0 | DO41: =DM41-DN41 -> 0 | DP41: =DK41+CK41 -> 0 | DQ41: =DL41+CL41 -> 1.422536 | DR41: =DD41+DH41 -> 2.5171125 | DS41: =DE41+DI41 -> 0.13012785 | DT41: =DR41-DS41 -> 2.3869846 | DU41: =DR41/B41 -> 0.52588548 | DV41: =DR41/E41 -> 0.52588548 | DW41: =DT41/H41 -> 6.8067316
A42: Amendes, pénalités, confiscations et vente | B42: ='[1]Recettes intérieures'!B42 -> 6.974555 | D42: =B42-C42 -> 6.974555 | E42: ='[1]Recettes intérieures'!C42 -> 6.974555 | G42: =E42-F42 -> 6.974555 | H42: ='[1]Recettes intérieures'!D42 -> 0.10434 | I42: ='[1]Recettes intérieures'!D42 -> 0.10434 | J42: ='[1]Recettes intérieures'!G42 -> 0.30963782 | K42: ='[1]Recettes intérieures'!F42 -> 0 | L42: =J42-K42 -> 0.30963782 | M42: ='[1]Recettes intérieures'!H42 -> 0.828596 | N42: ='[1]Recettes intérieures'!K42 -> 0.14249145 | O42: ='[1]Recettes intérieures'!J42 -> 0 | P42: =N42-O42 -> 0.14249145 | Q42: =J42+N42 -> 0.45212927 | R42: =K42+O42 -> 0 | S42: =Q42-R42 -> 0.45212927 | T42: ='[1]Recettes intérieures'!L42 -> 0 | U42: ='[1]Recettes intérieures'!O42 -> 0.1036966 | V42: ='[1]Recettes intérieures'!N42 -> 0 | W42: =U42-V42 -> 0.1036966 | Y42: =I42+M42+T42 -> 0.932936 | Z42: =Q42+U42 -> 0.55582587 | AA42: =R42+V42 -> 0 | AB42: =S42+W42 -> 0.55582587 | AC42: =AB42/D42 -> 0.079693381 | AD42: =Z42/Y42 -> 0.59578135 | AE42: =AB42/H42 -> 5.3270641 | AF42: ='[1]Recettes intérieures'!P42 -> 0.100759 | AG42: ='[1]Recettes intérieures'!S42 -> 0.048557786 | AH42: ='[1]Recettes intérieures'!R42 -> 0 | AI42: =AG42-AH42 -> 0.048557786 | AJ42: =+Z42+AG42 -> 0.60438366 | AK42: =+AA42+AH42 -> 0 | AL42: =AJ42-AK42 -> 0.60438366 | AM42: =AL42/D42 -> 0.086655515 | AN42: ='[1]Recettes intérieures'!T42 -> 0.81767 | AO42: ='[1]Recettes intérieures'!W42 -> 0.089551592 | AP42: ='[1]Recettes intérieures'!V42 -> 0 | AQ42: =AO42-AP42 -> 0.089551592 | AR42: =AJ42+AO42 -> 0.69393525 | AS42: =AK42+AP42 -> 0 | AT42: =AR42-AS42 -> 0.69393525 | AU42: ='[1]Recettes intérieures'!X42 -> 0 | AV42: ='[1]Recettes intérieures'!AA42 -> 0.15734758 | AW42: ='[1]Recettes intérieures'!Z42 -> 0 | AX42: =AV42-AW42 -> 0.15734758 | AZ42: =AF42+AN42+AU42 -> 0.918429 | BA42: =AV42+AO42+AG42 -> 0.29545696 | BB42: =AW42+AP42+AH42 -> 0 | BC42: =BA42-BB42 -> 0.29545696 | BD42: =AY42+X42 -> 0 | BE42: =AZ42+Y42 -> 1.851365 | BF42: =BA42+Z42 -> 0.85128283 | BG42: =BB42+AA42 -> 0 | BH42: =BC42+AB42 -> 0.85128283 | BI42: =BH42/D42 -> 0.12205551 | BJ42: =BF42/E42 -> 0.12205551 | BK42: =BH42/BD42 -> #DIV/0! | BL42: ='[1]Recettes intérieures'!AB42 -> 0 | BM42: ='[1]Recettes intérieures'!AE42 -> 0 | BN42: ='[1]Recettes intérieures'!AD42 -> 0 | BO42: =BM42-BN42 -> 0 | BP42: =BF42+BM42 -> 0.85128283 | BQ42: =BG42+BN42 -> 0 | BR42: =BP42-BQ42 -> 0.85128283 | BS42: =BP42/B42 -> 0.12205551 | BT42: ='[1]Recettes intérieures'!AF42 -> 0 | BU42: ='[1]Recettes intérieures'!AI42 -> 0 | BV42: ='[1]Recettes intérieures'!AH42 -> 0 | BW42: =BU42-BV42 -> 0 | BX42: =BP42+BU42 -> 0.85128283 | BY42: =BQ42+BV42 -> 0 | BZ42: =BX42-BY42 -> 0.85128283 | CA42: =BX42/B42 -> 0.12205551 | CB42: ='[1]Recettes intérieures'!AJ42 -> 0 | CC42: ='[1]Recettes intérieures'!AM42 -> 0 | CD42: ='[1]Recettes intérieures'!AL42 -> 0 | CE42: =CC42-CD42 -> 0 | CG42: =CB42+BT42+BL42 -> 0 | CH42: =BM42+BU42+CC42 -> 0 | CI42: =BN42+BV42+CD42 -> 0 | CJ42: =CH42-CI42 -> 0 | CL42: =CG42+BE42 -> 1.851365 | CM42: =BX42+CC42 -> 0.85128283 | CN42: =BY42+CD42 -> 0 | CO42: =CM42-CN42 -> 0.85128283 | CP42: =CM42/B42 -> 0.12205551 | CQ42: =CM42/E42 -> 0.12205551 | CR42: =CO42/CK42 -> #DIV/0! | CS42: ='[1]Recettes intérieures'!AN42 -> 0 | CT42: ='[1]Recettes intérieures'!AQ42 -> 0 | CU42: ='[1]Recettes intérieures'!AP42 -> 0 | CV42: =CT42-CU42 -> 0 | CW42: =CM42+CT42 -> 0.85128283 | CX42: =CN42+CU42 -> 0 | CY42: =CW42-CX42 -> 0.85128283 | CZ42: ='[1]Recettes intérieures'!AR42 -> 0 | DA42: ='[1]Recettes intérieures'!AU42 -> 0 | DB42: ='[1]Recettes intérieures'!AT42 -> 0 | DC42: =DA42-DB42 -> 0 | DD42: =CW42+DA42 -> 0.85128283 | DE42: =CX42+DB42 -> 0 | DF42: =DD42-DE42 -> 0.85128283 | DG42: ='[1]Recettes intérieures'!AV42 -> 0.12646111 | DH42: ='[1]Recettes intérieures'!AY42 -> 0 | DI42: ='[1]Recettes intérieures'!AX42 -> 0 | DJ42: =DH42-DI42 -> 0 | DL42: =DG42+CZ42+CS42 -> 0.12646111 | DM42: =DH42+DA42+CT42 -> 0 | DN42: =DI42+DB42+CU42 -> 0 | DO42: =DM42-DN42 -> 0 | DP42: =DK42+CK42 -> 0 | DQ42: =DL42+CL42 -> 1.9778261 | DR42: =DD42+DH42 -> 0.85128283 | DS42: =DE42+DI42 -> 0 | DT42: =DR42-DS42 -> 0.85128283 | DU42: =DR42/B42 -> 0.12205551 | DV42: =DR42/E42 -> 0.12205551 | DW42: =DT42/H42 -> 8.1587391
A43: Autres recettes fiscales | B43: ='[1]Recettes intérieures'!B43 -> 0.010252 | D43: =B43-C43 -> 0.010252 | E43: ='[1]Recettes intérieures'!C43 -> 0.010252 | G43: =E43-F43 -> 0.010252 | H43: =[1]Togo_Fisc!AY17-SUM(H32:H42) -> 234.10981 | I43: ='[1]Recettes intérieures'!D43 -> 0.000551 | J43: ='[1]Recettes intérieures'!G43 -> 0.000619151 | K43: ='[1]Recettes intérieures'!F43 -> 0 | L43: =J43-K43 -> 0.000619151 | M43: ='[1]Recettes intérieures'!H43 -> 0.000709 | N43: ='[1]Recettes intérieures'!K43 -> 0.000221805 | O43: ='[1]Recettes intérieures'!J43 -> 0 | P43: =N43-O43 -> 0.000221805 | Q43: =J43+N43 -> 0.000840956 | R43: =K43+O43 -> 0 | S43: =Q43-R43 -> 0.000840956 | T43: ='[1]Recettes intérieures'!L43 -> 0 | U43: ='[1]Recettes intérieures'!O43 -> 0.000181146 | V43: ='[1]Recettes intérieures'!N43 -> 0 | W43: =U43-V43 -> 0.000181146 | Y43: =I43+M43+T43 -> 0.00126 | Z43: =Q43+U43 -> 0.001022102 | AA43: =R43+V43 -> 0 | AB43: =S43+W43 -> 0.001022102 | AC43: =AB43/D43 -> 0.099697815 | AD43: =Z43/Y43 -> 0.81119206 | AE43: =AB43/H43 -> 4.3659085e-06 | AF43: ='[1]Recettes intérieures'!P43 -> 0.000992 | AG43: ='[1]Recettes intérieures'!S43 -> 0.001034241 | AH43: ='[1]Recettes intérieures'!R43 -> 0 | AI43: =AG43-AH43 -> 0.001034241 | AJ43: =+Z43+AG43 -> 0.002056343 | AK43: =+AA43+AH43 -> 0 | AL43: =AJ43-AK43 -> 0.002056343 | AM43: =AL43/D43 -> 0.20057969 | AN43: ='[1]Recettes intérieures'!T43 -> 0.000622 | AO43: ='[1]Recettes intérieures'!W43 -> 0.001051591 | AP43: ='[1]Recettes intérieures'!V43 -> 0 | AQ43: =AO43-AP43 -> 0.001051591 | AR43: =AJ43+AO43 -> 0.003107934 | AS43: =AK43+AP43 -> 0 | AT43: =AR43-AS43 -> 0.003107934 | AU43: ='[1]Recettes intérieures'!X43 -> 0 | AV43: ='[1]Recettes intérieures'!AA43 -> 0.000767754 | AW43: ='[1]Recettes intérieures'!Z43 -> 0 | AX43: =AV43-AW43 -> 0.000767754 | AZ43: =AF43+AN43+AU43 -> 0.001614 | BA43: =AV43+AO43+AG43 -> 0.002853586 | BB43: =AW43+AP43+AH43 -> 0 | BC43: =BA43-BB43 -> 0.002853586 | BD43: =AY43+X43 -> 0 | BE43: =AZ43+Y43 -> 0.002874 | BF43: =BA43+Z43 -> 0.003875688 | BG43: =BB43+AA43 -> 0 | BH43: =BC43+AB43 -> 0.003875688 | BI43: =BH43/D43 -> 0.37804214 | BJ43: =BF43/E43 -> 0.37804214 | BK43: =BH43/BD43 -> #DIV/0! | BL43: ='[1]Recettes intérieures'!AB43 -> 0 | BM43: ='[1]Recettes intérieures'!AE43 -> 0 | BN43: ='[1]Recettes intérieures'!AD43 -> 0 | BO43: =BM43-BN43 -> 0 | BP43: =BF43+BM43 -> 0.003875688 | BQ43: =BG43+BN43 -> 0 | BR43: =BP43-BQ43 -> 0.003875688 | BS43: =BP43/B43 -> 0.37804214 | BT43: ='[1]Recettes intérieures'!AF43 -> 0 | BU43: ='[1]Recettes intérieures'!AI43 -> 0 | BV43: ='[1]Recettes intérieures'!AH43 -> 0 | BW43: =BU43-BV43 -> 0 | BX43: =BP43+BU43 -> 0.003875688 | BY43: =BQ43+BV43 -> 0 | BZ43: =BX43-BY43 -> 0.003875688 | CA43: =BX43/B43 -> 0.37804214 | CB43: ='[1]Recettes intérieures'!AJ43 -> 0 | CC43: ='[1]Recettes intérieures'!AM43 -> 0 | CD43: ='[1]Recettes intérieures'!AL43 -> 0 | CE43: =CC43-CD43 -> 0 | CG43: =CB43+BT43+BL43 -> 0 | CH43: =BM43+BU43+CC43 -> 0 | CI43: =BN43+BV43+CD43 -> 0 | CJ43: =CH43-CI43 -> 0 | CL43: =CG43+BE43 -> 0.002874 | CM43: =BX43+CC43 -> 0.003875688 | CN43: =BY43+CD43 -> 0 | CO43: =CM43-CN43 -> 0.003875688 | CP43: =CM43/B43 -> 0.37804214 | CQ43: =CM43/E43 -> 0.37804214 | CR43: =CO43/CK43 -> #DIV/0! | CS43: ='[1]Recettes intérieures'!AN43 -> 0 | CT43: ='[1]Recettes intérieures'!AQ43 -> 0 | CU43: ='[1]Recettes intérieures'!AP43 -> 0 | CV43: =CT43-CU43 -> 0 | CW43: =CM43+CT43 -> 0.003875688 | CX43: =CN43+CU43 -> 0 | CY43: =CW43-CX43 -> 0.003875688 | CZ43: ='[1]Recettes intérieures'!AR43 -> 0 | DA43: ='[1]Recettes intérieures'!AU43 -> 0 | DB43: ='[1]Recettes intérieures'!AT43 -> 0 | DC43: =DA43-DB43 -> 0 | DD43: =CW43+DA43 -> 0.003875688 | DE43: =CX43+DB43 -> 0 | DF43: =DD43-DE43 -> 0.003875688 | DG43: ='[1]Recettes intérieures'!AV43 -> 0.003875688 | DH43: ='[1]Recettes intérieures'!AY43 -> 0 | DI43: ='[1]Recettes intérieures'!AX43 -> 0 | DJ43: =DH43-DI43 -> 0 | DL43: =DG43+CZ43+CS43 -> 0.003875688 | DM43: =DH43+DA43+CT43 -> 0 | DN43: =DI43+DB43+CU43 -> 0 | DO43: =DM43-DN43 -> 0 | DP43: =DK43+CK43 -> 0 | DQ43: =DL43+CL43 -> 0.006749688 | DR43: =DD43+DH43 -> 0.003875688 | DS43: =DE43+DI43 -> 0 | DT43: =DR43-DS43 -> 0.003875688 | DU43: =DR43/B43 -> 0.37804214 | DV43: =DR43/E43 -> 0.37804214 | DW43: =DT43/H43 -> 1.6555001e-05
A44: RECETTES NON FISCALES | B44: =B45+B50+B58+B59+B60 -> 62.270126 | C44: =C45+C50+C58+C59+C60 -> 0 | D44: =D45+D50+D58+D59+D60 -> 62.270126 | E44: =E45+E50+E58+E59+E60 -> 62.270126 | F44: =F45+F50+F58+F59+F60 -> 0 | G44: =G45+G50+G58+G59+G60 -> 62.270126 | H44: =H45+H50+H58+H59+H60 -> 83.947279 | I44: =I45+I50+I58+I59+I60 -> 0 | ... AB44: =AB45+AB50+AB58+AB59+AB60 -> 3.4700911 | AC44: =AB44/D44 -> 0.055726418 | AD44: =Z44/Y44 -> #DIV/0! | AE44: =AB44/H44 -> 0.041336552 | AF44: =AF45+AF50+AF58+AF59+AF60 -> 0 | AG44: =AG45+AG50+AG58+AG59+AG60 -> 15.530636 | AH44: =AH45+AH50+AH58+AH59+AH60 -> 0 | AI44: =AI45+AI50+AI58+AI59+AI60 -> 15.530636 | AJ44: =AJ45+AJ50+AJ58+AJ59+AJ60 -> 19.000728 | AK44: =AK45+AK50+AK58+AK59+AK60 -> 0 | AL44: =AL45+AL50+AL58+AL59+AL60 -> 19.000728 | AM44: =AL44/D44 -> 0.30513392 | AN44: =AN45+AN50+AN58+AN59+AN60 -> 0 | AO44: =AO45+AO50+AO58+AO59+AO60 -> 4.5261059 | AP44: =AP45+AP50+AP58+AP59+AP60 -> 0 | AQ44: =AQ45+AQ50+AQ58+AQ59+AQ60 -> 4.5261059 | AR44: =AR45+AR50+AR58+AR59+AR60 -> 23.526833 | AS44: =AS45+AS50+AS58+AS59+AS60 -> 0 | AT44: =AT45+AT50+AT58+AT59+AT60 -> 23.526833 | AU44: =AU45+AU50+AU58+AU59+AU60 -> 0 | ... BH44: =BH45+BH50+BH58+BH59+BH60 -> 25.716302 | BI44: =BH44/D44 -> 0.41297977 | BJ44: =BF44/E44 -> 0.41297977 | BK44: =BH44/BD44 -> #DIV/0! | BL44: =BL45+BL50+BL58+BL59+BL60 -> 0 | BM44: =BM45+BM50+BM58+BM59+BM60 -> 0 | BN44: =BN45+BN50+BN58+BN59+BN60 -> 0 | BO44: =BO45+BO50+BO58+BO59+BO60 -> 0 | BP44: =BP45+BP50+BP58+BP59+BP60 -> 25.716302 | BQ44: =BQ45+BQ50+BQ58+BQ59+BQ60 -> 0 | BR44: =BR45+BR50+BR58+BR59+BR60 -> 25.716302 | BS44: =BP44/B44 -> 0.41297977 | BT44: =BT45+BT50+BT58+BT59+BT60 -> 0 | BU44: =BU45+BU50+BU58+BU59+BU60 -> 0 | BV44: =BV45+BV50+BV58+BV59+BV60 -> 0 | BW44: =BW45+BW50+BW58+BW59+BW60 -> 0 | BX44: =BX45+BX50+BX58+BX59+BX60 -> 25.716302 | BY44: =BY45+BY50+BY58+BY59+BY60 -> 0 | BZ44: =BZ45+BZ50+BZ58+BZ59+BZ60 -> 25.716302 | CA44: =BX44/B44 -> 0.41297977 | CB44: =CB45+CB50+CB58+CB59+CB60 -> 0 | CC44: =CC45+CC50+CC58+CC59+CC60 -> 0 | CD44: =CD45+CD50+CD58+CD59+CD60 -> 0 | CE44: =CE45+CE50+CE58+CE59+CE60 -> 0 | CF44: =CF45+CF50+CF58+CF59+CF60 -> 0 | CG44: =CG45+CG50+CG58+CG59+CG60 -> 0 | CH44: =CH45+CH50+CH58+CH59+CH60 -> 0 | CI44: =CI45+CI50+CI58+CI59+CI60 -> 0 | ... CO44: =CO45+CO50+CO58+CO59+CO60 -> 25.716302 | CP44: =CM44/B44 -> 0.41297977 | CQ44: =CM44/E44 -> 0.41297977 | CR44: =CO44/CK44 -> #DIV/0! | CS44: =CS45+CS50+CS58+CS59+CS60 -> 0 | CT44: =CT45+CT50+CT58+CT59+CT60 -> 0 | CU44: =CU45+CU50+CU58+CU59+CU60 -> 0 | CV44: =CV45+CV50+CV58+CV59+CV60 -> 0 | CW44: =CW45+CW50+CW58+CW59+CW60 -> 25.716302 | CX44: =CX45+CX50+CX58+CX59+CX60 -> 0 | CY44: =CY45+CY50+CY58+CY59+CY60 -> 25.716302 | CZ44: =CZ45+CZ50+CZ58+CZ59+CZ60 -> 0 | ... DT44: =DT45+DT50+DT58+DT59+DT60 -> 25.716302 | DU44: =DR44/B44 -> 0.41297977 | DV44: =DR44/E44 -> 0.41297977 | DW44: =DT44/H44 -> 0.30633872
A45: Produits de participations financières | B45: =SUM(B46:B49) -> 27.223913 | C45: =SUM(C46:C49) -> 0 | D45: =SUM(D46:D49) -> 27.223913 | E45: =SUM(E46:E49) -> 27.223913 | F45: =SUM(F46:F49) -> 0 | G45: =SUM(G46:G49) -> 27.223913 | H45: =SUM(H46:H49) -> 0 | I45: =SUM(I46:I49) -> 0 | ... AB45: =SUM(AB46:AB49) -> 0.14848094 | AC45: =AB45/D45 -> 0.0054540632 | AD45: =Z45/Y45 -> #DIV/0! | AE45: =AB45/H45 -> #DIV/0! | AF45: =SUM(AF46:AF49) -> 0 | AG45: =SUM(AG46:AG49) -> 12.599984 | AH45: =SUM(AH46:AH49) -> 0 | AI45: =SUM(AI46:AI49) -> 12.599984 | AJ45: =SUM(AJ46:AJ49) -> 12.748465 | AK45: =SUM(AK46:AK49) -> 0 | AL45: =SUM(AL46:AL49) -> 12.748465 | AM45: =AL45/D45 -> 0.46828187 | AN45: =SUM(AN46:AN49) -> 0 | AO45: =SUM(AO46:AO49) -> 0.34070765 | AP45: =SUM(AP46:AP49) -> 0 | AQ45: =SUM(AQ46:AQ49) -> 0.34070765 | AR45: =SUM(AR46:AR49) -> 13.089173 | AS45: =SUM(AS46:AS49) -> 0 | AT45: =SUM(AT46:AT49) -> 13.089173 | AU45: =SUM(AU46:AU49) -> 0 | ... BH45: =SUM(BH46:BH49) -> 13.31371 | BI45: =BH45/D45 -> 0.4890447 | BJ45: =BF45/E45 -> 0.4890447 | BK45: =BH45/BD45 -> #DIV/0! | BL45: =SUM(BL46:BL49) -> 0 | BM45: =SUM(BM46:BM49) -> 0 | BN45: =SUM(BN46:BN49) -> 0 | BO45: =SUM(BO46:BO49) -> 0 | BP45: =SUM(BP46:BP49) -> 13.31371 | BQ45: =SUM(BQ46:BQ49) -> 0 | BR45: =SUM(BR46:BR49) -> 13.31371 | BS45: =BP45/B45 -> 0.4890447 | BT45: =SUM(BT46:BT49) -> 0 | BU45: =SUM(BU46:BU49) -> 0 | BV45: =SUM(BV46:BV49) -> 0 | BW45: =SUM(BW46:BW49) -> 0 | BX45: =SUM(BX46:BX49) -> 13.31371 | BY45: =SUM(BY46:BY49) -> 0 | BZ45: =SUM(BZ46:BZ49) -> 13.31371 | CA45: =BX45/B45 -> 0.4890447 | CB45: =SUM(CB46:CB49) -> 0 | CC45: =SUM(CC46:CC49) -> 0 | CD45: =SUM(CD46:CD49) -> 0 | CE45: =SUM(CE46:CE49) -> 0 | CF45: =SUM(CF46:CF49) -> 0 | CG45: =SUM(CG46:CG49) -> 0 | CH45: =SUM(CH46:CH49) -> 0 | CI45: =SUM(CI46:CI49) -> 0 | ... CO45: =SUM(CO46:CO49) -> 13.31371 | CP45: =CM45/B45 -> 0.4890447 | CQ45: =CM45/E45 -> 0.4890447 | CR45: =CO45/CK45 -> #DIV/0! | CS45: =SUM(CS46:CS49) -> 0 | CT45: =SUM(CT46:CT49) -> 0 | CU45: =SUM(CU46:CU49) -> 0 | CV45: =SUM(CV46:CV49) -> 0 | CW45: =SUM(CW46:CW49) -> 13.31371 | CX45: =SUM(CX46:CX49) -> 0 | CY45: =SUM(CY46:CY49) -> 13.31371 | CZ45: =SUM(CZ46:CZ49) -> 0 | ... DT45: =SUM(DT46:DT49) -> 13.31371 | DU45: =DR45/B45 -> 0.4890447 | DV45: =DR45/E45 -> 0.4890447 | DW45: =DT45/H45 -> #DIV/0!
A46: Dividendes | B46: ='[1]Recettes intérieures'!B49 -> 20.260503 | D46: =B46-C46 -> 20.260503 | E46: ='[1]Recettes intérieures'!C49 -> 20.260503 | G46: =E46-F46 -> 20.260503 | H46: ='[1]Recettes intérieures'!D49 -> 0 | I46: ='[1]Recettes intérieures'!D49 -> 0 | J46: ='[1]Recettes intérieures'!G49 -> 0 | K46: ='[1]Recettes intérieures'!F49 -> 0 | L46: =J46-K46 -> 0 | M46: ='[1]Recettes intérieures'!H49 -> 0 | N46: ='[1]Recettes intérieures'!K49 -> 0 | O46: ='[1]Recettes intérieures'!J49 -> 0 | P46: =N46-O46 -> 0 | Q46: =J46+N46 -> 0 | R46: =K46+O46 -> 0 | S46: =Q46-R46 -> 0 | T46: ='[1]Recettes intérieures'!L49 -> 0 | U46: ='[1]Recettes intérieures'!O49 -> 0 | V46: ='[1]Recettes intérieures'!N49 -> 0 | W46: =U46-V46 -> 0 | Y46: =I46+M46+T46 -> 0 | Z46: =Q46+U46 -> 0 | AA46: =R46+V46 -> 0 | AB46: =S46+W46 -> 0 | AC46: =AB46/D46 -> 0 | AD46: =Z46/Y46 -> #DIV/0! | AE46: =AB46/H46 -> #DIV/0! | AF46: ='[1]Recettes intérieures'!P49 -> 0 | AG46: ='[1]Recettes intérieures'!S49 -> 4 | AH46: ='[1]Recettes intérieures'!R49 -> 0 | AI46: =AG46-AH46 -> 4 | AJ46: =+Z46+AG46 -> 4 | AK46: =+AA46+AH46 -> 0 | AL46: =+AB46+AI46 -> 4 | AM46: =AL46/D46 -> 0.19742846 | AN46: ='[1]Recettes intérieures'!T49 -> 0 | AO46: ='[1]Recettes intérieures'!W49 -> 0.0974732 | AP46: ='[1]Recettes intérieures'!V49 -> 0 | AQ46: =AO46-AP46 -> 0.0974732 | AR46: =AJ46+AO46 -> 4.0974732 | AS46: =AK46+AP46 -> 0 | AT46: =AR46-AS46 -> 4.0974732 | AU46: ='[1]Recettes intérieures'!X49 -> 0 | AV46: ='[1]Recettes intérieures'!AA49 -> 0.11241084 | AW46: ='[1]Recettes intérieures'!Z49 -> 0 | AX46: =AV46-AW46 -> 0.11241084 | AZ46: =AF46+AN46+AU46 -> 0 | BA46: =AV46+AO46+AG46 -> 4.209884 | BB46: =AW46+AP46+AH46 -> 0 | BC46: =BA46-BB46 -> 4.209884 | BD46: =AY46+X46 -> 0 | BE46: =AZ46+Y46 -> 0 | BF46: =BA46+Z46 -> 4.209884 | BG46: =BB46+AA46 -> 0 | BH46: =BC46+AB46 -> 4.209884 | BI46: =BH46/D46 -> 0.20778774 | BJ46: =BF46/E46 -> 0.20778774 | BK46: =BH46/BD46 -> #DIV/0! | BL46: ='[1]Recettes intérieures'!AB49 -> 0 | BM46: ='[1]Recettes intérieures'!AE49 -> 0 | BN46: ='[1]Recettes intérieures'!AD49 -> 0 | BO46: =BM46-BN46 -> 0 | BP46: =BF46+BM46 -> 4.209884 | BQ46: =BG46+BN46 -> 0 | BR46: =BP46-BQ46 -> 4.209884 | BS46: =BP46/B46 -> 0.20778774 | BT46: ='[1]Recettes intérieures'!AF49 -> 0 | BU46: ='[1]Recettes intérieures'!AI49 -> 0 | BV46: ='[1]Recettes intérieures'!AH49 -> 0 | BW46: =BU46-BV46 -> 0 | BX46: =BP46+BU46 -> 4.209884 | BY46: =BQ46+BV46 -> 0 | BZ46: =BX46-BY46 -> 4.209884 | CA46: =BX46/B46 -> 0.20778774 | CB46: ='[1]Recettes intérieures'!AJ49 -> 0 | CC46: ='[1]Recettes intérieures'!AM49 -> 0 | CD46: ='[1]Recettes intérieures'!AL49 -> 0 | CE46: =CC46-CD46 -> 0 | CG46: =CB46+BT46+BL46 -> 0 | CH46: =BM46+BU46+CC46 -> 0 | CI46: =BN46+BV46+CD46 -> 0 | CJ46: =CH46-CI46 -> 0 | CL46: =CG46+BE46 -> 0 | CM46: =BX46+CC46 -> 4.209884 | CN46: =BY46+CD46 -> 0 | CO46: =CM46-CN46 -> 4.209884 | CP46: =CM46/B46 -> 0.20778774 | CQ46: =CM46/E46 -> 0.20778774 | CR46: =CO46/CK46 -> #DIV/0! | CS46: ='[1]Recettes intérieures'!AN49 -> 0 | CT46: ='[1]Recettes intérieures'!AQ49 -> 0 | CU46: ='[1]Recettes intérieures'!AP49 -> 0 | CV46: =CT46-CU46 -> 0 | CW46: =CM46+CT46 -> 4.209884 | CX46: =CN46+CU46 -> 0 | CY46: =CW46-CX46 -> 4.209884 | CZ46: ='[1]Recettes intérieures'!AR49 -> 0 | DA46: ='[1]Recettes intérieures'!AU49 -> 0 | DB46: ='[1]Recettes intérieures'!AT49 -> 0 | DC46: =DA46-DB46 -> 0 | DD46: =CW46+DA46 -> 4.209884 | DE46: =CX46+DB46 -> 0 | DF46: =DD46-DE46 -> 4.209884 | DG46: ='[1]Recettes intérieures'!AV49 -> 0 | DH46: ='[1]Recettes intérieures'!AY49 -> 0 | DI46: ='[1]Recettes intérieures'!AX49 -> 0 | DJ46: =DH46-DI46 -> 0 | DL46: =DG46+CZ46+CS46 -> 0 | DM46: =DH46+DA46+CT46 -> 0 | DN46: =DI46+DB46+CU46 -> 0 | DO46: =DM46-DN46 -> 0 | DP46: =DK46+CK46 -> 0 | DQ46: =DL46+CL46 -> 0 | DR46: =DD46+DH46 -> 4.209884 | DS46: =DE46+DI46 -> 0 | DT46: =DR46-DS46 -> 4.209884 | DU46: =DR46/B46 -> 0.20778774 | DV46: =DR46/E46 -> 0.20778774 | DW46: =DT46/H46 -> #DIV/0!
A47: Intérêts de placement | B47: ='[1]Recettes intérieures'!B50 -> 0.35341 | D47: =B47-C47 -> 0.35341 | E47: ='[1]Recettes intérieures'!C50 -> 0.35341 | G47: =E47-F47 -> 0.35341 | H47: ='[1]Recettes intérieures'!D50 -> 0 | I47: ='[1]Recettes intérieures'!D50 -> 0 | J47: ='[1]Recettes intérieures'!G50 -> 0.080955294 | K47: ='[1]Recettes intérieures'!F50 -> 0 | L47: =J47-K47 -> 0.080955294 | M47: ='[1]Recettes intérieures'!H50 -> 0 | N47: ='[1]Recettes intérieures'!K50 -> 0 | O47: ='[1]Recettes intérieures'!J50 -> 0 | P47: =N47-O47 -> 0 | Q47: =J47+N47 -> 0.080955294 | R47: =K47+O47 -> 0 | S47: =Q47-R47 -> 0.080955294 | T47: ='[1]Recettes intérieures'!L50 -> 0 | U47: ='[1]Recettes intérieures'!O50 -> 0.001854343 | V47: ='[1]Recettes intérieures'!N50 -> 0 | W47: =U47-V47 -> 0.001854343 | Y47: =I47+M47+T47 -> 0 | Z47: =Q47+U47 -> 0.082809637 | AA47: =R47+V47 -> 0 | AB47: =S47+W47 -> 0.082809637 | AC47: =AB47/D47 -> 0.23431606 | AD47: =Z47/Y47 -> #DIV/0! | AE47: =AB47/H47 -> #DIV/0! | AF47: ='[1]Recettes intérieures'!P50 -> 0 | AG47: ='[1]Recettes intérieures'!S50 -> 0.000793081 | AH47: ='[1]Recettes intérieures'!R50 -> 0 | AI47: =AG47-AH47 -> 0.000793081 | AJ47: =+Z47+AG47 -> 0.083602718 | AK47: =+AA47+AH47 -> 0 | AL47: =+AB47+AI47 -> 0.083602718 | AM47: =AL47/D47 -> 0.23656014 | AN47: ='[1]Recettes intérieures'!T50 -> 0 | AO47: ='[1]Recettes intérieures'!W50 -> 0.22637428 | AP47: ='[1]Recettes intérieures'!V50 -> 0 | AQ47: =AO47-AP47 -> 0.22637428 | AR47: =AJ47+AO47 -> 0.309977 | AS47: =AK47+AP47 -> 0 | AT47: =AR47-AS47 -> 0.309977 | AU47: ='[1]Recettes intérieures'!X50 -> 0 | AV47: ='[1]Recettes intérieures'!AA50 -> 0.000626415 | AW47: ='[1]Recettes intérieures'!Z50 -> 0 | AX47: =AV47-AW47 -> 0.000626415 | AZ47: =AF47+AN47+AU47 -> 0 | BA47: =AV47+AO47+AG47 -> 0.22779378 | BB47: =AW47+AP47+AH47 -> 0 | BC47: =BA47-BB47 -> 0.22779378 | BD47: =AY47+X47 -> 0 | BE47: =AZ47+Y47 -> 0 | BF47: =BA47+Z47 -> 0.31060341 | BG47: =BB47+AA47 -> 0 | BH47: =BC47+AB47 -> 0.31060341 | BI47: =BH47/D47 -> 0.87887556 | BJ47: =BF47/E47 -> 0.87887556 | BK47: =BH47/BD47 -> #DIV/0! | BL47: ='[1]Recettes intérieures'!AB50 -> 0 | BM47: ='[1]Recettes intérieures'!AE50 -> 0 | BN47: ='[1]Recettes intérieures'!AD50 -> 0 | BO47: =BM47-BN47 -> 0 | BP47: =BF47+BM47 -> 0.31060341 | BQ47: =BG47+BN47 -> 0 | BR47: =BP47-BQ47 -> 0.31060341 | BS47: =BP47/B47 -> 0.87887556 | BT47: ='[1]Recettes intérieures'!AF50 -> 0 | BU47: ='[1]Recettes intérieures'!AI50 -> 0 | BV47: ='[1]Recettes intérieures'!AH50 -> 0 | BW47: =BU47-BV47 -> 0 | BX47: =BP47+BU47 -> 0.31060341 | BY47: =BQ47+BV47 -> 0 | BZ47: =BX47-BY47 -> 0.31060341 | CA47: =BX47/B47 -> 0.87887556 | CB47: ='[1]Recettes intérieures'!AJ50 -> 0 | CC47: ='[1]Recettes intérieures'!AM50 -> 0 | CD47: ='[1]Recettes intérieures'!AL50 -> 0 | CE47: =CC47-CD47 -> 0 | CG47: =CB47+BT47+BL47 -> 0 | CH47: =BM47+BU47+CC47 -> 0 | CI47: =BN47+BV47+CD47 -> 0 | CJ47: =CH47-CI47 -> 0 | CL47: =CG47+BE47 -> 0 | CM47: =BX47+CC47 -> 0.31060341 | CN47: =BY47+CD47 -> 0 | CO47: =CM47-CN47 -> 0.31060341 | CP47: =CM47/B47 -> 0.87887556 | CQ47: =CM47/E47 -> 0.87887556 | CR47: =CO47/CK47 -> #DIV/0! | CS47: ='[1]Recettes intérieures'!AN50 -> 0 | CT47: ='[1]Recettes intérieures'!AQ50 -> 0 | CU47: ='[1]Recettes intérieures'!AP50 -> 0 | CV47: =CT47-CU47 -> 0 | CW47: =CM47+CT47 -> 0.31060341 | CX47: =CN47+CU47 -> 0 | CY47: =CW47-CX47 -> 0.31060341 | CZ47: ='[1]Recettes intérieures'!AR50 -> 0 | DA47: ='[1]Recettes intérieures'!AU50 -> 0 | DB47: ='[1]Recettes intérieures'!AT50 -> 0 | DC47: =DA47-DB47 -> 0 | DD47: =CW47+DA47 -> 0.31060341 | DE47: =CX47+DB47 -> 0 | DF47: =DD47-DE47 -> 0.31060341 | DG47: ='[1]Recettes intérieures'!AV50 -> 0 | DH47: ='[1]Recettes intérieures'!AY50 -> 0 | DI47: ='[1]Recettes intérieures'!AX50 -> 0 | DJ47: =DH47-DI47 -> 0 | DL47: =DG47+CZ47+CS47 -> 0 | DM47: =DH47+DA47+CT47 -> 0 | DN47: =DI47+DB47+CU47 -> 0 | DO47: =DM47-DN47 -> 0 | DP47: =DK47+CK47 -> 0 | DQ47: =DL47+CL47 -> 0 | DR47: =DD47+DH47 -> 0.31060341 | DS47: =DE47+DI47 -> 0 | DT47: =DR47-DS47 -> 0.31060341 | DU47: =DR47/B47 -> 0.87887556 | DV47: =DR47/E47 -> 0.87887556 | DW47: =DT47/H47 -> #DIV/0!
A48: Produits divers (Commissions, transferts BCEAO et intérêts) | B48: ='[1]Recettes intérieures'!B51 -> 6.15 | D48: =B48-C48 -> 6.15 | E48: ='[1]Recettes intérieures'!C51 -> 6.15 | G48: =E48-F48 -> 6.15 | H48: ='[1]Recettes intérieures'!D51 -> 0 | I48: ='[1]Recettes intérieures'!D51 -> 0 | J48: ='[1]Recettes intérieures'!G51 -> 0 | K48: ='[1]Recettes intérieures'!F51 -> 0 | L48: =J48-K48 -> 0 | M48: ='[1]Recettes intérieures'!H51 -> 0 | N48: ='[1]Recettes intérieures'!K51 -> 0 | O48: ='[1]Recettes intérieures'!J51 -> 0 | P48: =N48-O48 -> 0 | Q48: =J48+N48 -> 0 | R48: =K48+O48 -> 0 | S48: =Q48-R48 -> 0 | T48: ='[1]Recettes intérieures'!L51 -> 0 | U48: ='[1]Recettes intérieures'!O51 -> 0 | V48: ='[1]Recettes intérieures'!N51 -> 0 | W48: =U48-V48 -> 0 | Y48: =I48+M48+T48 -> 0 | Z48: =Q48+U48 -> 0 | AA48: =R48+V48 -> 0 | AB48: =S48+W48 -> 0 | AC48: =AB48/D48 -> 0 | AD48: =Z48/Y48 -> #DIV/0! | AE48: =AB48/H48 -> #DIV/0! | AF48: ='[1]Recettes intérieures'!P51 -> 0 | AG48: ='[1]Recettes intérieures'!S51 -> 8.5991909 | AH48: ='[1]Recettes intérieures'!R51 -> 0 | AI48: =AG48-AH48 -> 8.5991909 | AJ48: =+Z48+AG48 -> 8.5991909 | AK48: =+AA48+AH48 -> 0 | AL48: =+AB48+AI48 -> 8.5991909 | AM48: =AL48/D48 -> 1.3982424 | AN48: ='[1]Recettes intérieures'!T51 -> 0 | AO48: ='[1]Recettes intérieures'!W51 -> 0 | AP48: ='[1]Recettes intérieures'!V51 -> 0 | AQ48: =AO48-AP48 -> 0 | AR48: =AJ48+AO48 -> 8.5991909 | AS48: =AK48+AP48 -> 0 | AT48: =AR48-AS48 -> 8.5991909 | AU48: ='[1]Recettes intérieures'!X51 -> 0 | AV48: ='[1]Recettes intérieures'!AA51 -> 0 | AW48: ='[1]Recettes intérieures'!Z51 -> 0 | AX48: =AV48-AW48 -> 0 | AZ48: =AF48+AN48+AU48 -> 0 | BA48: =AV48+AO48+AG48 -> 8.5991909 | BB48: =AW48+AP48+AH48 -> 0 | BC48: =BA48-BB48 -> 8.5991909 | BD48: =AY48+X48 -> 0 | BE48: =AZ48+Y48 -> 0 | BF48: =BA48+Z48 -> 8.5991909 | BG48: =BB48+AA48 -> 0 | BH48: =BC48+AB48 -> 8.5991909 | BI48: =BH48/D48 -> 1.3982424 | BJ48: =BF48/E48 -> 1.3982424 | BK48: =BH48/BD48 -> #DIV/0! | BL48: ='[1]Recettes intérieures'!AB51 -> 0 | BM48: ='[1]Recettes intérieures'!AE51 -> 0 | BN48: ='[1]Recettes intérieures'!AD51 -> 0 | BO48: =BM48-BN48 -> 0 | BP48: =BF48+BM48 -> 8.5991909 | BQ48: =BG48+BN48 -> 0 | BR48: =BP48-BQ48 -> 8.5991909 | BS48: =BP48/B48 -> 1.3982424 | BT48: ='[1]Recettes intérieures'!AF51 -> 0 | BU48: ='[1]Recettes intérieures'!AI51 -> 0 | BV48: ='[1]Recettes intérieures'!AH51 -> 0 | BW48: =BU48-BV48 -> 0 | BX48: =BP48+BU48 -> 8.5991909 | BY48: =BQ48+BV48 -> 0 | BZ48: =BX48-BY48 -> 8.5991909 | CA48: =BX48/B48 -> 1.3982424 | CB48: ='[1]Recettes intérieures'!AJ51 -> 0 | CC48: ='[1]Recettes intérieures'!AM51 -> 0 | CD48: ='[1]Recettes intérieures'!AL51 -> 0 | CE48: =CC48-CD48 -> 0 | CG48: =CB48+BT48+BL48 -> 0 | CH48: =BM48+BU48+CC48 -> 0 | CI48: =BN48+BV48+CD48 -> 0 | CJ48: =CH48-CI48 -> 0 | CL48: =CG48+BE48 -> 0 | CM48: =BX48+CC48 -> 8.5991909 | CN48: =BY48+CD48 -> 0 | CO48: =CM48-CN48 -> 8.5991909 | CP48: =CM48/B48 -> 1.3982424 | CQ48: =CM48/E48 -> 1.3982424 | CR48: =CO48/CK48 -> #DIV/0! | CS48: ='[1]Recettes intérieures'!AN51 -> 0 | CT48: ='[1]Recettes intérieures'!AQ51 -> 0 | CU48: ='[1]Recettes intérieures'!AP51 -> 0 | CV48: =CT48-CU48 -> 0 | CW48: =CM48+CT48 -> 8.5991909 | CX48: =CN48+CU48 -> 0 | CY48: =CW48-CX48 -> 8.5991909 | CZ48: ='[1]Recettes intérieures'!AR51 -> 0 | DA48: ='[1]Recettes intérieures'!AU51 -> 0 | DB48: ='[1]Recettes intérieures'!AT51 -> 0 | DC48: =DA48-DB48 -> 0 | DD48: =CW48+DA48 -> 8.5991909 | DE48: =CX48+DB48 -> 0 | DF48: =DD48-DE48 -> 8.5991909 | DG48: ='[1]Recettes intérieures'!AV51 -> 0 | DH48: ='[1]Recettes intérieures'!AY51 -> 0 | DI48: ='[1]Recettes intérieures'!AX51 -> 0 | DJ48: =DH48-DI48 -> 0 | DL48: =DG48+CZ48+CS48 -> 0 | DM48: =DH48+DA48+CT48 -> 0 | DN48: =DI48+DB48+CU48 -> 0 | DO48: =DM48-DN48 -> 0 | DP48: =DK48+CK48 -> 0 | DQ48: =DL48+CL48 -> 0 | DR48: =DD48+DH48 -> 8.5991909 | DS48: =DE48+DI48 -> 0 | DT48: =DR48-DS48 -> 8.5991909 | DU48: =DR48/B48 -> 1.3982424 | DV48: =DR48/E48 -> 1.3982424 | DW48: =DT48/H48 -> #DIV/0!
A49: Autres produits financiers | B49: ='[1]Recettes intérieures'!B52 -> 0.46 | D49: =B49-C49 -> 0.46 | E49: ='[1]Recettes intérieures'!C52 -> 0.46 | G49: =E49-F49 -> 0.46 | H49: ='[1]Recettes intérieures'!D52 -> 0 | I49: ='[1]Recettes intérieures'!D52 -> 0 | J49: ='[1]Recettes intérieures'!G52 -> 0.000546941 | K49: ='[1]Recettes intérieures'!F52 -> 0 | L49: =J49-K49 -> 0.000546941 | M49: ='[1]Recettes intérieures'!H52 -> 0 | N49: ='[1]Recettes intérieures'!K52 -> 0.050551364 | O49: ='[1]Recettes intérieures'!J52 -> 0 | P49: =N49-O49 -> 0.050551364 | Q49: =J49+N49 -> 0.051098305 | R49: =K49+O49 -> 0 | S49: =Q49-R49 -> 0.051098305 | T49: ='[1]Recettes intérieures'!L52 -> 0 | U49: ='[1]Recettes intérieures'!O52 -> 0.014573 | V49: ='[1]Recettes intérieures'!N52 -> 0 | W49: =U49-V49 -> 0.014573 | Y49: =I49+M49+T49 -> 0 | Z49: =Q49+U49 -> 0.065671305 | AA49: =R49+V49 -> 0 | AB49: =S49+W49 -> 0.065671305 | AC49: =AB49/D49 -> 0.14276371 | AD49: =Z49/Y49 -> #DIV/0! | AE49: =AB49/H49 -> #DIV/0! | AF49: ='[1]Recettes intérieures'!P52 -> 0 | AG49: ='[1]Recettes intérieures'!S52 -> 0 | AH49: ='[1]Recettes intérieures'!R52 -> 0 | AI49: =AG49-AH49 -> 0 | AJ49: =+Z49+AG49 -> 0.065671305 | AK49: =+AA49+AH49 -> 0 | AL49: =+AB49+AI49 -> 0.065671305 | AM49: =AL49/D49 -> 0.14276371 | AN49: ='[1]Recettes intérieures'!T52 -> 0 | AO49: ='[1]Recettes intérieures'!W52 -> 0.016860168 | AP49: ='[1]Recettes intérieures'!V52 -> 0 | AQ49: =AO49-AP49 -> 0.016860168 | AR49: =AJ49+AO49 -> 0.082531473 | AS49: =AK49+AP49 -> 0 | AT49: =AR49-AS49 -> 0.082531473 | AU49: ='[1]Recettes intérieures'!X52 -> 0 | AV49: ='[1]Recettes intérieures'!AA52 -> 0.11150064 | AW49: ='[1]Recettes intérieures'!Z52 -> 0 | AX49: =AV49-AW49 -> 0.11150064 | AZ49: =AF49+AN49+AU49 -> 0 | BA49: =AV49+AO49+AG49 -> 0.1283608 | BB49: =AW49+AP49+AH49 -> 0 | BC49: =BA49-BB49 -> 0.1283608 | BD49: =AY49+X49 -> 0 | BE49: =AZ49+Y49 -> 0 | BF49: =BA49+Z49 -> 0.19403211 | BG49: =BB49+AA49 -> 0 | BH49: =BC49+AB49 -> 0.19403211 | BI49: =BH49/D49 -> 0.42180893 | BJ49: =BF49/E49 -> 0.42180893 | BK49: =BH49/BD49 -> #DIV/0! | BL49: ='[1]Recettes intérieures'!AB52 -> 0 | BM49: ='[1]Recettes intérieures'!AE52 -> 0 | BN49: ='[1]Recettes intérieures'!AD52 -> 0 | BO49: =BM49-BN49 -> 0 | BP49: =BF49+BM49 -> 0.19403211 | BQ49: =BG49+BN49 -> 0 | BR49: =BP49-BQ49 -> 0.19403211 | BS49: =BP49/B49 -> 0.42180893 | BT49: ='[1]Recettes intérieures'!AF52 -> 0 | BU49: ='[1]Recettes intérieures'!AI52 -> 0 | BV49: ='[1]Recettes intérieures'!AH52 -> 0 | BW49: =BU49-BV49 -> 0 | BX49: =BP49+BU49 -> 0.19403211 | BY49: =BQ49+BV49 -> 0 | BZ49: =BX49-BY49 -> 0.19403211 | CA49: =BX49/B49 -> 0.42180893 | CB49: ='[1]Recettes intérieures'!AJ52 -> 0 | CC49: ='[1]Recettes intérieures'!AM52 -> 0 | CD49: ='[1]Recettes intérieures'!AL52 -> 0 | CE49: =CC49-CD49 -> 0 | CG49: =CB49+BT49+BL49 -> 0 | CH49: =BM49+BU49+CC49 -> 0 | CI49: =BN49+BV49+CD49 -> 0 | CJ49: =CH49-CI49 -> 0 | CL49: =CG49+BE49 -> 0 | CM49: =BX49+CC49 -> 0.19403211 | CN49: =BY49+CD49 -> 0 | CO49: =CM49-CN49 -> 0.19403211 | CP49: =CM49/B49 -> 0.42180893 | CQ49: =CM49/E49 -> 0.42180893 | CR49: =CO49/CK49 -> #DIV/0! | CS49: ='[1]Recettes intérieures'!AN52 -> 0 | CT49: ='[1]Recettes intérieures'!AQ52 -> 0 | CU49: ='[1]Recettes intérieures'!AP52 -> 0 | CV49: =CT49-CU49 -> 0 | CW49: =CM49+CT49 -> 0.19403211 | CX49: =CN49+CU49 -> 0 | CY49: =CW49-CX49 -> 0.19403211 | CZ49: ='[1]Recettes intérieures'!AR52 -> 0 | DA49: ='[1]Recettes intérieures'!AU52 -> 0 | DB49: ='[1]Recettes intérieures'!AT52 -> 0 | DC49: =DA49-DB49 -> 0 | DD49: =CW49+DA49 -> 0.19403211 | DE49: =CX49+DB49 -> 0 | DF49: =DD49-DE49 -> 0.19403211 | DG49: ='[1]Recettes intérieures'!AV52 -> 0 | DH49: ='[1]Recettes intérieures'!AY52 -> 0 | DI49: ='[1]Recettes intérieures'!AX52 -> 0 | DJ49: =DH49-DI49 -> 0 | DL49: =DG49+CZ49+CS49 -> 0 | DM49: =DH49+DA49+CT49 -> 0 | DN49: =DI49+DB49+CU49 -> 0 | DO49: =DM49-DN49 -> 0 | DP49: =DK49+CK49 -> 0 | DQ49: =DL49+CL49 -> 0 | DR49: =DD49+DH49 -> 0.19403211 | DS49: =DE49+DI49 -> 0 | DT49: =DR49-DS49 -> 0.19403211 | DU49: =DR49/B49 -> 0.42180893 | DV49: =DR49/E49 -> 0.42180893 | DW49: =DT49/H49 -> #DIV/0!
A50: Recettes domaniales | B50: =SUM(B51:B57) -> 17.82906 | C50: =SUM(C51:C57) -> 0 | D50: =SUM(D51:D57) -> 17.82906 | E50: =SUM(E51:E57) -> 17.82906 | F50: =SUM(F51:F57) -> 0 | G50: =SUM(G51:G57) -> 17.82906 | H50: =SUM(H51:H57) -> 0 | I50: =SUM(I51:I57) -> 0 | ... AB50: =SUM(AB51:AB57) -> 0.04458125 | AC50: =AB50/D50 -> 0.0025004823 | AD50: =Z50/Y50 -> #DIV/0! | AE50: =AB50/H50 -> #DIV/0! | AF50: =SUM(AF51:AF57) -> 0 | AG50: =SUM(AG51:AG57) -> 1.2263888 | AH50: =SUM(AH51:AH57) -> 0 | AI50: =SUM(AI51:AI57) -> 1.2263888 | AJ50: =SUM(AJ51:AJ57) -> 1.27097 | AK50: =SUM(AK51:AK57) -> 0 | AL50: =SUM(AL51:AL57) -> 1.27097 | AM50: =AL50/D50 -> 0.071286429 | AN50: =SUM(AN51:AN57) -> 0 | AO50: =SUM(AO51:AO57) -> 0.002619168 | AP50: =SUM(AP51:AP57) -> 0 | AQ50: =SUM(AQ51:AQ57) -> 0.002619168 | AR50: =SUM(AR51:AR57) -> 1.2735892 | AS50: =SUM(AS51:AS57) -> 0 | AT50: =SUM(AT51:AT57) -> 1.2735892 | AU50: =SUM(AU51:AU57) -> 0 | ... BH50: =SUM(BH51:BH57) -> 1.2738132 | BI50: =BH50/D50 -> 0.071445897 | BJ50: =BF50/E50 -> 0.071445897 | BK50: =BH50/BD50 -> #DIV/0! | BL50: =SUM(BL51:BL57) -> 0 | BM50: =SUM(BM51:BM57) -> 0 | BN50: =SUM(BN51:BN57) -> 0 | BO50: =SUM(BO51:BO57) -> 0 | BP50: =SUM(BP51:BP57) -> 1.2738132 | BQ50: =SUM(BQ51:BQ57) -> 0 | BR50: =SUM(BR51:BR57) -> 1.2738132 | BS50: =BP50/B50 -> 0.071445897 | BT50: =SUM(BT51:BT57) -> 0 | BU50: =SUM(BU51:BU57) -> 0 | BV50: =SUM(BV51:BV57) -> 0 | BW50: =SUM(BW51:BW57) -> 0 | BX50: =SUM(BX51:BX57) -> 1.2738132 | BY50: =SUM(BY51:BY57) -> 0 | BZ50: =SUM(BZ51:BZ57) -> 1.2738132 | CA50: =BX50/B50 -> 0.071445897 | CB50: =SUM(CB51:CB57) -> 0 | CC50: =SUM(CC51:CC57) -> 0 | CD50: =SUM(CD51:CD57) -> 0 | CE50: =SUM(CE51:CE57) -> 0 | CF50: =SUM(CF51:CF57) -> 0 | CG50: =SUM(CG51:CG57) -> 0 | CH50: =SUM(CH51:CH57) -> 0 | CI50: =SUM(CI51:CI57) -> 0 | ... CO50: =SUM(CO51:CO57) -> 1.2738132 | CP50: =CM50/B50 -> 0.071445897 | CQ50: =CM50/E50 -> 0.071445897 | CR50: =CO50/CK50 -> #DIV/0! | CS50: =SUM(CS51:CS57) -> 0 | CT50: =SUM(CT51:CT57) -> 0 | CU50: =SUM(CU51:CU57) -> 0 | CV50: =SUM(CV51:CV57) -> 0 | CW50: =SUM(CW51:CW57) -> 1.2738132 | CX50: =SUM(CX51:CX57) -> 0 | CY50: =SUM(CY51:CY57) -> 1.2738132 | CZ50: =SUM(CZ51:CZ57) -> 0 | ... DT50: =SUM(DT51:DT57) -> 1.2738132 | DU50: =DR50/B50 -> 0.071445897 | DV50: =DR50/E50 -> 0.071445897 | DW50: =DT50/H50 -> #DIV/0!
A51: Loyers d'immeuble | B51: ='[1]Recettes intérieures'!B54 -> 0.335915 | D51: =B51-C51 -> 0.335915 | E51: ='[1]Recettes intérieures'!C54 -> 0.335915 | G51: =E51-F51 -> 0.335915 | H51: ='[1]Recettes intérieures'!D54 -> 0 | I51: ='[1]Recettes intérieures'!D54 -> 0 | J51: ='[1]Recettes intérieures'!G54 -> 0 | K51: ='[1]Recettes intérieures'!F54 -> 0 | L51: =J51-K51 -> 0 | M51: ='[1]Recettes intérieures'!H54 -> 0 | N51: ='[1]Recettes intérieures'!K54 -> 0.04458125 | O51: ='[1]Recettes intérieures'!J54 -> 0 | P51: =N51-O51 -> 0.04458125 | Q51: =J51+N51 -> 0.04458125 | R51: =K51+O51 -> 0 | S51: =Q51-R51 -> 0.04458125 | T51: ='[1]Recettes intérieures'!L54 -> 0 | U51: ='[1]Recettes intérieures'!O54 -> 0 | V51: ='[1]Recettes intérieures'!N54 -> 0 | W51: =U51-V51 -> 0 | Y51: =I51+M51+T51 -> 0 | Z51: =Q51+U51 -> 0.04458125 | AA51: =R51+V51 -> 0 | AB51: =S51+W51 -> 0.04458125 | AC51: =AB51/D51 -> 0.13271587 | AD51: =Z51/Y51 -> #DIV/0! | AE51: =AB51/H51 -> #DIV/0! | AF51: ='[1]Recettes intérieures'!P54 -> 0 | AG51: ='[1]Recettes intérieures'!S54 -> 0 | AH51: ='[1]Recettes intérieures'!R54 -> 0 | AI51: =AG51-AH51 -> 0 | AJ51: =+Z51+AG51 -> 0.04458125 | AK51: =+AA51+AH51 -> 0 | AL51: =+AB51+AI51 -> 0.04458125 | AM51: =AL51/D51 -> 0.13271587 | AN51: ='[1]Recettes intérieures'!T54 -> 0 | AO51: ='[1]Recettes intérieures'!W54 -> 0 | AP51: ='[1]Recettes intérieures'!V54 -> 0 | AQ51: =AO51-AP51 -> 0 | AR51: =AJ51+AO51 -> 0.04458125 | AS51: =AK51+AP51 -> 0 | AT51: =AR51-AS51 -> 0.04458125 | AU51: ='[1]Recettes intérieures'!X54 -> 0 | AV51: ='[1]Recettes intérieures'!AA54 -> 0 | AW51: ='[1]Recettes intérieures'!Z54 -> 0 | AX51: =AV51-AW51 -> 0 | AZ51: =AF51+AN51+AU51 -> 0 | BA51: =AV51+AO51+AG51 -> 0 | BB51: =AW51+AP51+AH51 -> 0 | BC51: =BA51-BB51 -> 0 | BD51: =AY51+X51 -> 0 | BE51: =AZ51+Y51 -> 0 | BF51: =BA51+Z51 -> 0.04458125 | BG51: =BB51+AA51 -> 0 | BH51: =BC51+AB51 -> 0.04458125 | BI51: =BH51/D51 -> 0.13271587 | BJ51: =BF51/E51 -> 0.13271587 | BK51: =BH51/BD51 -> #DIV/0! | BL51: ='[1]Recettes intérieures'!AB54 -> 0 | BM51: ='[1]Recettes intérieures'!AE54 -> 0 | BN51: ='[1]Recettes intérieures'!AD54 -> 0 | BO51: =BM51-BN51 -> 0 | BP51: =BF51+BM51 -> 0.04458125 | BQ51: =BG51+BN51 -> 0 | BR51: =BP51-BQ51 -> 0.04458125 | BS51: =BP51/B51 -> 0.13271587 | BT51: ='[1]Recettes intérieures'!AF54 -> 0 | BU51: ='[1]Recettes intérieures'!AI54 -> 0 | BV51: ='[1]Recettes intérieures'!AH54 -> 0 | BW51: =BU51-BV51 -> 0 | BX51: =BP51+BU51 -> 0.04458125 | BY51: =BQ51+BV51 -> 0 | BZ51: =BX51-BY51 -> 0.04458125 | CA51: =BX51/B51 -> 0.13271587 | CB51: ='[1]Recettes intérieures'!AJ54 -> 0 | CC51: ='[1]Recettes intérieures'!AM54 -> 0 | CD51: ='[1]Recettes intérieures'!AL54 -> 0 | CE51: =CC51-CD51 -> 0 | CG51: =CB51+BT51+BL51 -> 0 | CH51: =BM51+BU51+CC51 -> 0 | CI51: =BN51+BV51+CD51 -> 0 | CJ51: =CH51-CI51 -> 0 | CL51: =CG51+BE51 -> 0 | CM51: =BX51+CC51 -> 0.04458125 | CN51: =BY51+CD51 -> 0 | CO51: =CM51-CN51 -> 0.04458125 | CP51: =CM51/B51 -> 0.13271587 | CQ51: =CM51/E51 -> 0.13271587 | CR51: =CO51/CK51 -> #DIV/0! | CS51: ='[1]Recettes intérieures'!AN54 -> 0 | CT51: ='[1]Recettes intérieures'!AQ54 -> 0 | CU51: ='[1]Recettes intérieures'!AP54 -> 0 | CV51: =CT51-CU51 -> 0 | CW51: =CM51+CT51 -> 0.04458125 | CX51: =CN51+CU51 -> 0 | CY51: =CO51+CV51 -> 0.04458125 | CZ51: ='[1]Recettes intérieures'!AR54 -> 0 | DA51: ='[1]Recettes intérieures'!AU54 -> 0 | DB51: ='[1]Recettes intérieures'!AT54 -> 0 | DC51: =DA51-DB51 -> 0 | DD51: =CW51+DA51 -> 0.04458125 | DE51: =CX51+DB51 -> 0 | DF51: =DD51-DE51 -> 0.04458125 | DG51: ='[1]Recettes intérieures'!AV54 -> 0 | DH51: ='[1]Recettes intérieures'!AY54 -> 0 | DI51: ='[1]Recettes intérieures'!AX54 -> 0 | DJ51: =DH51-DI51 -> 0 | DL51: =DG51+CZ51+CS51 -> 0 | DM51: =DH51+DA51+CT51 -> 0 | DN51: =DI51+DB51+CU51 -> 0 | DO51: =DM51-DN51 -> 0 | DP51: =DK51+CK51 -> 0 | DQ51: =DL51+CL51 -> 0 | DR51: =DD51+DH51 -> 0.04458125 | DS51: =DE51+DI51 -> 0 | DT51: =DR51-DS51 -> 0.04458125 | DU51: =DR51/B51 -> 0.13271587 | DV51: =DR51/E51 -> 0.13271587 | DW51: =DT51/H51 -> #DIV/0!
A52: Redevances minières | B52: ='[1]Recettes intérieures'!B55 -> 3.0944852 | D52: =B52-C52 -> 3.0944852 | E52: ='[1]Recettes intérieures'!C55 -> 3.0944852 | G52: =E52-F52 -> 3.0944852 | H52: ='[1]Recettes intérieures'!D55 -> 0 | I52: ='[1]Recettes intérieures'!D55 -> 0 | J52: ='[1]Recettes intérieures'!G55 -> 0 | K52: ='[1]Recettes intérieures'!F55 -> 0 | L52: =J52-K52 -> 0 | M52: ='[1]Recettes intérieures'!H55 -> 0 | N52: ='[1]Recettes intérieures'!K55 -> 0 | O52: ='[1]Recettes intérieures'!J55 -> 0 | P52: =N52-O52 -> 0 | Q52: =J52+N52 -> 0 | R52: =K52+O52 -> 0 | S52: =Q52-R52 -> 0 | T52: ='[1]Recettes intérieures'!L55 -> 0 | U52: ='[1]Recettes intérieures'!O55 -> 0 | V52: ='[1]Recettes intérieures'!N55 -> 0 | W52: =U52-V52 -> 0 | Y52: =I52+M52+T52 -> 0 | Z52: =Q52+U52 -> 0 | AA52: =R52+V52 -> 0 | AB52: =S52+W52 -> 0 | AC52: =AB52/D52 -> 0 | AD52: =Z52/Y52 -> #DIV/0! | AE52: =AB52/H52 -> #DIV/0! | AF52: ='[1]Recettes intérieures'!P55 -> 0 | AG52: ='[1]Recettes intérieures'!S55 -> 1.1135073 | AH52: ='[1]Recettes intérieures'!R55 -> 0 | AI52: =AG52-AH52 -> 1.1135073 | AJ52: =+Z52+AG52 -> 1.1135073 | AK52: =+AA52+AH52 -> 0 | AL52: =+AB52+AI52 -> 1.1135073 | AM52: =AL52/D52 -> 0.35983603 | AN52: ='[1]Recettes intérieures'!T55 -> 0 | AO52: ='[1]Recettes intérieures'!W55 -> 0 | AP52: ='[1]Recettes intérieures'!V55 -> 0 | AQ52: =AO52-AP52 -> 0 | AR52: =AJ52+AO52 -> 1.1135073 | AS52: =AK52+AP52 -> 0 | AT52: =AR52-AS52 -> 1.1135073 | AU52: ='[1]Recettes intérieures'!X55 -> 0 | AV52: ='[1]Recettes intérieures'!AA55 -> 0 | AW52: ='[1]Recettes intérieures'!Z55 -> 0 | AX52: =AV52-AW52 -> 0 | AZ52: =AF52+AN52+AU52 -> 0 | BA52: =AV52+AO52+AG52 -> 1.1135073 | BB52: =AW52+AP52+AH52 -> 0 | BC52: =BA52-BB52 -> 1.1135073 | BD52: =AY52+X52 -> 0 | BE52: =AZ52+Y52 -> 0 | BF52: =BA52+Z52 -> 1.1135073 | BG52: =BB52+AA52 -> 0 | BH52: =BC52+AB52 -> 1.1135073 | BI52: =BH52/D52 -> 0.35983603 | BJ52: =BF52/E52 -> 0.35983603 | BK52: =BH52/BD52 -> #DIV/0! | BL52: ='[1]Recettes intérieures'!AB55 -> 0 | BM52: ='[1]Recettes intérieures'!AE55 -> 0 | BN52: ='[1]Recettes intérieures'!AD55 -> 0 | BO52: =BM52-BN52 -> 0 | BP52: =BF52+BM52 -> 1.1135073 | BQ52: =BG52+BN52 -> 0 | BR52: =BP52-BQ52 -> 1.1135073 | BS52: =BP52/B52 -> 0.35983603 | BT52: ='[1]Recettes intérieures'!AF55 -> 0 | BU52: ='[1]Recettes intérieures'!AI55 -> 0 | BV52: ='[1]Recettes intérieures'!AH55 -> 0 | BW52: =BU52-BV52 -> 0 | BX52: =BP52+BU52 -> 1.1135073 | BY52: =BQ52+BV52 -> 0 | BZ52: =BX52-BY52 -> 1.1135073 | CA52: =BX52/B52 -> 0.35983603 | CB52: ='[1]Recettes intérieures'!AJ55 -> 0 | CC52: ='[1]Recettes intérieures'!AM55 -> 0 | CD52: ='[1]Recettes intérieures'!AL55 -> 0 | CE52: =CC52-CD52 -> 0 | CG52: =CB52+BT52+BL52 -> 0 | CH52: =BM52+BU52+CC52 -> 0 | CI52: =BN52+BV52+CD52 -> 0 | CJ52: =CH52-CI52 -> 0 | CL52: =CG52+BE52 -> 0 | CM52: =BX52+CC52 -> 1.1135073 | CN52: =BY52+CD52 -> 0 | CO52: =CM52-CN52 -> 1.1135073 | CP52: =CM52/B52 -> 0.35983603 | CQ52: =CM52/E52 -> 0.35983603 | CR52: =CO52/CK52 -> #DIV/0! | CS52: ='[1]Recettes intérieures'!AN55 -> 0 | CT52: ='[1]Recettes intérieures'!AQ55 -> 0 | CU52: ='[1]Recettes intérieures'!AP55 -> 0 | CV52: =CT52-CU52 -> 0 | CW52: =CM52+CT52 -> 1.1135073 | CX52: =CN52+CU52 -> 0 | CY52: =CW52-CX52 -> 1.1135073 | CZ52: ='[1]Recettes intérieures'!AR55 -> 0 | DA52: ='[1]Recettes intérieures'!AU55 -> 0 | DB52: ='[1]Recettes intérieures'!AT55 -> 0 | DC52: =DA52-DB52 -> 0 | DD52: =CW52+DA52 -> 1.1135073 | DE52: =CX52+DB52 -> 0 | DF52: =DD52-DE52 -> 1.1135073 | DG52: ='[1]Recettes intérieures'!AV55 -> 0 | DH52: ='[1]Recettes intérieures'!AY55 -> 0 | DI52: ='[1]Recettes intérieures'!AX55 -> 0 | DJ52: =DH52-DI52 -> 0 | DL52: =DG52+CZ52+CS52 -> 0 | DM52: =DH52+DA52+CT52 -> 0 | DN52: =DI52+DB52+CU52 -> 0 | DO52: =DM52-DN52 -> 0 | DP52: =DK52+CK52 -> 0 | DQ52: =DL52+CL52 -> 0 | DR52: =DD52+DH52 -> 1.1135073 | DS52: =DE52+DI52 -> 0 | DT52: =DR52-DS52 -> 1.1135073 | DU52: =DR52/B52 -> 0.35983603 | DV52: =DR52/E52 -> 0.35983603 | DW52: =DT52/H52 -> #DIV/0!
A53: Restitution au Trésor des sommes indument payées | B53: ='[1]Recettes intérieures'!B56 -> 1.2 | D53: =B53-C53 -> 1.2 | E53: ='[1]Recettes intérieures'!C56 -> 1.2 | G53: =E53-F53 -> 1.2 | H53: ='[1]Recettes intérieures'!D56 -> 0 | I53: ='[1]Recettes intérieures'!D56 -> 0 | J53: ='[1]Recettes intérieures'!G56 -> 0 | K53: ='[1]Recettes intérieures'!F56 -> 0 | L53: =J53-K53 -> 0 | M53: ='[1]Recettes intérieures'!H56 -> 0 | N53: ='[1]Recettes intérieures'!K56 -> 0 | O53: ='[1]Recettes intérieures'!J56 -> 0 | P53: =N53-O53 -> 0 | Q53: =J53+N53 -> 0 | R53: =K53+O53 -> 0 | S53: =Q53-R53 -> 0 | T53: ='[1]Recettes intérieures'!L56 -> 0 | U53: ='[1]Recettes intérieures'!O56 -> 0 | V53: ='[1]Recettes intérieures'!N56 -> 0 | W53: =U53-V53 -> 0 | Y53: =I53+M53+T53 -> 0 | Z53: =Q53+U53 -> 0 | AA53: =R53+V53 -> 0 | AB53: =S53+W53 -> 0 | AC53: =AB53/D53 -> 0 | AD53: =Z53/Y53 -> #DIV/0! | AE53: =AB53/H53 -> #DIV/0! | AF53: ='[1]Recettes intérieures'!P56 -> 0 | AG53: ='[1]Recettes intérieures'!S56 -> 0 | AH53: ='[1]Recettes intérieures'!R56 -> 0 | AI53: =AG53-AH53 -> 0 | AJ53: =+Z53+AG53 -> 0 | AK53: =+AA53+AH53 -> 0 | AL53: =+AB53+AI53 -> 0 | AM53: =AL53/D53 -> 0 | AN53: ='[1]Recettes intérieures'!T56 -> 0 | AO53: ='[1]Recettes intérieures'!W56 -> 0.002619168 | AP53: ='[1]Recettes intérieures'!V56 -> 0 | AQ53: =AO53-AP53 -> 0.002619168 | AR53: =AJ53+AO53 -> 0.002619168 | AS53: =AK53+AP53 -> 0 | AT53: =AR53-AS53 -> 0.002619168 | AU53: ='[1]Recettes intérieures'!X56 -> 0 | AV53: ='[1]Recettes intérieures'!AA56 -> 0.000224 | AW53: ='[1]Recettes intérieures'!Z56 -> 0 | AX53: =AV53-AW53 -> 0.000224 | AZ53: =AF53+AN53+AU53 -> 0 | BA53: =AV53+AO53+AG53 -> 0.002843168 | BB53: =AW53+AP53+AH53 -> 0 | BC53: =BA53-BB53 -> 0.002843168 | BD53: =AY53+X53 -> 0 | BE53: =AZ53+Y53 -> 0 | BF53: =BA53+Z53 -> 0.002843168 | BG53: =BB53+AA53 -> 0 | BH53: =BC53+AB53 -> 0.002843168 | BI53: =BH53/D53 -> 0.0023693067 | BJ53: =BF53/E53 -> 0.0023693067 | BK53: =BH53/BD53 -> #DIV/0! | BL53: ='[1]Recettes intérieures'!AB56 -> 0 | BM53: ='[1]Recettes intérieures'!AE56 -> 0 | BN53: ='[1]Recettes intérieures'!AD56 -> 0 | BO53: =BM53-BN53 -> 0 | BP53: =BF53+BM53 -> 0.002843168 | BQ53: =BG53+BN53 -> 0 | BR53: =BP53-BQ53 -> 0.002843168 | BS53: =BP53/B53 -> 0.0023693067 | BT53: ='[1]Recettes intérieures'!AF56 -> 0 | BU53: ='[1]Recettes intérieures'!AI56 -> 0 | BV53: ='[1]Recettes intérieures'!AH56 -> 0 | BW53: =BU53-BV53 -> 0 | BX53: =BP53+BU53 -> 0.002843168 | BY53: =BQ53+BV53 -> 0 | BZ53: =BX53-BY53 -> 0.002843168 | CA53: =BX53/B53 -> 0.0023693067 | CB53: ='[1]Recettes intérieures'!AJ56 -> 0 | CC53: ='[1]Recettes intérieures'!AM56 -> 0 | CD53: ='[1]Recettes intérieures'!AL56 -> 0 | CE53: =CC53-CD53 -> 0 | CG53: =CB53+BT53+BL53 -> 0 | CH53: =BM53+BU53+CC53 -> 0 | CI53: =BN53+BV53+CD53 -> 0 | CJ53: =CH53-CI53 -> 0 | CL53: =CG53+BE53 -> 0 | CM53: =BX53+CC53 -> 0.002843168 | CN53: =BY53+CD53 -> 0 | CO53: =CM53-CN53 -> 0.002843168 | CP53: =CM53/B53 -> 0.0023693067 | CQ53: =CM53/E53 -> 0.0023693067 | CR53: =CO53/CK53 -> #DIV/0! | CS53: ='[1]Recettes intérieures'!AN56 -> 0 | CT53: ='[1]Recettes intérieures'!AQ56 -> 0 | CU53: ='[1]Recettes intérieures'!AP56 -> 0 | CV53: =CT53-CU53 -> 0 | CW53: =CM53+CT53 -> 0.002843168 | CX53: =CN53+CU53 -> 0 | CY53: =CW53-CX53 -> 0.002843168 | CZ53: ='[1]Recettes intérieures'!AR56 -> 0 | DA53: ='[1]Recettes intérieures'!AU56 -> 0 | DB53: ='[1]Recettes intérieures'!AT56 -> 0 | DC53: =DA53-DB53 -> 0 | DD53: =CW53+DA53 -> 0.002843168 | DE53: =CX53+DB53 -> 0 | DF53: =DD53-DE53 -> 0.002843168 | DG53: ='[1]Recettes intérieures'!AV56 -> 0 | DH53: ='[1]Recettes intérieures'!AY56 -> 0 | DI53: ='[1]Recettes intérieures'!AX56 -> 0 | DJ53: =DH53-DI53 -> 0 | DL53: =DG53+CZ53+CS53 -> 0 | DM53: =DH53+DA53+CT53 -> 0 | DN53: =DI53+DB53+CU53 -> 0 | DO53: =DM53-DN53 -> 0 | DP53: =DK53+CK53 -> 0 | DQ53: =DL53+CL53 -> 0 | DR53: =DD53+DH53 -> 0.002843168 | DS53: =DE53+DI53 -> 0 | DT53: =DR53-DS53 -> 0.002843168 | DU53: =DR53/B53 -> 0.0023693067 | DV53: =DR53/E53 -> 0.0023693067 | DW53: =DT53/H53 -> #DIV/0!
A54: Redevances de réhabilitation de l'AIGE | B54: ='[1]Recettes intérieures'!B57 -> 3.67846 | D54: =B54-C54 -> 3.67846 | E54: ='[1]Recettes intérieures'!C57 -> 3.67846 | G54: =E54-F54 -> 3.67846 | H54: ='[1]Recettes intérieures'!D57 -> 0 | I54: ='[1]Recettes intérieures'!D57 -> 0 | J54: ='[1]Recettes intérieures'!G57 -> 0 | K54: ='[1]Recettes intérieures'!F57 -> 0 | L54: =J54-K54 -> 0 | M54: ='[1]Recettes intérieures'!H57 -> 0 | N54: ='[1]Recettes intérieures'!K57 -> 0 | O54: ='[1]Recettes intérieures'!J57 -> 0 | P54: =N54-O54 -> 0 | Q54: =J54+N54 -> 0 | R54: =K54+O54 -> 0 | S54: =Q54-R54 -> 0 | T54: ='[1]Recettes intérieures'!L57 -> 0 | U54: ='[1]Recettes intérieures'!O57 -> 0 | V54: ='[1]Recettes intérieures'!N57 -> 0 | W54: =U54-V54 -> 0 | Y54: =I54+M54+T54 -> 0 | Z54: =Q54+U54 -> 0 | AA54: =R54+V54 -> 0 | AB54: =S54+W54 -> 0 | AC54: =AB54/D54 -> 0 | AD54: =Z54/Y54 -> #DIV/0! | AE54: =AB54/H54 -> #DIV/0! | AF54: ='[1]Recettes intérieures'!P57 -> 0 | AG54: ='[1]Recettes intérieures'!S57 -> 0 | AH54: ='[1]Recettes intérieures'!R57 -> 0 | AI54: =AG54-AH54 -> 0 | AJ54: =+Z54+AG54 -> 0 | AK54: =+AA54+AH54 -> 0 | AL54: =+AB54+AI54 -> 0 | AM54: =AL54/D54 -> 0 | AN54: ='[1]Recettes intérieures'!T57 -> 0 | AO54: ='[1]Recettes intérieures'!W57 -> 0 | AP54: ='[1]Recettes intérieures'!V57 -> 0 | AQ54: =AO54-AP54 -> 0 | AR54: =AJ54+AO54 -> 0 | AS54: =AK54+AP54 -> 0 | AT54: =AR54-AS54 -> 0 | AU54: ='[1]Recettes intérieures'!X57 -> 0 | AV54: ='[1]Recettes intérieures'!AA57 -> 0 | AW54: ='[1]Recettes intérieures'!Z57 -> 0 | AX54: =AV54-AW54 -> 0 | AZ54: =AF54+AN54+AU54 -> 0 | BA54: =AV54+AO54+AG54 -> 0 | BB54: =AW54+AP54+AH54 -> 0 | BC54: =BA54-BB54 -> 0 | BD54: =AY54+X54 -> 0 | BE54: =AZ54+Y54 -> 0 | BF54: =BA54+Z54 -> 0 | BG54: =BB54+AA54 -> 0 | BH54: =BC54+AB54 -> 0 | BI54: =BH54/D54 -> 0 | BJ54: =BF54/E54 -> 0 | BK54: =BH54/BD54 -> #DIV/0! | BL54: ='[1]Recettes intérieures'!AB57 -> 0 | BM54: ='[1]Recettes intérieures'!AE57 -> 0 | BN54: ='[1]Recettes intérieures'!AD57 -> 0 | BO54: =BM54-BN54 -> 0 | BP54: =BF54+BM54 -> 0 | BQ54: =BG54+BN54 -> 0 | BR54: =BP54-BQ54 -> 0 | BS54: =BP54/B54 -> 0 | BT54: ='[1]Recettes intérieures'!AF57 -> 0 | BU54: ='[1]Recettes intérieures'!AI57 -> 0 | BV54: ='[1]Recettes intérieures'!AH57 -> 0 | BW54: =BU54-BV54 -> 0 | BX54: =BP54+BU54 -> 0 | BY54: =BQ54+BV54 -> 0 | BZ54: =BX54-BY54 -> 0 | CA54: =BX54/B54 -> 0 | CB54: ='[1]Recettes intérieures'!AJ57 -> 0 | CC54: ='[1]Recettes intérieures'!AM57 -> 0 | CD54: ='[1]Recettes intérieures'!AL57 -> 0 | CE54: =CC54-CD54 -> 0 | CG54: =CB54+BT54+BL54 -> 0 | CH54: =BM54+BU54+CC54 -> 0 | CI54: =BN54+BV54+CD54 -> 0 | CJ54: =CH54-CI54 -> 0 | CL54: =CG54+BE54 -> 0 | CM54: =BX54+CC54 -> 0 | CN54: =BY54+CD54 -> 0 | CO54: =CM54-CN54 -> 0 | CP54: =CM54/B54 -> 0 | CQ54: =CM54/E54 -> 0 | CR54: =CO54/CK54 -> #DIV/0! | CS54: ='[1]Recettes intérieures'!AN57 -> 0 | CT54: ='[1]Recettes intérieures'!AQ57 -> 0 | CU54: ='[1]Recettes intérieures'!AP57 -> 0 | CV54: =CT54-CU54 -> 0 | CW54: =CM54+CT54 -> 0 | CX54: =CN54+CU54 -> 0 | CY54: =CW54-CX54 -> 0 | CZ54: ='[1]Recettes intérieures'!AR57 -> 0 | DA54: ='[1]Recettes intérieures'!AU57 -> 0 | DB54: ='[1]Recettes intérieures'!AT57 -> 0 | DC54: =DA54-DB54 -> 0 | DD54: =CW54+DA54 -> 0 | DE54: =CX54+DB54 -> 0 | DF54: =DD54-DE54 -> 0 | DG54: ='[1]Recettes intérieures'!AV57 -> 0 | DH54: ='[1]Recettes intérieures'!AY57 -> 0 | DI54: ='[1]Recettes intérieures'!AX57 -> 0 | DJ54: =DH54-DI54 -> 0 | DL54: =DG54+CZ54+CS54 -> 0 | DM54: =DH54+DA54+CT54 -> 0 | DN54: =DI54+DB54+CU54 -> 0 | DO54: =DM54-DN54 -> 0 | DP54: =DK54+CK54 -> 0 | DQ54: =DL54+CL54 -> 0 | DR54: =DD54+DH54 -> 0 | DS54: =DE54+DI54 -> 0 | DT54: =DR54-DS54 -> 0 | DU54: =DR54/B54 -> 0 | DV54: =DR54/E54 -> 0 | DW54: =DT54/H54 -> #DIV/0!
A55: Redevances Téléphoniques | B55: ='[1]Recettes intérieures'!B58 -> 9 | D55: =B55-C55 -> 9 | E55: ='[1]Recettes intérieures'!C58 -> 9 | G55: =E55-F55 -> 9 | H55: ='[1]Recettes intérieures'!D58 -> 0 | I55: ='[1]Recettes intérieures'!D58 -> 0 | J55: ='[1]Recettes intérieures'!G58 -> 0 | K55: ='[1]Recettes intérieures'!F58 -> 0 | L55: =J55-K55 -> 0 | M55: ='[1]Recettes intérieures'!H58 -> 0 | N55: ='[1]Recettes intérieures'!K58 -> 0 | O55: ='[1]Recettes intérieures'!J58 -> 0 | P55: =N55-O55 -> 0 | Q55: =J55+N55 -> 0 | R55: =K55+O55 -> 0 | S55: =Q55-R55 -> 0 | T55: ='[1]Recettes intérieures'!L58 -> 0 | U55: ='[1]Recettes intérieures'!O58 -> 0 | V55: ='[1]Recettes intérieures'!N58 -> 0 | W55: =U55-V55 -> 0 | Y55: =I55+M55+T55 -> 0 | Z55: =Q55+U55 -> 0 | AA55: =R55+V55 -> 0 | AB55: =S55+W55 -> 0 | AC55: =AB55/D55 -> 0 | AD55: =Z55/Y55 -> #DIV/0! | AE55: =AB55/H55 -> #DIV/0! | AF55: ='[1]Recettes intérieures'!P58 -> 0 | AG55: ='[1]Recettes intérieures'!S58 -> 0 | AH55: ='[1]Recettes intérieures'!R58 -> 0 | AI55: =AG55-AH55 -> 0 | AJ55: =+Z55+AG55 -> 0 | AK55: =+AA55+AH55 -> 0 | AL55: =+AB55+AI55 -> 0 | AM55: =AL55/D55 -> 0 | AN55: ='[1]Recettes intérieures'!T58 -> 0 | AO55: ='[1]Recettes intérieures'!W58 -> 0 | AP55: ='[1]Recettes intérieures'!V58 -> 0 | AQ55: =AO55-AP55 -> 0 | AR55: =AJ55+AO55 -> 0 | AS55: =AK55+AP55 -> 0 | AT55: =AR55-AS55 -> 0 | AU55: ='[1]Recettes intérieures'!X58 -> 0 | AV55: ='[1]Recettes intérieures'!AA58 -> 0 | AW55: ='[1]Recettes intérieures'!Z58 -> 0 | AX55: =AV55-AW55 -> 0 | AZ55: =AF55+AN55+AU55 -> 0 | BA55: =AV55+AO55+AG55 -> 0 | BB55: =AW55+AP55+AH55 -> 0 | BC55: =BA55-BB55 -> 0 | BD55: =AY55+X55 -> 0 | BE55: =AZ55+Y55 -> 0 | BF55: =BA55+Z55 -> 0 | BG55: =BB55+AA55 -> 0 | BH55: =BC55+AB55 -> 0 | BI55: =BH55/D55 -> 0 | BJ55: =BF55/E55 -> 0 | BK55: =BH55/BD55 -> #DIV/0! | BL55: ='[1]Recettes intérieures'!AB58 -> 0 | BM55: ='[1]Recettes intérieures'!AE58 -> 0 | BN55: ='[1]Recettes intérieures'!AD58 -> 0 | BO55: =BM55-BN55 -> 0 | BP55: =BF55+BM55 -> 0 | BQ55: =BG55+BN55 -> 0 | BR55: =BP55-BQ55 -> 0 | BS55: =BP55/B55 -> 0 | BT55: ='[1]Recettes intérieures'!AF58 -> 0 | BU55: ='[1]Recettes intérieures'!AI58 -> 0 | BV55: ='[1]Recettes intérieures'!AH58 -> 0 | BW55: =BU55-BV55 -> 0 | BX55: =BP55+BU55 -> 0 | BY55: =BQ55+BV55 -> 0 | BZ55: =BX55-BY55 -> 0 | CA55: =BX55/B55 -> 0 | CB55: ='[1]Recettes intérieures'!AJ58 -> 0 | CC55: ='[1]Recettes intérieures'!AM58 -> 0 | CD55: ='[1]Recettes intérieures'!AL58 -> 0 | CE55: =CC55-CD55 -> 0 | CG55: =CB55+BT55+BL55 -> 0 | CH55: =BM55+BU55+CC55 -> 0 | CI55: =BN55+BV55+CD55 -> 0 | CJ55: =CH55-CI55 -> 0 | CL55: =CG55+BE55 -> 0 | CM55: =BX55+CC55 -> 0 | CN55: =BY55+CD55 -> 0 | CO55: =CM55-CN55 -> 0 | CP55: =CM55/B55 -> 0 | CQ55: =CM55/E55 -> 0 | CR55: =CO55/CK55 -> #DIV/0! | CS55: ='[1]Recettes intérieures'!AN58 -> 0 | CT55: ='[1]Recettes intérieures'!AQ58 -> 0 | CU55: ='[1]Recettes intérieures'!AP58 -> 0 | CV55: =CT55-CU55 -> 0 | CW55: =CM55+CT55 -> 0 | CX55: =CN55+CU55 -> 0 | CY55: =CW55-CX55 -> 0 | CZ55: ='[1]Recettes intérieures'!AR58 -> 0 | DA55: ='[1]Recettes intérieures'!AU58 -> 0 | DB55: ='[1]Recettes intérieures'!AT58 -> 0 | DC55: =DA55-DB55 -> 0 | DD55: =CW55+DA55 -> 0 | DE55: =CX55+DB55 -> 0 | DF55: =DD55-DE55 -> 0 | DG55: ='[1]Recettes intérieures'!AV58 -> 0 | DH55: ='[1]Recettes intérieures'!AY58 -> 0 | DI55: ='[1]Recettes intérieures'!AX58 -> 0 | DJ55: =DH55-DI55 -> 0 | DL55: =DG55+CZ55+CS55 -> 0 | DM55: =DH55+DA55+CT55 -> 0 | DN55: =DI55+DB55+CU55 -> 0 | DO55: =DM55-DN55 -> 0 | DP55: =DK55+CK55 -> 0 | DQ55: =DL55+CL55 -> 0 | DR55: =DD55+DH55 -> 0 | DS55: =DE55+DI55 -> 0 | DT55: =DR55-DS55 -> 0 | DU55: =DR55/B55 -> 0 | DV55: =DR55/E55 -> 0 | DW55: =DT55/H55 -> #DIV/0!
A56: Redevance contour global | B56: ='[1]Recettes intérieures'!B59 -> 0 | D56: =B56-C56 -> 0 | E56: ='[1]Recettes intérieures'!C59 -> 0 | G56: =E56-F56 -> 0 | H56: ='[1]Recettes intérieures'!D59 -> 0 | I56: ='[1]Recettes intérieures'!D59 -> 0 | J56: ='[1]Recettes intérieures'!G59 -> 0 | K56: ='[1]Recettes intérieures'!F59 -> 0 | L56: =J56-K56 -> 0 | M56: ='[1]Recettes intérieures'!H59 -> 0 | N56: ='[1]Recettes intérieures'!K59 -> 0 | O56: ='[1]Recettes intérieures'!J59 -> 0 | P56: =N56-O56 -> 0 | Q56: =J56+N56 -> 0 | R56: =K56+O56 -> 0 | S56: =Q56-R56 -> 0 | T56: ='[1]Recettes intérieures'!L59 -> 0 | U56: ='[1]Recettes intérieures'!O59 -> 0 | V56: ='[1]Recettes intérieures'!N59 -> 0 | W56: =U56-V56 -> 0 | Y56: =I56+M56+T56 -> 0 | Z56: =Q56+U56 -> 0 | AA56: =R56+V56 -> 0 | AB56: =S56+W56 -> 0 | AC56: =AB56/D56 -> #DIV/0! | AD56: =Z56/Y56 -> #DIV/0! | AE56: =AB56/H56 -> #DIV/0! | AF56: ='[1]Recettes intérieures'!P59 -> 0 | AG56: ='[1]Recettes intérieures'!S59 -> 0.11288152 | AH56: ='[1]Recettes intérieures'!R59 -> 0 | AI56: =AG56-AH56 -> 0.11288152 | AJ56: =+Z56+AG56 -> 0.11288152 | AK56: =+AA56+AH56 -> 0 | AL56: =+AB56+AI56 -> 0.11288152 | AM56: =AL56/D56 -> #DIV/0! | AN56: ='[1]Recettes intérieures'!T59 -> 0 | AO56: ='[1]Recettes intérieures'!W59 -> 0 | AP56: ='[1]Recettes intérieures'!V59 -> 0 | AQ56: =AO56-AP56 -> 0 | AR56: =AJ56+AO56 -> 0.11288152 | AS56: =AK56+AP56 -> 0 | AT56: =AR56-AS56 -> 0.11288152 | AU56: ='[1]Recettes intérieures'!X59 -> 0 | AV56: ='[1]Recettes intérieures'!AA59 -> 0 | AW56: ='[1]Recettes intérieures'!Z59 -> 0 | AX56: =AV56-AW56 -> 0 | AZ56: =AF56+AN56+AU56 -> 0 | BA56: =AV56+AO56+AG56 -> 0.11288152 | BB56: =AW56+AP56+AH56 -> 0 | BC56: =BA56-BB56 -> 0.11288152 | BD56: =AY56+X56 -> 0 | BE56: =AZ56+Y56 -> 0 | BF56: =BA56+Z56 -> 0.11288152 | BG56: =BB56+AA56 -> 0 | BH56: =BC56+AB56 -> 0.11288152 | BI56: =BH56/D56 -> #DIV/0! | BJ56: =BF56/E56 -> #DIV/0! | BK56: =BH56/BD56 -> #DIV/0! | BL56: ='[1]Recettes intérieures'!AB59 -> 0 | BM56: ='[1]Recettes intérieures'!AE59 -> 0 | BN56: ='[1]Recettes intérieures'!AD59 -> 0 | BO56: =BM56-BN56 -> 0 | BP56: =BF56+BM56 -> 0.11288152 | BQ56: =BG56+BN56 -> 0 | BR56: =BP56-BQ56 -> 0.11288152 | BS56: =BP56/B56 -> #DIV/0! | BT56: ='[1]Recettes intérieures'!AF59 -> 0 | BU56: ='[1]Recettes intérieures'!AI59 -> 0 | BV56: ='[1]Recettes intérieures'!AH59 -> 0 | BW56: =BU56-BV56 -> 0 | BX56: =BP56+BU56 -> 0.11288152 | BY56: =BQ56+BV56 -> 0 | BZ56: =BX56-BY56 -> 0.11288152 | CA56: =BX56/B56 -> #DIV/0! | CB56: ='[1]Recettes intérieures'!AJ59 -> 0 | CC56: ='[1]Recettes intérieures'!AM59 -> 0 | CD56: ='[1]Recettes intérieures'!AL59 -> 0 | CE56: =CC56-CD56 -> 0 | CG56: =CB56+BT56+BL56 -> 0 | CH56: =BM56+BU56+CC56 -> 0 | CI56: =BN56+BV56+CD56 -> 0 | CJ56: =CH56-CI56 -> 0 | CL56: =CG56+BE56 -> 0 | CM56: =BX56+CC56 -> 0.11288152 | CN56: =BY56+CD56 -> 0 | CO56: =CM56-CN56 -> 0.11288152 | CP56: =CM56/B56 -> #DIV/0! | CQ56: =CM56/E56 -> #DIV/0! | CR56: =CO56/CK56 -> #DIV/0! | CS56: ='[1]Recettes intérieures'!AN59 -> 0 | CT56: ='[1]Recettes intérieures'!AQ59 -> 0 | CU56: ='[1]Recettes intérieures'!AP59 -> 0 | CV56: =CT56-CU56 -> 0 | CW56: =CM56+CT56 -> 0.11288152 | CX56: =CN56+CU56 -> 0 | CY56: =CW56-CX56 -> 0.11288152 | CZ56: ='[1]Recettes intérieures'!AR59 -> 0 | DA56: ='[1]Recettes intérieures'!AU59 -> 0 | DB56: ='[1]Recettes intérieures'!AT59 -> 0 | DC56: =DA56-DB56 -> 0 | DD56: =CW56+DA56 -> 0.11288152 | DE56: =CX56+DB56 -> 0 | DF56: =DD56-DE56 -> 0.11288152 | DG56: ='[1]Recettes intérieures'!AV59 -> 0 | DH56: ='[1]Recettes intérieures'!AY59 -> 0 | DI56: ='[1]Recettes intérieures'!AX59 -> 0 | DJ56: =DH56-DI56 -> 0 | DL56: =DG56+CZ56+CS56 -> 0 | DM56: =DH56+DA56+CT56 -> 0 | DN56: =DI56+DB56+CU56 -> 0 | DO56: =DM56-DN56 -> 0 | DP56: =DK56+CK56 -> 0 | DQ56: =DL56+CL56 -> 0 | DR56: =DD56+DH56 -> 0.11288152 | DS56: =DE56+DI56 -> 0 | DT56: =DR56-DS56 -> 0.11288152 | DU56: =DR56/B56 -> #DIV/0! | DV56: =DR56/E56 -> #DIV/0! | DW56: =DT56/H56 -> #DIV/0!
A57: Autres recettes domaniales | B57: ='[1]Recettes intérieures'!B60 -> 0.5202 | D57: =B57-C57 -> 0.5202 | E57: ='[1]Recettes intérieures'!C60 -> 0.5202 | G57: =E57-F57 -> 0.5202 | H57: ='[1]Recettes intérieures'!D60 -> 0 | I57: ='[1]Recettes intérieures'!D60 -> 0 | J57: ='[1]Recettes intérieures'!G60 -> 0 | K57: ='[1]Recettes intérieures'!F60 -> 0 | L57: =J57-K57 -> 0 | M57: ='[1]Recettes intérieures'!H60 -> 0 | N57: ='[1]Recettes intérieures'!K60 -> 0 | O57: ='[1]Recettes intérieures'!J60 -> 0 | P57: =N57-O57 -> 0 | Q57: =J57+N57 -> 0 | R57: =K57+O57 -> 0 | S57: =Q57-R57 -> 0 | T57: ='[1]Recettes intérieures'!L60 -> 0 | U57: ='[1]Recettes intérieures'!O60 -> 0 | V57: ='[1]Recettes intérieures'!N60 -> 0 | W57: =U57-V57 -> 0 | Y57: =I57+M57+T57 -> 0 | Z57: =Q57+U57 -> 0 | AA57: =R57+V57 -> 0 | AB57: =S57+W57 -> 0 | AC57: =AB57/D57 -> 0 | AD57: =Z57/Y57 -> #DIV/0! | AE57: =AB57/H57 -> #DIV/0! | AF57: ='[1]Recettes intérieures'!P60 -> 0 | AG57: ='[1]Recettes intérieures'!S60 -> 0 | AH57: ='[1]Recettes intérieures'!R60 -> 0 | AI57: =AG57-AH57 -> 0 | AJ57: =+Z57+AG57 -> 0 | AK57: =+AA57+AH57 -> 0 | AL57: =+AB57+AI57 -> 0 | AM57: =AL57/D57 -> 0 | AN57: ='[1]Recettes intérieures'!T60 -> 0 | AO57: ='[1]Recettes intérieures'!W60 -> 0 | AP57: ='[1]Recettes intérieures'!V60 -> 0 | AQ57: =AO57-AP57 -> 0 | AR57: =AJ57+AO57 -> 0 | AS57: =AK57+AP57 -> 0 | AT57: =AR57-AS57 -> 0 | AU57: ='[1]Recettes intérieures'!X60 -> 0 | AV57: ='[1]Recettes intérieures'!AA60 -> 0 | AW57: ='[1]Recettes intérieures'!Z60 -> 0 | AX57: =AV57-AW57 -> 0 | AZ57: =AF57+AN57+AU57 -> 0 | BA57: =AV57+AO57+AG57 -> 0 | BB57: =AW57+AP57+AH57 -> 0 | BC57: =BA57-BB57 -> 0 | BD57: =AY57+X57 -> 0 | BE57: =AZ57+Y57 -> 0 | BF57: =BA57+Z57 -> 0 | BG57: =BB57+AA57 -> 0 | BH57: =BC57+AB57 -> 0 | BI57: =BH57/D57 -> 0 | BJ57: =BF57/E57 -> 0 | BK57: =BH57/BD57 -> #DIV/0! | BL57: ='[1]Recettes intérieures'!AB60 -> 0 | BM57: ='[1]Recettes intérieures'!AE60 -> 0 | BN57: ='[1]Recettes intérieures'!AD60 -> 0 | BO57: =BM57-BN57 -> 0 | BP57: =BF57+BM57 -> 0 | BQ57: =BG57+BN57 -> 0 | BR57: =BP57-BQ57 -> 0 | BS57: =BP57/B57 -> 0 | BT57: ='[1]Recettes intérieures'!AF60 -> 0 | BU57: ='[1]Recettes intérieures'!AI60 -> 0 | BV57: ='[1]Recettes intérieures'!AH60 -> 0 | BW57: =BU57-BV57 -> 0 | BX57: =BP57+BU57 -> 0 | BY57: =BQ57+BV57 -> 0 | BZ57: =BX57-BY57 -> 0 | CA57: =BX57/B57 -> 0 | CB57: ='[1]Recettes intérieures'!AJ60 -> 0 | CC57: ='[1]Recettes intérieures'!AM60 -> 0 | CD57: ='[1]Recettes intérieures'!AL60 -> 0 | CE57: =CC57-CD57 -> 0 | CG57: =CB57+BT57+BL57 -> 0 | CH57: =BM57+BU57+CC57 -> 0 | CI57: =BN57+BV57+CD57 -> 0 | CJ57: =CH57-CI57 -> 0 | CL57: =CG57+BE57 -> 0 | CM57: =BX57+CC57 -> 0 | CN57: =BY57+CD57 -> 0 | CO57: =CM57-CN57 -> 0 | CP57: =CM57/B57 -> 0 | CQ57: =CM57/E57 -> 0 | CR57: =CO57/CK57 -> #DIV/0! | CS57: ='[1]Recettes intérieures'!AN60 -> 0 | CT57: ='[1]Recettes intérieures'!AQ60 -> 0 | CU57: ='[1]Recettes intérieures'!AP60 -> 0 | CV57: =CT57-CU57 -> 0 | CW57: =CM57+CT57 -> 0 | CX57: =CN57+CU57 -> 0 | CY57: =CW57-CX57 -> 0 | CZ57: ='[1]Recettes intérieures'!AR60 -> 0 | DA57: ='[1]Recettes intérieures'!AU60 -> 0 | DB57: ='[1]Recettes intérieures'!AT60 -> 0 | DC57: =DA57-DB57 -> 0 | DD57: =CW57+DA57 -> 0 | DE57: =CX57+DB57 -> 0 | DF57: =DD57-DE57 -> 0 | DG57: ='[1]Recettes intérieures'!AV60 -> 0 | DH57: ='[1]Recettes intérieures'!AY60 -> 0 | DI57: ='[1]Recettes intérieures'!AX60 -> 0 | DJ57: =DH57-DI57 -> 0 | DL57: =DG57+CZ57+CS57 -> 0 | DM57: =DH57+DA57+CT57 -> 0 | DN57: =DI57+DB57+CU57 -> 0 | DO57: =DM57-DN57 -> 0 | DP57: =DK57+CK57 -> 0 | DQ57: =DL57+CL57 -> 0 | DR57: =DD57+DH57 -> 0 | DS57: =DE57+DI57 -> 0 | DT57: =DR57-DS57 -> 0 | DU57: =DR57/B57 -> 0 | DV57: =DR57/E57 -> 0 | DW57: =DT57/H57 -> #DIV/0!
